Workbook
Name q: IF(APU!$B1048576="","",IF(LEN(APU!$C1)=9,SUMIF(APU!$B:$B,APU!$C1,APU!#REF!)/2,IF(APU!$C1="","",IF(ISERROR(SEARCH("-",APU!$C1,3)),VLOOKUP(APU!$C1,[1]Ins!$D:$J,7,0),""))))
Name RC_CANT_IT_APU: IFERROR(VLOOKUP(APU!$C1,'[1]10-Presupuesto'!$D:$LO,COLUMN(RC_CANT_TOTAL)-3,0),"")
Name RC_CANT_TOTAL: '[1]10-Presupuesto'!$CJ:$LO
Name RC_CD_DIR: '[1]10-Presupuesto'!$CL$127
Name RC_COL_AX_APU: IFERROR(VLOOKUP(APU!XDI1,[1]Ins!XDK:XDT,10,0)&" "&APU!XDJ1,VLOOKUP(APU!XDI1,'[1]10-Presupuesto'!XDK:XDX,2,0))
Name RC_COL_AY_APU: APU!XDJ1
Name RC_COL_AZ_APU: APU!XDJ1*(1+APU!XDK1)
Name RC_COL_BA_APU: APU!XDK1
Name RC_COL_BB_APU: APU!XDE1
Name RC_COL_L_APU: IFERROR(IF(APU!$C1="","",IF(VLOOKUP(APU!$C1,[1]Ins!$D:$M,10,0)="",LEFT(APU!$C1,1),VLOOKUP(APU!$C1,[1]Ins!$D:$M,10,0))),"")
Name RC_COL_N_APU: IFERROR(IF(ISERROR(SEARCH("-",APU!$C1)),APU!$F1*(1+APU!$G1)*VLOOKUP(APU!$B1,'[1]10-Presupuesto'!$D:$CJ,COLUMN(RC_CANT_TOTAL)-COLUMN(RC_ITEMS)+1,0),""),"")
Name RC_COL_P_APU: IF(LEN(APU!XEQ1)=2,APU!A1048576,IF(APU!C1=APU!C1048576,APU!A1048576,IF(APU!C1="",APU!A1048576,APU!A1048576+1)))
Name RC_COL_Q_APU: IF(APU!B1<>"",IF(APU!B1=APU!B1048576,APU!A1048576,APU!A1048576+1),APU!A1048576)
Name RC_COL_R_APU: APU!XEN1
Name RC_COL_S_APU: APU!XFD1&APU!XFC1
Name RC_COL_T_APU: IF(OR(IF(APU!XFB1=APU!XFB1048576,LEFT(APU!XEM1,1),"")="3",IF(APU!XFB1=APU!XFB1048576,LEFT(APU!XEM1,1),"")="7"),"1",IF(APU!XFB1=APU!XFB1048576,LEFT(APU!XEM1,1),""))
Name RC_CON_HTA_APU: SUMIFS(APU!#REF!,APU!$B:$B,APU!$B1,APU!#REF!,"2")
Name RC_CT_TOT: '[1]10-Presupuesto'!$CL$130
Name RC_DESC_APU: IF(LEN(APU!$C1)=2,VLOOKUP(APU!$C1,'[1]10-Presupuesto'!$D:$CL,2,0),IF(APU!$B1="",IF(APU!$C1="",IF(APU!$B1048576="","",RC_DIRECTO_APU),""),RC_DESCRIPCION_APU))
Name RC_DESCRIPCION_APU: IF(ISERROR(SEARCH("-",APU!$C1,3)),RC_INSUMO,RC_ITEM)
Name RC_DIRECTO_APU: "COSTO DIRECTO: "&TEXT(ROUNDUP(SUMIF(APU!$B:$B,APU!$B1048576,APU!#REF!)/2,0),"$#,##0")&" / "&VLOOKUP(APU!$B1048576,'[1]10-Presupuesto'!$D:$F,3,0)
Name RC_INSUMO: IF(APU!#REF!="",VLOOKUP(APU!$C1,[1]Ins!$D:$E,2,0),VLOOKUP(APU!$C1,[1]Ins!$D:$E,2,0)&" - "&APU!#REF!)
Name RC_ITEM: VLOOKUP(APU!$C1,'[1]10-Presupuesto'!$D:$CK,2,0)
Name RC_ITEMS: '[1]10-Presupuesto'!$D:$D
Name RC_IVA: [1]Parametros!$B$11
Name RC_MIN: [1]Parametros!$B$9
Name RC_PLAZO: '[1]10-Presupuesto'!$CM$2
Name RC_PROYECTO: [1]Parametros!$B$1
Name RC_TPTE_APU: SUMIFS(APU!D:D,APU!F:F,"ok",APU!XFA:XFA,APU!XFA1)
Name RC_UN_APU: IF(LEN(APU!$C1)=2,"",IF(APU!$C1="","",IF(ISERROR(SEARCH("-",APU!$C1,3)),VLOOKUP(APU!$C1,[1]Ins!$D:$F,3,0),VLOOKUP(APU!$C1,'[1]10-Presupuesto'!$D:$CZ,3,0))))
Name RC_VR_CON_IVA: (MATERIALES!$G1+MATERIALES!$H1)*(1+MATERIALES!$I1)
Name RC_VR_SIN_IVA: SUMIF([2]Aux!$A:$A,MATERIALES!#REF!,[2]Aux!$H:$H)/2
Name RC_VR_TOT_APU: IF(APU!$E1="","",IF(APU!$C1=APU!$B1,ROUND(SUMIF(APU!XEX2:XEX96,APU!$B1,APU!A2:A96),0),APU!$F1*APU!$H1*(1+APU!$G1)))
Name RC_VR_UN_APU: IF(APU!$B1048576="","",IF(LEN(APU!$C1)=9,SUMIF(APU!$B:$B,APU!$C1,APU!#REF!)/2,IF(APU!$C1="","",IF(ISERROR(SEARCH("-",APU!$C1,3)),VLOOKUP(APU!$C1,[1]Ins!$D:$J,7,0),""))))

Sheet PRESUPUESTO
A1: FORMULARIO DE PRESUPUESTO MEJORAMIENTO DE VIVIENDA EN ZONA URBANA - MUNICIPIO DE CAROLINA - ANTIOQUIA. | E1: PISOS-LOCATIVO | G1: PISOS-LOCATIVO | I1: PISOS-LOCATIVO | K1: PISOS-LOCATIVO | M1: PISOS-LOCATIVO | O1: PISOS-LOCATIVO | Q1: PISOS-LOCATIVO | S1: PISOS-LOCATIVO | U1: PISOS-LOCATIVO | W1: PISOS-LOCATIVO | Y1: PISOS-LOCATIVO | AA1: PISOS-LOCATIVO | AC1: PISOS-LOCATIVO | AE1: PISOS-LOCATIVO | AG1: PISOS-LOCATIVO | AI1: PISOS-LOCATIVO | AK1: PISOS-LOCATIVO | AM1: PISOS-LOCATIVO | AO1: PISOS-LOCATIVO | AQ1: MEJORAMIENTO COCINA | AS1: MEJORAMIENTO COCINA | AU1: MEJORAMIENTO COCINA | AW1: MEJORAMIENTO BAÑO | AY1: MEJORAMIENTO BAÑO | BA1: MEJORAMIENTO BAÑO | BC1: MEJORAMIENTO BAÑO | BE1: MEJORAMIENTO BAÑO | BG1: MEJORAMIENTO BAÑO | BI1: MEJORAMIENTO BAÑO | BK1: MEJORAMIENTO BAÑO | BM1: MEJORAMIENTO BAÑO | BO1: PISOS | BQ1: PISOS | BS1: PISOS | BU1: PISOS | BW1: PISOS | BY1: PISOS | CA1: PISOS | CC1: MEJORAMIENTO BAÑO | CE1: MEJORAMIENTO BAÑO | CG1: MEJORAMIENTO BAÑO | CI1: MÓDULO HABITACIÓN | CK1: MEJORAMIENTO BAÑO | CM1: MEJORAMIENTO BAÑO | CO1: PISOS
E2: LILIAN ADRIANA GIRALDO SOSA | G2: ELIANA MARIA MORENO | I2: JOSE IVAN MARTINEZ | K2: MARIA EUGENIA MARTINEZ | M2: MARIA GLADIS COLORADO | O2: MARTHA IRENE BARRIENTOS | Q2: NESTOR WILLIAM VEGA GUERRA | S2: NUBIA ELENA ZAPATA | U2: PATRICIA HERMINIA BARRIENTOS | W2: PIEDAD YAMILE AGUDELO | Y2: SONIA MARIA LOPEZ MESA | AA2: ELIZABETH RUIZ ARBOLEDA | AC2: FABIO NELSON ALVAREZ | AE2: JOSE LUIS MOLINA JARAMILLO | AG2: LILIANA YANETH SANCHEZ | AI2: LUZ ADIELA BEDOYA | AK2: MARGARITA MARIA POSADA | AM2: MARIA INEZ CALLE MONTOYA | AO2: CARMEN ALICIA CALLE | AQ2: HECTOR ALBEIRO ALVAREZ | AS2: MARIA ERNESTINA ZAPATA | AU2: JAIRO ALFONSO GIRALDO | AW2: JORGE MARIO PALACIO | AY2: YOLANDA ENITH MARTINEZ | BA2: MARIA DE JESUS RIVERA | BC2: ANA LUCIA MONSALVE DUQUE | BE2: SALIO | BG2: LILIA CASTAÑO DIAS | BI2: LUZ ADIELA MACIAS | BK2: SALIO | BM2: CARLOS ARTURO TOBON GALLEGO | BO2: CAMILO ANTONIO PEREZ | BQ2: JESUS YOANY PEREZ MACIAS | BS2: RUTH MARINA CALLE | BU2: DORA ISABEL SOSA RUIZ | BW2: LILIAN DE JESUS RUIZ | BY2: MONICA MARIA CASTAÑO | CA2: FROILAN ALEXIS GALLEGO | CC2: LUZ ANGELA MARTINEZ | CE2: NATALIA ANDREA RUA LOPEZ | CG2: JESUS ALBEIRO HENAO | CI2: JUAN MANUEL CALLE LOPERA | CK2: JESUS ARCADIO VALENCIA | CM2: MARIA ARACELY RODRIGUEZ | CO2: MARIA TRINIDAD SALAZAR
A4: ITEM | B4: DESCRIPCIÓN | C4: UNIDAD | D4: VR. UNITARIO | E4: CANTIDAD | F4: VR. PARCIAL | G4: CANTIDAD | H4: VR. PARCIAL | I4: CANTIDAD | J4: VR. PARCIAL | K4: CANTIDAD | L4: VR. PARCIAL | M4: CANTIDAD | N4: VR. PARCIAL | O4: CANTIDAD | P4: VR. PARCIAL | Q4: CANTIDAD | R4: VR. PARCIAL | S4: CANTIDAD | T4: VR. PARCIAL | U4: CANTIDAD | V4: VR. PARCIAL | W4: CANTIDAD | X4: VR. PARCIAL | Y4: CANTIDAD | Z4: VR. PARCIAL | AA4: CANTIDAD | AB4: VR. PARCIAL | AC4: CANTIDAD | AD4: VR. PARCIAL | AE4: CANTIDAD | AF4: VR. PARCIAL | AG4: CANTIDAD | AH4: VR. PARCIAL | AI4: CANTIDAD | AJ4: VR. PARCIAL | AK4: CANTIDAD | AL4: VR. PARCIAL | AM4: CANTIDAD | AN4: VR. PARCIAL | AO4: CANTIDAD | AP4: VR. PARCIAL | AQ4: CANTIDAD | AR4: VR. PARCIAL | AS4: CANTIDAD | AT4: VR. PARCIAL | AU4: CANTIDAD | AV4: VR. PARCIAL | AW4: CANTIDAD | AX4: VR. PARCIAL | AY4: CANTIDAD | AZ4: VR. PARCIAL | BA4: CANTIDAD | BB4: VR. PARCIAL | BC4: CANTIDAD | BD4: VR. PARCIAL | BE4: CANTIDAD | BF4: VR. PARCIAL | BG4: CANTIDAD | BH4: VR. PARCIAL | BI4: CANTIDAD | BJ4: VR. PARCIAL | BK4: CANTIDAD | BL4: VR. PARCIAL | BM4: CANTIDAD | BN4: VR. PARCIAL | BO4: CANTIDAD | BP4: VR. PARCIAL | BQ4: CANTIDAD | BR4: VR. PARCIAL | BS4: CANTIDAD | BT4: VR. PARCIAL | BU4: CANTIDAD | BV4: VR. PARCIAL | BW4: CANTIDAD | BX4: VR. PARCIAL | BY4: CANTIDAD | BZ4: VR. PARCIAL | CA4: CANTIDAD | CB4: VR. PARCIAL | CC4: CANTIDAD | CD4: VR. PARCIAL | CE4: CANTIDAD | CF4: VR. PARCIAL | CG4: CANTIDAD | CH4: VR. PARCIAL | CI4: CANTIDAD | CJ4: VR. PARCIAL | CK4: CANTIDAD | CL4: VR. PARCIAL | CM4: CANTIDAD | CN4: VR. PARCIAL | CO4: CANTIDAD | CP4: VR. PARCIAL | CQ4: CANTIDAD | CR4: VR. PARCIAL | CS4: CANTIDAD TOTAL | CT4: SUBTOTAL | CU4: VR. CAPÍTULO | CV4: APROXIMADO AL PESO
A5: =+APU!A4 -> 01 | B5: =+APU!B4 -> PRELIMINARES | CU5: =CT6+CT8 -> 8076774.7 | CV5: =ROUND(CU5,0) -> 8076775
A6: 01-01. | B6: LOCALIZACIÓN Y REPLANTEO | F6: =SUM(F7) -> 0 | H6: =SUM(H7) -> 0 | J6: =SUM(J7) -> 0 | L6: =SUM(L7) -> 0 | N6: =SUM(N7) -> 0 | P6: =SUM(P7) -> 0 | R6: =SUM(R7) -> 0 | T6: =SUM(T7) -> 0 | V6: =SUM(V7) -> 0 | X6: =SUM(X7) -> 0 | Z6: =SUM(Z7) -> 0 | AB6: =SUM(AB7) -> 0 | AD6: =SUM(AD7) -> 0 | AF6: =SUM(AF7) -> 0 | AH6: =SUM(AH7) -> 0 | AJ6: =SUM(AJ7) -> 0 | AL6: =SUM(AL7) -> 0 | AN6: =SUM(AN7) -> 0 | AP6: =SUM(AP7) -> 0 | AR6: =SUM(AR7) -> 0 | AT6: =SUM(AT7) -> 0 | AV6: =SUM(AV7) -> 0 | AX6: =SUM(AX7) -> 0 | AZ6: =SUM(AZ7) -> 0 | BB6: =SUM(BB7) -> 0 | BD6: =SUM(BD7) -> 0 | BF6: =SUM(BF7) -> 0 | BH6: =SUM(BH7) -> 0 | BJ6: =SUM(BJ7) -> 0 | BL6: =SUM(BL7) -> 0 | BN6: =SUM(BN7) -> 0 | BP6: =SUM(BP7) -> 0 | BR6: =SUM(BR7) -> 0 | BT6: =SUM(BT7) -> 0 | BV6: =SUM(BV7) -> 0 | BX6: =SUM(BX7) -> 0 | BZ6: =SUM(BZ7) -> 0 | CB6: =SUM(CB7) -> 0 | CD6: =SUM(CD7) -> 0 | CF6: =SUM(CF7) -> 0 | CH6: =SUM(CH7) -> 0 | CJ6: =SUM(CJ7) -> 0 | CL6: =SUM(CL7) -> 0 | CN6: =SUM(CN7) -> 0 | CP6: =SUM(CP7) -> 0 | CR6: =SUM(CR7) -> 0 | CT6: =SUM(CT7) -> 0
A7: =+APU!A5 -> 01-01-001 | B7: =+APU!B5 -> LOCALIZACION Y REPLANTEO METODO MANUAL. INCLUYE LARGUEROS, NYLON, TRANSPORTE INTERNO Y TODO LO NECESARIO PARA SU CORRECTA EJECUCION. | C7: =+APU!C5 -> M2 | D7: =+APU!G5 -> 7457.8311 | E7: ='CANTIDADES DE OBRA'!Q19 -> 0 | F7: =$D$7*E7 -> 0 | G7: ='CANTIDADES DE OBRA'!S19 -> 0 | H7: =$D$7*G7 -> 0 | I7: ='CANTIDADES DE OBRA'!AI19 -> 0 | J7: =$D$7*I7 -> 0 | K7: ='CANTIDADES DE OBRA'!AR19 -> 0 | L7: =$D$7*K7 -> 0 | M7: ='CANTIDADES DE OBRA'!BA19 -> 0 | N7: =$D$7*M7 -> 0 | O7: ='CANTIDADES DE OBRA'!BJ19 -> 0 | P7: =$D$7*O7 -> 0 | Q7: ='CANTIDADES DE OBRA'!BS19 -> 0 | R7: =$D$7*Q7 -> 0 | S7: ='CANTIDADES DE OBRA'!CB19 -> 0 | T7: =$D$7*S7 -> 0 | U7: ='CANTIDADES DE OBRA'!CK19 -> 0 | V7: =$D$7*U7 -> 0 | W7: ='CANTIDADES DE OBRA'!CT19 -> 0 | X7: =$D$7*W7 -> 0 | Y7: ='CANTIDADES DE OBRA'!DC19 -> 0 | Z7: =$D$7*Y7 -> 0 | AA7: ='CANTIDADES DE OBRA'!DL19 -> 0 | AB7: =$D$7*AA7 -> 0 | AC7: ='CANTIDADES DE OBRA'!DU19 -> 0 | AD7: =$D$7*AC7 -> 0 | AE7: ='CANTIDADES DE OBRA'!ED19 -> 0 | AF7: =$D$7*AE7 -> 0 | AG7: ='CANTIDADES DE OBRA'!EM19 -> 0 | AH7: =$D$7*AG7 -> 0 | AI7: ='CANTIDADES DE OBRA'!EV19 -> 0 | AJ7: =$D$7*AI7 -> 0 | AK7: ='CANTIDADES DE OBRA'!FE19 -> 0 | AL7: =$D$7*AK7 -> 0 | AM7: ='CANTIDADES DE OBRA'!FN19 -> 0 | AN7: =$D$7*AM7 -> 0 | AO7: ='CANTIDADES DE OBRA'!FW19 -> 0 | AP7: =$D$7*AO7 -> 0 | AQ7: ='CANTIDADES DE OBRA'!GF19 -> 0 | AR7: =$D$7*AQ7 -> 0 | AS7: ='CANTIDADES DE OBRA'!GO19 -> 0 | AT7: =$D$7*AS7 -> 0 | AU7: ='CANTIDADES DE OBRA'!GX19 -> 0 | AV7: =$D$7*AU7 -> 0 | AW7: ='CANTIDADES DE OBRA'!HG19 -> 0 | AX7: =$D$7*AW7 -> 0 | AY7: ='CANTIDADES DE OBRA'!HP19 -> 0 | AZ7: =$D$7*AY7 -> 0 | BA7: ='CANTIDADES DE OBRA'!HY19 -> 0 | BB7: =$D$7*BA7 -> 0 | BC7: ='CANTIDADES DE OBRA'!IH19 -> 0 | BD7: =$D$7*BC7 -> 0 | BE7: ='CANTIDADES DE OBRA'!IQ19 -> 0 | BF7: =$D$7*BE7 -> 0 | BG7: ='CANTIDADES DE OBRA'!IZ19 -> 0 | BH7: =$D$7*BG7 -> 0 | BI7: ='CANTIDADES DE OBRA'!JI19 -> 0 | BJ7: =$D$7*BI7 -> 0 | BK7: ='CANTIDADES DE OBRA'!JR19 -> 0 | BL7: =$D$7*BK7 -> 0 | BM7: ='CANTIDADES DE OBRA'!KA19 -> 0 | BN7: =$D$7*BM7 -> 0 | BO7: ='CANTIDADES DE OBRA'!KJ19 -> 0 | BP7: =$D$7*BO7 -> 0 | BQ7: ='CANTIDADES DE OBRA'!KS19 -> 0 | BR7: =$D$7*BQ7 -> 0 | BS7: ='CANTIDADES DE OBRA'!LB19 -> 0 | BT7: =$D$7*BS7 -> 0 | BU7: ='CANTIDADES DE OBRA'!LK19 -> 0 | BV7: =$D$7*BU7 -> 0 | BW7: ='CANTIDADES DE OBRA'!LT19 -> 0 | BX7: =$D$7*BW7 -> 0 | BY7: ='CANTIDADES DE OBRA'!MC19 -> 0 | BZ7: =$D$7*BY7 -> 0 | CA7: ='CANTIDADES DE OBRA'!ML19 -> 0 | CB7: =$D$7*CA7 -> 0 | CC7: ='CANTIDADES DE OBRA'!MU19 -> 0 | CD7: =$D$7*CC7 -> 0 | CE7: ='CANTIDADES DE OBRA'!ND19 -> 0 | CF7: =$D$7*CE7 -> 0 | CG7: ='CANTIDADES DE OBRA'!NM19 -> 0 | CH7: =$D$7*CG7 -> 0 | CI7: ='CANTIDADES DE OBRA'!NV19 -> 0 | CJ7: =$D$7*CI7 -> 0 | CK7: =+'CANTIDADES DE OBRA'!OE19 -> 0 | CL7: =$D$7*CK7 -> 0 | CM7: ='CANTIDADES DE OBRA'!ON19 -> 0 | CN7: =$D$7*CM7 -> 0 | CO7: ='CANTIDADES DE OBRA'!OW19 -> 0 | CP7: =$D$7*CO7 -> 0 | CQ7: ='CANTIDADES DE OBRA'!PF19 -> 0 | CR7: =$D$7*CQ7 -> 0 | CS7: =E7+G7+I7+K7+M7+O7+Q7+S7+U7+W7+Y7+AA7+AC7+AE7+AG7+AI7+AK7+AM7+AO7+AQ7+AS7+AU7+AW7+AY7+BA7+BC7+BE7+BG7+BI7+BK7+BM7+BO7+BQ7+BS7+BU7+BW7+BY7+CA7+CC7+CE7+CG7+CI7+CK7+CM7+CO7+CQ7 -> 0 | CT7: =CS7*D7 -> 0
A8: 01-02. | B8: DEMOLICIONES, DESMONTES Y ADECUACIONES | F8: =SUM(F9:F14) -> 0 | H8: =SUM(H9:H14) -> 413527.89 | J8: =SUM(J9:J14) -> 413527.89 | L8: =SUM(L9:L14) -> 444316.64 | N8: =SUM(N9:N14) -> 477502.11 | P8: =SUM(P9:P14) -> 347617.85 | R8: =SUM(R9:R14) -> 0 | T8: =SUM(T9:T14) -> 522763.41 | V8: =SUM(V9:V14) -> 449847.55 | X8: =SUM(X9:X14) -> 338630.12 | Z8: =SUM(Z9:Z14) -> 0 | AB8: =SUM(AB9:AB14) -> 434914.09 | AD8: =SUM(AD9:AD14) -> 0 | AF8: =SUM(AF9:AF14) -> 396474.24 | AH8: =SUM(AH9:AH14) -> 387163.88 | AJ8: =SUM(AJ9:AJ14) -> 0 | AL8: =SUM(AL9:AL14) -> 465518.47 | AN8: =SUM(AN9:AN14) -> 78538.958 | AP8: =SUM(AP9:AP14) -> 150993.91 | AR8: =SUM(AR9:AR14) -> 114391.84 | AT8: =SUM(AT9:AT14) -> 148495.22 | AV8: =SUM(AV9:AV14) -> 118997.02 | AX8: =SUM(AX9:AX14) -> 162511.28 | AZ8: =SUM(AZ9:AZ14) -> 275769.72 | BB8: =SUM(BB9:BB14) -> 193069.57 | BD8: =SUM(BD9:BD14) -> 173277.05 | BF8: =SUM(BF9:BF14) -> 0 | BH8: =SUM(BH9:BH14) -> 205666.25 | BJ8: =SUM(BJ9:BJ14) -> 172329.21 | BL8: =SUM(BL9:BL14) -> 0 | BN8: =SUM(BN9:BN14) -> 75969.18 | BP8: =SUM(BP9:BP14) -> 0 | BR8: =SUM(BR9:BR14) -> 0 | BT8: =SUM(BT9:BT14) -> 0 | BV8: =SUM(BV9:BV14) -> 0 | BX8: =SUM(BX9:BX14) -> 425419.35 | BZ8: =SUM(BZ9:BZ14) -> 53096.76 | CB8: =SUM(CB9:CB14) -> 27654.563 | CD8: =SUM(CD9:CD14) -> 119291.27 | CF8: =SUM(CF9:CF14) -> 105456.07 | CH8: =SUM(CH9:CH14) -> 113174.46 | CJ8: =SUM(CJ9:CJ14) -> 102634.15 | CL8: =SUM(CL9:CL14) -> 99755.498 | CN8: =SUM(CN9:CN14) -> 68479.261 | CP8: =SUM(CP9:CP14) -> 0 | CR8: =SUM(CR9:CR14) -> 0 | CT8: =SUM(CT9:CT14) -> 8076774.7
A9: =+APU!A13 -> 01-02-001 | B9: =+APU!B13 -> DEMOLICION DE MURO EN LADRILLO O TAPIA DE E=10 CM A 50 CM; INCLUYE BOTADA | C9: =+APU!C13 -> M2 | D9: =+APU!G13 -> 14399.343 | E9: ='CANTIDADES DE OBRA'!Q34 -> 0 | F9: =$D$9*E9 -> 0 | G9: ='CANTIDADES DE OBRA'!S34 -> 0 | H9: =$D$9*G9 -> 0 | J9: =$D$9*I9 -> 0 | L9: =$D$9*K9 -> 0 | N9: =$D$9*M9 -> 0 | P9: =$D$9*O9 -> 0 | R9: =$D$9*Q9 -> 0 | T9: =$D$9*S9 -> 0 | V9: =$D$9*U9 -> 0 | X9: =$D$9*W9 -> 0 | Z9: =$D$9*Y9 -> 0 | AB9: =$D$9*AA9 -> 0 | AD9: =$D$9*AC9 -> 0 | AF9: =$D$9*AE9 -> 0 | AH9: =$D$9*AG9 -> 0 | AJ9: =$D$9*AI9 -> 0 | AL9: =$D$9*AK9 -> 0 | AN9: =$D$9*AM9 -> 0 | AP9: =$D$9*AO9 -> 0 | AQ9: =+'CANTIDADES DE OBRA'!GF34 -> 1.44 | AR9: =$D$9*AQ9 -> 20735.054 | AS9: ='CANTIDADES DE OBRA'!GO34 -> 2.4 | AT9: =$D$9*AS9 -> 34558.424 | AU9: ='CANTIDADES DE OBRA'!GX34 -> 2.4 | AV9: =$D$9*AU9 -> 34558.424 | AX9: =$D$9*AW9 -> 0 | AZ9: =$D$9*AY9 -> 0 | BB9: =$D$9*BA9 -> 0 | BD9: =$D$9*BC9 -> 0 | BF9: =$D$9*BE9 -> 0 | BH9: =$D$9*BG9 -> 0 | BJ9: =$D$9*BI9 -> 0 | BL9: =$D$9*BK9 -> 0 | BN9: =$D$9*BM9 -> 0 | BP9: =$D$9*BO9 -> 0 | BR9: =$D$9*BQ9 -> 0 | BT9: =$D$9*BS9 -> 0 | BV9: =$D$9*BU9 -> 0 | BX9: =$D$9*BW9 -> 0 | BZ9: =$D$9*BY9 -> 0 | CB9: =$D$9*CA9 -> 0 | CD9: =$D$9*CC9 -> 0 | CF9: =$D$9*CE9 -> 0 | CH9: =$D$9*CG9 -> 0 | CI9: =+'CANTIDADES DE OBRA'!NV34 -> 2.544 | CJ9: =$D$9*CI9 -> 36631.929 | CL9: =$D$9*CK9 -> 0 | CN9: =$D$9*CM9 -> 0 | CP9: =$D$9*CO9 -> 0 | CR9: =$D$9*CQ9 -> 0 | CS9: =E9+G9+I9+K9+M9+O9+Q9+S9+U9+W9+Y9+AA9+AC9+AE9+AG9+AI9+AK9+AM9+AO9+AQ9+AS9+AU9+AW9+AY9+BA9+BC9+BE9+BG9+BI9+BK9+BM9+BO9+BQ9+BS9+BU9+BW9+BY9+CA9+CC9+CE9+CG9+CI9+CK9+CM9+CO9+CQ9 -> 8.784 | CT9: =CS9*D9 -> 126483.83
A10: =+APU!A18 -> 01-02-002 | B10: =+APU!B18 -> DEMOLICION DE PISO MORTERO; INCLUYE BOTADA. | C10: =+APU!C18 -> M2 | D10: =+APU!G18 -> 9218.1875 | E10: ='CANTIDADES DE OBRA'!Q49 -> 0 | F10: =$D$10*E10 -> 0 | G10: ='CANTIDADES DE OBRA'!Z49 -> 44.86 | H10: =$D$10*G10 -> 413527.89 | I10: ='CANTIDADES DE OBRA'!AI49 -> 44.86 | J10: =$D$10*I10 -> 413527.89 | K10: ='CANTIDADES DE OBRA'!AR49 -> 48.2 | L10: =$D$10*K10 -> 444316.64 | M10: ='CANTIDADES DE OBRA'!BA49 -> 51.8 | N10: =$D$10*M10 -> 477502.11 | O10: ='CANTIDADES DE OBRA'!BJ49 -> 37.71 | P10: =$D$10*O10 -> 347617.85 | R10: =$D$10*Q10 -> 0 | S10: ='CANTIDADES DE OBRA'!CB49 -> 56.71 | T10: =$D$10*S10 -> 522763.41 | U10: ='CANTIDADES DE OBRA'!CK49 -> 48.8 | V10: =$D$10*U10 -> 449847.55 | W10: ='CANTIDADES DE OBRA'!CT49 -> 36.735 | X10: =$D$10*W10 -> 338630.12 | Z10: =$D$10*Y10 -> 0 | AA10: ='CANTIDADES DE OBRA'!DL49 -> 47.18 | AB10: =$D$10*AA10 -> 434914.09 | AD10: =$D$10*AC10 -> 0 | AE10: ='CANTIDADES DE OBRA'!ED49 -> 43.01 | AF10: =$D$10*AE10 -> 396474.24 | AG10: ='CANTIDADES DE OBRA'!EM49 -> 42 | AH10: =$D$10*AG10 -> 387163.88 | AJ10: =$D$10*AI10 -> 0 | AK10: ='CANTIDADES DE OBRA'!FE49 -> 50.5 | AL10: =$D$10*AK10 -> 465518.47 | AM10: ='CANTIDADES DE OBRA'!FN49 -> 8.52 | AN10: =$D$10*AM10 -> 78538.958 | AO10: ='CANTIDADES DE OBRA'!FW49 -> 12.42 | AP10: =$D$10*AO10 -> 114489.89 | AQ10: ='CANTIDADES DE OBRA'!GF49 -> 10.16 | AR10: =$D$10*AQ10 -> 93656.785 | AS10: ='CANTIDADES DE OBRA'!GO49 -> 2.7 | AT10: =$D$10*AS10 -> 24889.106 | AU10: ='CANTIDADES DE OBRA'!GX49 -> 2.16 | AV10: =$D$10*AU10 -> 19911.285 | AW10: ='CANTIDADES DE OBRA'!HG49 -> 7.665 | AX10: =$D$10*AW10 -> 70657.407 | AY10: ='CANTIDADES DE OBRA'!HP49 -> 3.96 | AZ10: =$D$10*AY10 -> 36504.023 | BA10: =+'CANTIDADES DE OBRA'!HY49 -> 7.74 | BB10: =$D$10*BA10 -> 71348.771 | BC10: ='CANTIDADES DE OBRA'!IH49 -> 5.94 | BD10: =$D$10*BC10 -> 54756.034 | BE10: =+'CANTIDADES DE OBRA'!IQ49 -> 0 | BF10: =$D$10*BE10 -> 0 | BG10: =+'CANTIDADES DE OBRA'!IZ49 -> 2.73 | BH10: =$D$10*BG10 -> 25165.652 | BI10: =+'CANTIDADES DE OBRA'!JI49 -> 6.48 | BJ10: =$D$10*BI10 -> 59733.855 | BL10: =$D$10*BK10 -> 0 | BN10: =$D$10*BM10 -> 0 | BP10: =$D$10*BO10 -> 0 | BR10: =$D$10*BQ10 -> 0 | BT10: =$D$10*BS10 -> 0 | BV10: =$D$10*BU10 -> 0 | BW10: =+'CANTIDADES DE OBRA'!LT49 -> 46.15 | BX10: =$D$10*BW10 -> 425419.35 | BY10: =+'CANTIDADES DE OBRA'!MC49 -> 5.76 | BZ10: =$D$10*BY10 -> 53096.76 | CB10: =$D$10*CA10 -> 0 | CC10: =+'CANTIDADES DE OBRA'!MU49 -> 2.64 | CD10: =$D$10*CC10 -> 24336.015 | CE10: =+'CANTIDADES DE OBRA'!ND49 -> 7 | CF10: =$D$10*CE10 -> 64527.313 | CG10: =+'CANTIDADES DE OBRA'!NM49 -> 3.92 | CH10: =$D$10*CG10 -> 36135.295 | CI10: =+'CANTIDADES DE OBRA'!NV49 -> 2.86 | CJ10: =$D$10*CI10 -> 26364.016 | CL10: =$D$10*CK10 -> 0 | CN10: =$D$10*CM10 -> 0 | CP10: =$D$10*CO10 -> 0 | CR10: =$D$10*CQ10 -> 0 | CS10: =E10+G10+I10+K10+M10+O10+Q10+S10+U10+W10+Y10+AA10+AC10+AE10+AG10+AI10+AK10+AM10+AO10+AQ10+AS10+AU10+AW10+AY10+BA10+BC10+BE10+BG10+BI10+BK10+BM10+BO10+BQ10+BS10+BU10+BW10+BY10+CA10+CC10+CE10+CG10+CI10+CK10+CM10+CO10+CQ10 -> 691.17 | CT10: =CS10*D10 -> 6371334.7
A11: =+APU!A23 -> 01-02-003 | B11: =+APU!B23 -> DEMOLICION DE ENCHAPES; INCLUYE BOTADA. | C11: =+APU!C23 -> M2 | D11: =+APU!G23 -> 9218.1875 | E11: ='CANTIDADES DE OBRA'!Q64 -> 0 | F11: =$D$11*E11 -> 0 | G11: ='CANTIDADES DE OBRA'!S64 -> 0 | H11: =$D$11*G11 -> 0 | J11: =$D$11*I11 -> 0 | L11: =$D$11*K11 -> 0 | N11: =$D$11*M11 -> 0 | P11: =$D$11*O11 -> 0 | R11: =$D$11*Q11 -> 0 | T11: =$D$11*S11 -> 0 | V11: =$D$11*U11 -> 0 | X11: =$D$11*W11 -> 0 | Z11: =$D$11*Y11 -> 0 | AB11: =$D$11*AA11 -> 0 | AD11: =$D$11*AC11 -> 0 | AF11: =$D$11*AE11 -> 0 | AH11: =$D$11*AG11 -> 0 | AJ11: =$D$11*AI11 -> 0 | AL11: =$D$11*AK11 -> 0 | AN11: =$D$11*AM11 -> 0 | AO11: ='CANTIDADES DE OBRA'!FW64 -> 3.96 | AP11: =$D$11*AO11 -> 36504.023 | AR11: =$D$11*AQ11 -> 0 | AS11: ='CANTIDADES DE OBRA'!GO64 -> 9.66 | AT11: =$D$11*AS11 -> 89047.691 | AU11: ='CANTIDADES DE OBRA'!GX64 -> 4 | AV11: =$D$11*AU11 -> 36872.75 | AX11: =$D$11*AW11 -> 0 | AY11: =+'CANTIDADES DE OBRA'!HP64 -> 16.92 | AZ11: =$D$11*AY11 -> 155971.73 | BA11: =+'CANTIDADES DE OBRA'!HY64 -> 3.24 | BB11: =$D$11*BA11 -> 29866.928 | BC11: =+'CANTIDADES DE OBRA'!IH64 -> 2.5 | BD11: =$D$11*BC11 -> 23045.469 | BE11: =+'CANTIDADES DE OBRA'!IQ64 -> 0 | BF11: =$D$11*BE11 -> 0 | BG11: =+'CANTIDADES DE OBRA'!IZ64 -> 4.67 | BH11: =$D$11*BG11 -> 43048.936 | BJ11: =$D$11*BI11 -> 0 | BL11: =$D$11*BK11 -> 0 | BN11: =$D$11*BM11 -> 0 | BP11: =$D$11*BO11 -> 0 | BR11: =$D$11*BQ11 -> 0 | BT11: =$D$11*BS11 -> 0 | BV11: =$D$11*BU11 -> 0 | BX11: =$D$11*BW11 -> 0 | BZ11: =$D$11*BY11 -> 0 | CB11: =$D$11*CA11 -> 0 | CC11: =+'CANTIDADES DE OBRA'!MU64 -> 2.64 | CD11: =$D$11*CC11 -> 24336.015 | CE11: =+'CANTIDADES DE OBRA'!ND64 -> 1.44 | CF11: =$D$11*CE11 -> 13274.19 | CH11: =$D$11*CG11 -> 0 | CI11: =+'CANTIDADES DE OBRA'!NV64 -> 1.3 | CJ11: =$D$11*CI11 -> 11983.644 | CL11: =$D$11*CK11 -> 0 | CN11: =$D$11*CM11 -> 0 | CP11: =$D$11*CO11 -> 0 | CR11: =$D$11*CQ11 -> 0 | CS11: =E11+G11+I11+K11+M11+O11+Q11+S11+U11+W11+Y11+AA11+AC11+AE11+AG11+AI11+AK11+AM11+AO11+AQ11+AS11+AU11+AW11+AY11+BA11+BC11+BE11+BG11+BI11+BK11+BM11+BO11+BQ11+BS11+BU11+BW11+BY11+CA11+CC11+CE11+CG11+CI11+CK11+CM11+CO11+CQ11 -> 50.33 | CT11: =CS11*D11 -> 463951.38
A12: =+APU!A28 -> 01-02-004 | B12: =+APU!B28 -> RETIRO DE APARATOS SANITARIOS; DESMONTE DE CABINAS, PUERTAS, VENTANAS Y LVD PREFABRICADO O SIMILAR; INCLUYE BOTADA. | C12: =+APU!C28 -> U | D12: =+APU!G28 -> 9218.1875 | E12: ='CANTIDADES DE OBRA'!Q79 -> 0 | F12: =$D$12*E12 -> 0 | G12: ='CANTIDADES DE OBRA'!S79 -> 0 | H12: =$D$12*G12 -> 0 | J12: =$D$12*I12 -> 0 | L12: =$D$12*K12 -> 0 | N12: =$D$12*M12 -> 0 | P12: =$D$12*O12 -> 0 | R12: =$D$12*Q12 -> 0 | T12: =$D$12*S12 -> 0 | V12: =$D$12*U12 -> 0 | X12: =$D$12*W12 -> 0 | Z12: =$D$12*Y12 -> 0 | AB12: =$D$12*AA12 -> 0 | AD12: =$D$12*AC12 -> 0 | AF12: =$D$12*AE12 -> 0 | AH12: =$D$12*AG12 -> 0 | AJ12: =$D$12*AI12 -> 0 | AL12: =$D$12*AK12 -> 0 | AN12: =$D$12*AM12 -> 0 | AP12: =$D$12*AO12 -> 0 | AR12: =$D$12*AQ12 -> 0 | AT12: =$D$12*AS12 -> 0 | AU12: ='CANTIDADES DE OBRA'!GX79 -> 3 | AV12: =$D$12*AU12 -> 27654.563 | AW12: ='CANTIDADES DE OBRA'!HG79 -> 3 | AX12: =$D$12*AW12 -> 27654.563 | AY12: =+'CANTIDADES DE OBRA'!HP79 -> 3 | AZ12: =$D$12*AY12 -> 27654.563 | BA12: =+'CANTIDADES DE OBRA'!HY79 -> 3 | BB12: =$D$12*BA12 -> 27654.563 | BC12: =+'CANTIDADES DE OBRA'!IH79 -> 2 | BD12: =$D$12*BC12 -> 18436.375 | BE12: =+'CANTIDADES DE OBRA'!IQ79 -> 0 | BF12: =$D$12*BE12 -> 0 | BG12: =+'CANTIDADES DE OBRA'!IZ79 -> 4 | BH12: =$D$12*BG12 -> 36872.75 | BI12: =+'CANTIDADES DE OBRA'!JI79 -> 2 | BJ12: =$D$12*BI12 -> 18436.375 | BK12: =+'CANTIDADES DE OBRA'!JR79 -> 0 | BL12: =$D$12*BK12 -> 0 | BN12: =$D$12*BM12 -> 0 | BP12: =$D$12*BO12 -> 0 | BR12: =$D$12*BQ12 -> 0 | BT12: =$D$12*BS12 -> 0 | BV12: =$D$12*BU12 -> 0 | BX12: =$D$12*BW12 -> 0 | BZ12: =$D$12*BY12 -> 0 | CA12: =+'CANTIDADES DE OBRA'!ML79 -> 3 | CB12: =$D$12*CA12 -> 27654.563 | CD12: =$D$12*CC12 -> 0 | CE12: =+'CANTIDADES DE OBRA'!ND79 -> 3 | CF12: =$D$12*CE12 -> 27654.563 | CH12: =$D$12*CG12 -> 0 | CI12: =+'CANTIDADES DE OBRA'!NV79 -> 3 | CJ12: =$D$12*CI12 -> 27654.563 | CK12: =+'CANTIDADES DE OBRA'!OE79 -> 2 | CL12: =$D$12*CK12 -> 18436.375 | CN12: =$D$12*CM12 -> 0 | CP12: =$D$12*CO12 -> 0 | CR12: =$D$12*CQ12 -> 0 | CS12: =E12+G12+I12+K12+M12+O12+Q12+S12+U12+W12+Y12+AA12+AC12+AE12+AG12+AI12+AK12+AM12+AO12+AQ12+AS12+AU12+AW12+AY12+BA12+BC12+BE12+BG12+BI12+BK12+BM12+BO12+BQ12+BS12+BU12+BW12+BY12+CA12+CC12+CE12+CG12+CI12+CK12+CM12+CO12+CQ12 -> 31 | CT12: =CS12*D12 -> 285763.81
A13: =+APU!A33 -> 01-02-005 | B13: =+APU!B33 -> DESMONTE DE CUBIERTA EN FIBROCEMENTO, ZINC O SIMILAR | C13: =+APU!C33 -> M2 | D13: =+APU!G33 -> 11420.542 | E13: ='CANTIDADES DE OBRA'!Q94 -> 0 | F13: =$D$13*E13 -> 0 | G13: ='CANTIDADES DE OBRA'!S94 -> 0 | H13: =$D$13*G13 -> 0 | J13: =$D$13*I13 -> 0 | L13: =$D$13*K13 -> 0 | N13: =$D$13*M13 -> 0 | P13: =$D$13*O13 -> 0 | R13: =$D$13*Q13 -> 0 | T13: =$D$13*S13 -> 0 | V13: =$D$13*U13 -> 0 | X13: =$D$13*W13 -> 0 | Z13: =$D$13*Y13 -> 0 | AB13: =$D$13*AA13 -> 0 | AD13: =$D$13*AC13 -> 0 | AF13: =$D$13*AE13 -> 0 | AH13: =$D$13*AG13 -> 0 | AJ13: =$D$13*AI13 -> 0 | AL13: =$D$13*AK13 -> 0 | AN13: =$D$13*AM13 -> 0 | AP13: =$D$13*AO13 -> 0 | AR13: =$D$13*AQ13 -> 0 | AT13: =$D$13*AS13 -> 0 | AV13: =$D$13*AU13 -> 0 | AX13: =$D$13*AW13 -> 0 | AZ13: =$D$13*AY13 -> 0 | BB13: =$D$13*BA13 -> 0 | BD13: =$D$13*BC13 -> 0 | BF13: =$D$13*BE13 -> 0 | BH13: =$D$13*BG13 -> 0 | BJ13: =$D$13*BI13 -> 0 | BL13: =$D$13*BK13 -> 0 | BN13: =$D$13*BM13 -> 0 | BP13: =$D$13*BO13 -> 0 | BR13: =$D$13*BQ13 -> 0 | BT13: =$D$13*BS13 -> 0 | BV13: =$D$13*BU13 -> 0 | BX13: =$D$13*BW13 -> 0 | BZ13: =$D$13*BY13 -> 0 | CB13: =$D$13*CA13 -> 0 | CD13: =$D$13*CC13 -> 0 | CF13: =$D$13*CE13 -> 0 | CH13: =$D$13*CG13 -> 0 | CJ13: =$D$13*CI13 -> 0 | CL13: =$D$13*CK13 -> 0 | CN13: =$D$13*CM13 -> 0 | CP13: =$D$13*CO13 -> 0 | CR13: =$D$13*CQ13 -> 0 | CS13: =E13+G13+I13+K13+M13+O13+Q13+S13+U13+W13+Y13+AA13+AC13+AE13+AG13+AI13+AK13+AM13+AO13+AQ13+AS13+AU13+AW13+AY13+BA13+BC13+BE13+BG13+BI13+BK13+BM13+BO13+BQ13+BS13+BU13+BW13+BY13+CA13+CC13+CE13+CG13+CI13+CK13+CM13+CO13+CQ13 -> 0 | CT13: =CS13*D13 -> 0
A14: =+APU!A40 -> 01-02-006 | B14: =+APU!B40 -> ADECUACION DE SUPERFICIE PARA REVOQUE. | C14: =+APU!C40 -> M2 | D14: =+APU!G40 -> 5944.3803 | E14: ='CANTIDADES DE OBRA'!Q109 -> 0 | F14: =$D$14*E14 -> 0 | G14: ='CANTIDADES DE OBRA'!S109 -> 0 | H14: =$D$14*G14 -> 0 | J14: =$D$14*I14 -> 0 | L14: =$D$14*K14 -> 0 | N14: =$D$14*M14 -> 0 | P14: =$D$14*O14 -> 0 | R14: =$D$14*Q14 -> 0 | T14: =$D$14*S14 -> 0 | V14: =$D$14*U14 -> 0 | X14: =$D$14*W14 -> 0 | Z14: =$D$14*Y14 -> 0 | AB14: =$D$14*AA14 -> 0 | AD14: =$D$14*AC14 -> 0 | AF14: =$D$14*AE14 -> 0 | AH14: =$D$14*AG14 -> 0 | AJ14: =$D$14*AI14 -> 0 | AL14: =$D$14*AK14 -> 0 | AN14: =$D$14*AM14 -> 0 | AP14: =$D$14*AO14 -> 0 | AR14: =$D$14*AQ14 -> 0 | AT14: =$D$14*AS14 -> 0 | AV14: =$D$14*AU14 -> 0 | AW14: ='CANTIDADES DE OBRA'!HG109 -> 10.8 | AX14: =$D$14*AW14 -> 64199.307 | AY14: =+'CANTIDADES DE OBRA'!HP109 -> 9.36 | AZ14: =$D$14*AY14 -> 55639.4 | BA14: =+'CANTIDADES DE OBRA'!HY109 -> 10.8 | BB14: =$D$14*BA14 -> 64199.307 | BC14: =+'CANTIDADES DE OBRA'!IH109 -> 12.96 | BD14: =$D$14*BC14 -> 77039.169 | BE14: =+'CANTIDADES DE OBRA'!IQ109 -> 0 | BF14: =$D$14*BE14 -> 0 | BG14: =+'CANTIDADES DE OBRA'!IZ109 -> 16.92 | BH14: =$D$14*BG14 -> 100578.91 | BI14: =+'CANTIDADES DE OBRA'!JI109 -> 15.84 | BJ14: =$D$14*BI14 -> 94158.984 | BL14: =$D$14*BK14 -> 0 | BM14: =+'CANTIDADES DE OBRA'!KA109 -> 12.78 | BN14: =$D$14*BM14 -> 75969.18 | BP14: =$D$14*BO14 -> 0 | BR14: =$D$14*BQ14 -> 0 | BT14: =$D$14*BS14 -> 0 | BV14: =$D$14*BU14 -> 0 | BX14: =$D$14*BW14 -> 0 | BZ14: =$D$14*BY14 -> 0 | CB14: =$D$14*CA14 -> 0 | CC14: =+'CANTIDADES DE OBRA'!MU109 -> 11.88 | CD14: =$D$14*CC14 -> 70619.238 | CF14: =$D$14*CE14 -> 0 | CG14: =+'CANTIDADES DE OBRA'!NM109 -> 12.96 | CH14: =$D$14*CG14 -> 77039.169 | CJ14: =$D$14*CI14 -> 0 | CK14: =+'CANTIDADES DE OBRA'!OE109 -> 13.68 | CL14: =$D$14*CK14 -> 81319.123 | CM14: =+'CANTIDADES DE OBRA'!ON109 -> 11.52 | CN14: =$D$14*CM14 -> 68479.261 | CP14: =$D$14*CO14 -> 0 | CR14: =$D$14*CQ14 -> 0 | CS14: =E14+G14+I14+K14+M14+O14+Q14+S14+U14+W14+Y14+AA14+AC14+AE14+AG14+AI14+AK14+AM14+AO14+AQ14+AS14+AU14+AW14+AY14+BA14+BC14+BE14+BG14+BI14+BK14+BM14+BO14+BQ14+BS14+BU14+BW14+BY14+CA14+CC14+CE14+CG14+CI14+CK14+CM14+CO14+CQ14 -> 139.5 | CT14: =CS14*D14 -> 829241.05
A15: =+APU!A45 -> 02 | B15: =+APU!B45 -> MOVIMIENTOS DE TIERRA | CU15: =CT16+CT18+CT20 -> 86519.299 | CV15: =ROUND(CU15,0) -> 86519
A16: 02-01. | B16: EXCAVACIONES | F16: =SUM(F17) -> 0 | H16: =SUM(H17) -> 0 | J16: =SUM(J17) -> 0 | L16: =SUM(L17) -> 0 | N16: =SUM(N17) -> 0 | P16: =SUM(P17) -> 0 | R16: =SUM(R17) -> 0 | T16: =SUM(T17) -> 0 | V16: =SUM(V17) -> 0 | X16: =SUM(X17) -> 0 | Z16: =SUM(Z17) -> 0 | AB16: =SUM(AB17) -> 0 | AD16: =SUM(AD17) -> 0 | AF16: =SUM(AF17) -> 0 | AH16: =SUM(AH17) -> 0 | AJ16: =SUM(AJ17) -> 0 | AL16: =SUM(AL17) -> 0 | AN16: =SUM(AN17) -> 0 | AP16: =SUM(AP17) -> 0 | AR16: =SUM(AR17) -> 0 | AT16: =SUM(AT17) -> 19315.937 | AV16: =SUM(AV17) -> 19315.937 | AX16: =SUM(AX17) -> 0 | AZ16: =SUM(AZ17) -> 0 | BB16: =SUM(BB17) -> 0 | BD16: =SUM(BD17) -> 0 | BF16: =SUM(BF17) -> 0 | BH16: =SUM(BH17) -> 0 | BJ16: =SUM(BJ17) -> 0 | BL16: =SUM(BL17) -> 0 | BN16: =SUM(BN17) -> 0 | BP16: =SUM(BP17) -> 0 | BR16: =SUM(BR17) -> 0 | BT16: =SUM(BT17) -> 0 | BV16: =SUM(BV17) -> 0 | BX16: =SUM(BX17) -> 0 | BZ16: =SUM(BZ17) -> 0 | CB16: =SUM(CB17) -> 0 | CD16: =SUM(CD17) -> 0 | CF16: =SUM(CF17) -> 0 | CH16: =SUM(CH17) -> 0 | CJ16: =SUM(CJ17) -> 0 | CL16: =SUM(CL17) -> 0 | CN16: =SUM(CN17) -> 0 | CP16: =SUM(CP17) -> 0 | CR16: =SUM(CR17) -> 0 | CT16: =SUM(CT17) -> 38631.873
A17: =+APU!A46 -> 02-01-001 | B17: =+APU!B46 -> EXCAVACION MANUAL DE MATERIAL HETEROGENEO DE 0-2 M, BAJO CUALQUIER GRADO DE HUMEDAD. INCLUYE DESCAPOTE, MATERIAL COMUN, ROCA DESCOMPUESTA, BOLAS DE ROCA DE VOLUMEN INFERIOR A 0.35 M3; INCLUYE CARGUE Y TRANSPORTE INTERNO Y SU MEDIDA SERA EN EL SITIO; NO INCLUYE BOTADERO; NO INCLUYE ENTIBADO. | C17: =+APU!C46 -> M3 | D17: =+APU!G46 -> 14633.285 | E17: ='CANTIDADES DE OBRA'!Q124 -> 0 | F17: =$D$17*E17 -> 0 | G17: ='CANTIDADES DE OBRA'!Z124 -> 0 | H17: =$D$17*G17 -> 0 | I17: ='CANTIDADES DE OBRA'!AI124 -> 0 | J17: =$D$17*I17 -> 0 | K17: ='CANTIDADES DE OBRA'!AR124 -> 0 | L17: =$D$17*K17 -> 0 | M17: ='CANTIDADES DE OBRA'!BA124 -> 0 | N17: =$D$17*M17 -> 0 | O17: ='CANTIDADES DE OBRA'!BJ124 -> 0 | P17: =$D$17*O17 -> 0 | Q17: ='CANTIDADES DE OBRA'!BS124 -> 0 | R17: =$D$17*Q17 -> 0 | S17: ='CANTIDADES DE OBRA'!CB124 -> 0 | T17: =$D$17*S17 -> 0 | U17: ='CANTIDADES DE OBRA'!CK124 -> 0 | V17: =$D$17*U17 -> 0 | W17: ='CANTIDADES DE OBRA'!CT124 -> 0 | X17: =$D$17*W17 -> 0 | Y17: ='CANTIDADES DE OBRA'!DC124 -> 0 | Z17: =$D$17*Y17 -> 0 | AA17: ='CANTIDADES DE OBRA'!DL124 -> 0 | AB17: =$D$17*AA17 -> 0 | AC17: ='CANTIDADES DE OBRA'!DU124 -> 0 | AD17: =$D$17*AC17 -> 0 | AE17: ='CANTIDADES DE OBRA'!ED124 -> 0 | AF17: =$D$17*AE17 -> 0 | AG17: ='CANTIDADES DE OBRA'!EM124 -> 0 | AH17: =$D$17*AG17 -> 0 | AI17: ='CANTIDADES DE OBRA'!EV124 -> 0 | AJ17: =$D$17*AI17 -> 0 | AK17: ='CANTIDADES DE OBRA'!FE124 -> 0 | AL17: =$D$17*AK17 -> 0 | AM17: ='CANTIDADES DE OBRA'!FN124 -> 0 | AN17: =$D$17*AM17 -> 0 | AO17: ='CANTIDADES DE OBRA'!FW124 -> 0 | AP17: =$D$17*AO17 -> 0 | AQ17: ='CANTIDADES DE OBRA'!GF124 -> 0 | AR17: =$D$17*AQ17 -> 0 | AS17: ='CANTIDADES DE OBRA'!GO139 -> 1.32 | AT17: =$D$17*AS17 -> 19315.937 | AU17: ='CANTIDADES DE OBRA'!GX139 -> 1.32 | AV17: =$D$17*AU17 -> 19315.937 | AW17: ='CANTIDADES DE OBRA'!HG124 -> 0 | AX17: =$D$17*AW17 -> 0 | AY17: ='CANTIDADES DE OBRA'!HP124 -> 0 | AZ17: =$D$17*AY17 -> 0 | BA17: ='CANTIDADES DE OBRA'!HY124 -> 0 | BB17: =$D$17*BA17 -> 0 | BC17: ='CANTIDADES DE OBRA'!IH124 -> 0 | BD17: =$D$17*BC17 -> 0 | BE17: ='CANTIDADES DE OBRA'!IQ124 -> 0 | BF17: =$D$17*BE17 -> 0 | BG17: ='CANTIDADES DE OBRA'!IZ124 -> 0 | BH17: =$D$17*BG17 -> 0 | BI17: ='CANTIDADES DE OBRA'!JI124 -> 0 | BJ17: =$D$17*BI17 -> 0 | BK17: ='CANTIDADES DE OBRA'!JR124 -> 0 | BL17: =$D$17*BK17 -> 0 | BM17: ='CANTIDADES DE OBRA'!KA124 -> 0 | BN17: =$D$17*BM17 -> 0 | BO17: ='CANTIDADES DE OBRA'!KJ124 -> 0 | BP17: =$D$17*BO17 -> 0 | BQ17: ='CANTIDADES DE OBRA'!KS124 -> 0 | BR17: =$D$17*BQ17 -> 0 | BS17: ='CANTIDADES DE OBRA'!LB124 -> 0 | BT17: =$D$17*BS17 -> 0 | BU17: ='CANTIDADES DE OBRA'!LK124 -> 0 | BV17: =$D$17*BU17 -> 0 | BW17: ='CANTIDADES DE OBRA'!LT124 -> 0 | BX17: =$D$17*BW17 -> 0 | BY17: ='CANTIDADES DE OBRA'!MC124 -> 0 | BZ17: =$D$17*BY17 -> 0 | CA17: ='CANTIDADES DE OBRA'!ML124 -> 0 | CB17: =$D$17*CA17 -> 0 | CC17: ='CANTIDADES DE OBRA'!MU124 -> 0 | CD17: =$D$17*CC17 -> 0 | CE17: ='CANTIDADES DE OBRA'!ND124 -> 0 | CF17: =$D$17*CE17 -> 0 | CG17: ='CANTIDADES DE OBRA'!NM124 -> 0 | CH17: =$D$17*CG17 -> 0 | CI17: ='CANTIDADES DE OBRA'!NV124 -> 0 | CJ17: =$D$17*CI17 -> 0 | CK17: =+'CANTIDADES DE OBRA'!OE124 -> 0 | CL17: =$D$17*CK17 -> 0 | CM17: ='CANTIDADES DE OBRA'!ON124 -> 0 | CN17: =$D$17*CM17 -> 0 | CO17: ='CANTIDADES DE OBRA'!OW124 -> 0 | CP17: =$D$17*CO17 -> 0 | CQ17: ='CANTIDADES DE OBRA'!PF124 -> 0 | CR17: =$D$17*CQ17 -> 0 | CS17: =E17+G17+I17+K17+M17+O17+Q17+S17+U17+W17+Y17+AA17+AC17+AE17+AG17+AI17+AK17+AM17+AO17+AQ17+AS17+AU17+AW17+AY17+BA17+BC17+BE17+BG17+BI17+BK17+BM17+BO17+BQ17+BS17+BU17+BW17+BY17+CA17+CC17+CE17+CG17+CI17+CK17+CM17+CO17+CQ17 -> 2.64 | CT17: =CS17*D17 -> 38631.873
A18: 02-02. | B18: LLENOS | F18: =SUM(F19) -> 0 | H18: =SUM(H19) -> 0 | J18: =SUM(J19) -> 0 | L18: =SUM(L19) -> 0 | N18: =SUM(N19) -> 0 | P18: =SUM(P19) -> 0 | R18: =SUM(R19) -> 0 | T18: =SUM(T19) -> 0 | V18: =SUM(V19) -> 0 | X18: =SUM(X19) -> 0 | Z18: =SUM(Z19) -> 0 | AB18: =SUM(AB19) -> 0 | AD18: =SUM(AD19) -> 0 | AF18: =SUM(AF19) -> 0 | AH18: =SUM(AH19) -> 0 | AJ18: =SUM(AJ19) -> 0 | AL18: =SUM(AL19) -> 0 | AN18: =SUM(AN19) -> 0 | AP18: =SUM(AP19) -> 0 | AR18: =SUM(AR19) -> 23943.713 | AT18: =SUM(AT19) -> 0 | AV18: =SUM(AV19) -> 0 | AX18: =SUM(AX19) -> 0 | AZ18: =SUM(AZ19) -> 0 | BB18: =SUM(BB19) -> 0 | BD18: =SUM(BD19) -> 0 | BF18: =SUM(BF19) -> 0 | BH18: =SUM(BH19) -> 0 | BJ18: =SUM(BJ19) -> 0 | BL18: =SUM(BL19) -> 0 | BN18: =SUM(BN19) -> 0 | BP18: =SUM(BP19) -> 0 | BR18: =SUM(BR19) -> 0 | BT18: =SUM(BT19) -> 0 | BV18: =SUM(BV19) -> 0 | BX18: =SUM(BX19) -> 0 | BZ18: =SUM(BZ19) -> 0 | CB18: =SUM(CB19) -> 0 | CD18: =SUM(CD19) -> 0 | CF18: =SUM(CF19) -> 0 | CH18: =SUM(CH19) -> 0 | CJ18: =SUM(CJ19) -> 23943.713 | CL18: =SUM(CL19) -> 0 | CN18: =SUM(CN19) -> 0 | CP18: =SUM(CP19) -> 0 | CR18: =SUM(CR19) -> 0 | CT18: =SUM(CT19) -> 47887.426
A19: =APU!A52 -> 02-02-001 | B19: =APU!B52 -> LLENOS EN MATERIAL PROVENIENTES DE LA EXCAVACIÓN, COMPACTADOS MECÁNICAMENTE HASTA OBTENER UNA DENSIDAD DEL 95% DE LA MÁXIMA OBTENIDA EN EL ENSAYO DEL PRÓCTOR MODIFICADO. INCLUYE TRANSPORTE INTERNO. SU MEDIDA SERÁ EN SITIO YA COMPACTADO. | C19: =APU!C52 -> M3 | D19: =APU!G52 -> 18139.176 | E19: ='CANTIDADES DE OBRA'!Q139 -> 0 | F19: =$D$19*E19 -> 0 | H19: =$D$19*G19 -> 0 | J19: =$D$19*I19 -> 0 | L19: =$D$19*K19 -> 0 | N19: =$D$19*M19 -> 0 | P19: =$D$19*O19 -> 0 | R19: =$D$19*Q19 -> 0 | T19: =$D$19*S19 -> 0 | V19: =$D$19*U19 -> 0 | X19: =$D$19*W19 -> 0 | Z19: =$D$19*Y19 -> 0 | AB19: =$D$19*AA19 -> 0 | AD19: =$D$19*AC19 -> 0 | AF19: =$D$19*AE19 -> 0 | AH19: =$D$19*AG19 -> 0 | AJ19: =$D$19*AI19 -> 0 | AL19: =$D$19*AK19 -> 0 | AN19: =$D$19*AM19 -> 0 | AP19: =$D$19*AO19 -> 0 | AQ19: ='CANTIDADES DE OBRA'!GF139 -> 1.32 | AR19: =$D$19*AQ19 -> 23943.713 | AT19: =$D$19*AS19 -> 0 | AV19: =$D$19*AU19 -> 0 | AX19: =$D$19*AW19 -> 0 | AZ19: =$D$19*AY19 -> 0 | BB19: =$D$19*BA19 -> 0 | BD19: =$D$19*BC19 -> 0 | BF19: =$D$19*BE19 -> 0 | BH19: =$D$19*BG19 -> 0 | BJ19: =$D$19*BI19 -> 0 | BL19: =$D$19*BK19 -> 0 | BN19: =$D$19*BM19 -> 0 | BP19: =$D$19*BO19 -> 0 | BR19: =$D$19*BQ19 -> 0 | BT19: =$D$19*BS19 -> 0 | BV19: =$D$19*BU19 -> 0 | BX19: =$D$19*BW19 -> 0 | BZ19: =$D$19*BY19 -> 0 | CB19: =$D$19*CA19 -> 0 | CD19: =$D$19*CC19 -> 0 | CF19: =$D$19*CE19 -> 0 | CH19: =$D$19*CG19 -> 0 | CI19: =+'CANTIDADES DE OBRA'!NV139 -> 1.32 | CJ19: =$D$19*CI19 -> 23943.713 | CL19: =$D$19*CK19 -> 0 | CN19: =$D$19*CM19 -> 0 | CP19: =$D$19*CO19 -> 0 | CR19: =$D$19*CQ19 -> 0 | CS19: =E19+G19+I19+K19+M19+O19+Q19+S19+U19+W19+Y19+AA19+AC19+AE19+AG19+AI19+AK19+AM19+AO19+AQ19+AS19+AU19+AW19+AY19+BA19+BC19+BE19+BG19+BI19+BK19+BM19+BO19+BQ19+BS19+BU19+BW19+BY19+CA19+CC19+CE19+CG19+CI19+CK19+CM19+CO19+CQ19 -> 2.64 | CT19: =CS19*D19 -> 47887.426
A20: 02-03. | B20: BOTADA DE MATERIAL | F20: =SUM(F21) -> 0 | H20: =SUM(H21) -> 0 | J20: =SUM(J21) -> 0 | L20: =SUM(L21) -> 0 | N20: =SUM(N21) -> 0 | P20: =SUM(P21) -> 0 | R20: =SUM(R21) -> 0 | T20: =SUM(T21) -> 0 | V20: =SUM(V21) -> 0 | X20: =SUM(X21) -> 0 | Z20: =SUM(Z21) -> 0 | AB20: =SUM(AB21) -> 0 | AD20: =SUM(AD21) -> 0 | AF20: =SUM(AF21) -> 0 | AH20: =SUM(AH21) -> 0 | AJ20: =SUM(AJ21) -> 0 | AL20: =SUM(AL21) -> 0 | AN20: =SUM(AN21) -> 0 | AP20: =SUM(AP21) -> 0 | AR20: =SUM(AR21) -> 0 | AT20: =SUM(AT21) -> 0 | AV20: =SUM(AV21) -> 0 | AX20: =SUM(AX21) -> 0 | AZ20: =SUM(AZ21) -> 0 | BB20: =SUM(BB21) -> 0 | BD20: =SUM(BD21) -> 0 | BF20: =SUM(BF21) -> 0 | BH20: =SUM(BH21) -> 0 | BJ20: =SUM(BJ21) -> 0 | BL20: =SUM(BL21) -> 0 | BN20: =SUM(BN21) -> 0 | BP20: =SUM(BP21) -> 0 | BR20: =SUM(BR21) -> 0 | BT20: =SUM(BT21) -> 0 | BV20: =SUM(BV21) -> 0 | BX20: =SUM(BX21) -> 0 | BZ20: =SUM(BZ21) -> 0 | CB20: =SUM(CB21) -> 0 | CD20: =SUM(CD21) -> 0 | CF20: =SUM(CF21) -> 0 | CH20: =SUM(CH21) -> 0 | CJ20: =SUM(CJ21) -> 0 | CL20: =SUM(CL21) -> 0 | CN20: =SUM(CN21) -> 0 | CP20: =SUM(CP21) -> 0 | CR20: =SUM(CR21) -> 0 | CT20: =SUM(CT21) -> 0
A21: =+APU!A58 -> 02-03-001 | B21: =+APU!B58 -> BOTADA DE MATERIALES RESULTANTES DE EXCAVACIONES, DEMOLICIONES, RETIRO Y DEMAS ACTIVIDADES QUE ASI LO REQUIERAN, ESTE SERA LLEVADO EN VOLQUETA U OTRO MEDIO DE TRANSPORTE AL SITIO DESTINADO. | C21: =+APU!C58 -> M3 | D21: =+APU!G58 -> 25825.184 | E21: ='CANTIDADES DE OBRA'!Q154 -> 0 | F21: =$D$19*E21 -> 0 | G21: ='CANTIDADES DE OBRA'!Z154 -> 0 | H21: =$D$19*G21 -> 0 | I21: ='CANTIDADES DE OBRA'!AI154 -> 0 | J21: =$D$19*I21 -> 0 | K21: ='CANTIDADES DE OBRA'!AR154 -> 0 | L21: =$D$19*K21 -> 0 | M21: ='CANTIDADES DE OBRA'!BA154 -> 0 | N21: =$D$19*M21 -> 0 | O21: ='CANTIDADES DE OBRA'!BJ154 -> 0 | P21: =$D$19*O21 -> 0 | Q21: ='CANTIDADES DE OBRA'!BS154 -> 0 | R21: =$D$19*Q21 -> 0 | S21: ='CANTIDADES DE OBRA'!CB154 -> 0 | T21: =$D$19*S21 -> 0 | U21: ='CANTIDADES DE OBRA'!CK154 -> 0 | V21: =$D$19*U21 -> 0 | W21: ='CANTIDADES DE OBRA'!CT154 -> 0 | X21: =$D$19*W21 -> 0 | Y21: ='CANTIDADES DE OBRA'!DC154 -> 0 | Z21: =$D$19*Y21 -> 0 | AA21: ='CANTIDADES DE OBRA'!DL154 -> 0 | AB21: =$D$19*AA21 -> 0 | AC21: ='CANTIDADES DE OBRA'!DU154 -> 0 | AD21: =$D$19*AC21 -> 0 | AE21: ='CANTIDADES DE OBRA'!ED154 -> 0 | AF21: =$D$19*AE21 -> 0 | AG21: ='CANTIDADES DE OBRA'!EM154 -> 0 | AH21: =$D$19*AG21 -> 0 | AI21: ='CANTIDADES DE OBRA'!EV154 -> 0 | AJ21: =$D$19*AI21 -> 0 | AK21: ='CANTIDADES DE OBRA'!FE154 -> 0 | AL21: =$D$19*AK21 -> 0 | AM21: ='CANTIDADES DE OBRA'!FN154 -> 0 | AN21: =$D$19*AM21 -> 0 | AO21: ='CANTIDADES DE OBRA'!FW154 -> 0 | AP21: =$D$19*AO21 -> 0 | AQ21: ='CANTIDADES DE OBRA'!GF154 -> 0 | AR21: =$D$19*AQ21 -> 0 | AS21: ='CANTIDADES DE OBRA'!GO154 -> 0 | AT21: =$D$19*AS21 -> 0 | AU21: ='CANTIDADES DE OBRA'!GX154 -> 0 | AV21: =$D$19*AU21 -> 0 | AW21: ='CANTIDADES DE OBRA'!HG154 -> 0 | AX21: =$D$19*AW21 -> 0 | AY21: ='CANTIDADES DE OBRA'!HP154 -> 0 | AZ21: =$D$19*AY21 -> 0 | BA21: ='CANTIDADES DE OBRA'!HY154 -> 0 | BB21: =$D$19*BA21 -> 0 | BC21: ='CANTIDADES DE OBRA'!IH154 -> 0 | BD21: =$D$19*BC21 -> 0 | BE21: ='CANTIDADES DE OBRA'!IQ154 -> 0 | BF21: =$D$19*BE21 -> 0 | BG21: ='CANTIDADES DE OBRA'!IZ154 -> 0 | BH21: =$D$19*BG21 -> 0 | BI21: ='CANTIDADES DE OBRA'!JI154 -> 0 | BJ21: =$D$19*BI21 -> 0 | BK21: ='CANTIDADES DE OBRA'!JR154 -> 0 | BL21: =$D$19*BK21 -> 0 | BM21: ='CANTIDADES DE OBRA'!KA154 -> 0 | BN21: =$D$19*BM21 -> 0 | BO21: ='CANTIDADES DE OBRA'!KJ154 -> 0 | BP21: =$D$19*BO21 -> 0 | BQ21: ='CANTIDADES DE OBRA'!KS154 -> 0 | BR21: =$D$19*BQ21 -> 0 | BS21: ='CANTIDADES DE OBRA'!LB154 -> 0 | BT21: =$D$19*BS21 -> 0 | BU21: ='CANTIDADES DE OBRA'!LK154 -> 0 | BV21: =$D$19*BU21 -> 0 | BW21: ='CANTIDADES DE OBRA'!LT154 -> 0 | BX21: =$D$19*BW21 -> 0 | BY21: ='CANTIDADES DE OBRA'!MC154 -> 0 | BZ21: =$D$19*BY21 -> 0 | CA21: ='CANTIDADES DE OBRA'!ML154 -> 0 | CB21: =$D$19*CA21 -> 0 | CC21: ='CANTIDADES DE OBRA'!MU154 -> 0 | CD21: =$D$19*CC21 -> 0 | CE21: ='CANTIDADES DE OBRA'!ND154 -> 0 | CF21: =$D$19*CE21 -> 0 | CG21: ='CANTIDADES DE OBRA'!NM154 -> 0 | CH21: =$D$19*CG21 -> 0 | CI21: ='CANTIDADES DE OBRA'!NV154 -> 0 | CJ21: =$D$19*CI21 -> 0 | CK21: =+'CANTIDADES DE OBRA'!OE154 -> 0 | CL21: =$D$19*CK21 -> 0 | CM21: ='CANTIDADES DE OBRA'!ON154 -> 0 | CN21: =$D$19*CM21 -> 0 | CO21: ='CANTIDADES DE OBRA'!OW154 -> 0 | CP21: =$D$19*CO21 -> 0 | CQ21: ='CANTIDADES DE OBRA'!PF154 -> 0 | CR21: =$D$19*CQ21 -> 0 | CS21: =E21+G21+I21+K21+M21+O21+Q21+S21+U21+W21+Y21+AA21+AC21+AE21+AG21+AI21+AK21+AM21+AO21+AQ21+AS21+AU21+AW21+AY21+BA21+BC21+BE21+BG21+BI21+BK21+BM21+BO21+BQ21+BS21+BU21+BW21+BY21+CA21+CC21+CE21+CG21+CI21+CK21+CM21+CO21+CQ21 -> 0 | CT21: =CS21*D21 -> 0
A22: =+APU!A64 -> 03 | B22: =+APU!B64 -> CONCRETOS ESTRUCTURALES | CU22: =CT23+CT26 -> 0 | CV22: =ROUND(CU22,0) -> 0
A23: 03-01. | B23: CONCRETOS PARA CIMENTACIÓN | F23: =SUM(F24:F25) -> 0 | H23: =SUM(H24:H25) -> 0 | J23: =SUM(J24:J25) -> 0 | L23: =SUM(L24:L25) -> 0 | N23: =SUM(N24:N25) -> 0 | P23: =SUM(P24:P25) -> 0 | R23: =SUM(R24:R25) -> 0 | T23: =SUM(T24:T25) -> 0 | V23: =SUM(V24:V25) -> 0 | X23: =SUM(X24:X25) -> 0 | Z23: =SUM(Z24:Z25) -> 0 | AB23: =SUM(AB24:AB25) -> 0 | AD23: =SUM(AD24:AD25) -> 0 | AF23: =SUM(AF24:AF25) -> 0 | AH23: =SUM(AH24:AH25) -> 0 | AJ23: =SUM(AJ24:AJ25) -> 0 | AL23: =SUM(AL24:AL25) -> 0 | AN23: =SUM(AN24:AN25) -> 0 | AP23: =SUM(AP24:AP25) -> 0 | AR23: =SUM(AR24:AR25) -> 0 | AT23: =SUM(AT24:AT25) -> 0 | AV23: =SUM(AV24:AV25) -> 0 | AX23: =SUM(AX24:AX25) -> 0 | AZ23: =SUM(AZ24:AZ25) -> 0 | BB23: =SUM(BB24:BB25) -> 0 | BD23: =SUM(BD24:BD25) -> 0 | BF23: =SUM(BF24:BF25) -> 0 | BH23: =SUM(BH24:BH25) -> 0 | BJ23: =SUM(BJ24:BJ25) -> 0 | BL23: =SUM(BL24:BL25) -> 0 | BN23: =SUM(BN24:BN25) -> 0 | BP23: =SUM(BP24:BP25) -> 0 | BR23: =SUM(BR24:BR25) -> 0 | BT23: =SUM(BT24:BT25) -> 0 | BV23: =SUM(BV24:BV25) -> 0 | BX23: =SUM(BX24:BX25) -> 0 | BZ23: =SUM(BZ24:BZ25) -> 0 | CB23: =SUM(CB24:CB25) -> 0 | CD23: =SUM(CD24:CD25) -> 0 | CF23: =SUM(CF24:CF25) -> 0 | CH23: =SUM(CH24:CH25) -> 0 | CJ23: =SUM(CJ24:CJ25) -> 0 | CL23: =SUM(CL24:CL25) -> 0 | CN23: =SUM(CN24:CN25) -> 0 | CP23: =SUM(CP24:CP25) -> 0 | CR23: =SUM(CR24:CR25) -> 0 | CT23: =SUM(CT24:CT25) -> 0
A24: =APU!A65 -> 03-01-001 | B24: =APU!B65 -> COLOCACIÓN DE CONCRETO DE 14 MPA PARA SOLADO, CON UN ESPESOR DE 0.05 M. INCLUYE EL SUMINISTRO Y EL TRANSPORTE DEL CONCRETO Y TODOS LOS DEMÁS ELEMENTOS NECESARIOS PARA SU CORRECTA CONSTRUCCIÓN, INCLUYE ACARREO INTERNO. | C24: =APU!C65 -> M2 | D24: =APU!G65 -> 15910.507 | E24: ='CANTIDADES DE OBRA'!Q169 -> 0 | F24: =$D$24*E24 -> 0 | G24: ='CANTIDADES DE OBRA'!Z169 -> 0 | H24: =$D$24*G24 -> 0 | I24: ='CANTIDADES DE OBRA'!AI169 -> 0 | J24: =$D$24*I24 -> 0 | K24: ='CANTIDADES DE OBRA'!AR169 -> 0 | L24: =$D$24*K24 -> 0 | M24: ='CANTIDADES DE OBRA'!BA169 -> 0 | N24: =$D$24*M24 -> 0 | O24: ='CANTIDADES DE OBRA'!BJ169 -> 0 | P24: =$D$24*O24 -> 0 | Q24: ='CANTIDADES DE OBRA'!BS169 -> 0 | R24: =$D$24*Q24 -> 0 | S24: ='CANTIDADES DE OBRA'!CB169 -> 0 | T24: =$D$24*S24 -> 0 | U24: ='CANTIDADES DE OBRA'!CK169 -> 0 | V24: =$D$24*U24 -> 0 | W24: ='CANTIDADES DE OBRA'!CT169 -> 0 | X24: =$D$24*W24 -> 0 | Y24: ='CANTIDADES DE OBRA'!DC169 -> 0 | Z24: =$D$24*Y24 -> 0 | AA24: ='CANTIDADES DE OBRA'!DL169 -> 0 | AB24: =$D$24*AA24 -> 0 | AC24: ='CANTIDADES DE OBRA'!DU169 -> 0 | AD24: =$D$24*AC24 -> 0 | AE24: ='CANTIDADES DE OBRA'!ED169 -> 0 | AF24: =$D$24*AE24 -> 0 | AG24: ='CANTIDADES DE OBRA'!EM169 -> 0 | AH24: =$D$24*AG24 -> 0 | AI24: ='CANTIDADES DE OBRA'!EV169 -> 0 | AJ24: =$D$24*AI24 -> 0 | AK24: ='CANTIDADES DE OBRA'!FE169 -> 0 | AL24: =$D$24*AK24 -> 0 | AM24: ='CANTIDADES DE OBRA'!FN169 -> 0 | AN24: =$D$24*AM24 -> 0 | AO24: ='CANTIDADES DE OBRA'!FW169 -> 0 | AP24: =$D$24*AO24 -> 0 | AQ24: ='CANTIDADES DE OBRA'!GF169 -> 0 | AR24: =$D$24*AQ24 -> 0 | AS24: ='CANTIDADES DE OBRA'!GO169 -> 0 | AT24: =$D$24*AS24 -> 0 | AU24: ='CANTIDADES DE OBRA'!GX169 -> 0 | AV24: =$D$24*AU24 -> 0 | AW24: ='CANTIDADES DE OBRA'!HG169 -> 0 | AX24: =$D$24*AW24 -> 0 | AY24: ='CANTIDADES DE OBRA'!HP169 -> 0 | AZ24: =$D$24*AY24 -> 0 | BA24: ='CANTIDADES DE OBRA'!HY169 -> 0 | BB24: =$D$24*BA24 -> 0 | BC24: ='CANTIDADES DE OBRA'!IH169 -> 0 | BD24: =$D$24*BC24 -> 0 | BE24: ='CANTIDADES DE OBRA'!IQ169 -> 0 | BF24: =$D$24*BE24 -> 0 | BG24: ='CANTIDADES DE OBRA'!IZ169 -> 0 | BH24: =$D$24*BG24 -> 0 | BI24: ='CANTIDADES DE OBRA'!JI169 -> 0 | BJ24: =$D$24*BI24 -> 0 | BK24: ='CANTIDADES DE OBRA'!JR169 -> 0 | BL24: =$D$24*BK24 -> 0 | BM24: ='CANTIDADES DE OBRA'!KA169 -> 0 | BN24: =$D$24*BM24 -> 0 | BO24: ='CANTIDADES DE OBRA'!KJ169 -> 0 | BP24: =$D$24*BO24 -> 0 | BQ24: ='CANTIDADES DE OBRA'!KS169 -> 0 | BR24: =$D$24*BQ24 -> 0 | BS24: ='CANTIDADES DE OBRA'!LB169 -> 0 | BT24: =$D$24*BS24 -> 0 | BU24: ='CANTIDADES DE OBRA'!LK169 -> 0 | BV24: =$D$24*BU24 -> 0 | BW24: ='CANTIDADES DE OBRA'!LT169 -> 0 | BX24: =$D$24*BW24 -> 0 | BY24: ='CANTIDADES DE OBRA'!MC169 -> 0 | BZ24: =$D$24*BY24 -> 0 | CA24: ='CANTIDADES DE OBRA'!ML169 -> 0 | CB24: =$D$24*CA24 -> 0 | CC24: ='CANTIDADES DE OBRA'!MU169 -> 0 | CD24: =$D$24*CC24 -> 0 | CE24: ='CANTIDADES DE OBRA'!ND169 -> 0 | CF24: =$D$24*CE24 -> 0 | CG24: ='CANTIDADES DE OBRA'!NM169 -> 0 | CH24: =$D$24*CG24 -> 0 | CI24: ='CANTIDADES DE OBRA'!NV169 -> 0 | CJ24: =$D$24*CI24 -> 0 | CK24: =+'CANTIDADES DE OBRA'!OE169 -> 0 | CL24: =$D$24*CK24 -> 0 | CM24: ='CANTIDADES DE OBRA'!ON169 -> 0 | CN24: =$D$24*CM24 -> 0 | CO24: ='CANTIDADES DE OBRA'!OW169 -> 0 | CP24: =$D$24*CO24 -> 0 | CQ24: ='CANTIDADES DE OBRA'!PF169 -> 0 | CR24: =$D$24*CQ24 -> 0 | CS24: =E24+G24+I24+K24+M24+O24+Q24+S24+U24+W24+Y24+AA24+AC24+AE24+AG24+AI24+AK24+AM24+AO24+AQ24+AS24+AU24+AW24+AY24+BA24+BC24+BE24+BG24+BI24+BK24+BM24+BO24+BQ24+BS24+BU24+BW24+BY24+CA24+CC24+CE24+CG24+CI24+CK24+CM24+CO24+CQ24 -> 0 | CT24: =CS24*D24 -> 0
A25: =+APU!A71 -> 03-01-002 | B25: =+APU!B71 -> VIGA DE CIMENTACION EN CONCRETO DE 21 MPa, DE SECCION 0.25X0.20 M. INCLUYE FORMALETA, EQUIPO Y TODO LO NECESARIO PARA SU CORRECTA COLOCACION Y FUNCIONAMIENTO. | C25: =+APU!C71 -> M | D25: =+APU!G71 -> 64113.127 | E25: =+'CANTIDADES DE OBRA'!Q184 -> 0 | F25: =$D$25*E25 -> 0 | G25: =+'CANTIDADES DE OBRA'!Z184 -> 0 | H25: =$D$25*G25 -> 0 | I25: =+'CANTIDADES DE OBRA'!AI184 -> 0 | J25: =$D$25*I25 -> 0 | K25: =+'CANTIDADES DE OBRA'!AR184 -> 0 | L25: =$D$25*K25 -> 0 | M25: =+'CANTIDADES DE OBRA'!BA184 -> 0 | N25: =$D$25*M25 -> 0 | O25: =+'CANTIDADES DE OBRA'!BJ169 -> 0 | P25: =$D$25*O25 -> 0 | Q25: =+'CANTIDADES DE OBRA'!BS184 -> 0 | R25: =$D$25*Q25 -> 0 | S25: =+'CANTIDADES DE OBRA'!CB184 -> 0 | T25: =$D$25*S25 -> 0 | U25: =+'CANTIDADES DE OBRA'!CK184 -> 0 | V25: =$D$25*U25 -> 0 | W25: =+'CANTIDADES DE OBRA'!CT184 -> 0 | X25: =$D$25*W25 -> 0 | Y25: =+'CANTIDADES DE OBRA'!DC184 -> 0 | Z25: =$D$25*Y25 -> 0 | AA25: =+'CANTIDADES DE OBRA'!DL184 -> 0 | AB25: =$D$25*AA25 -> 0 | AC25: =+'CANTIDADES DE OBRA'!DU184 -> 0 | AD25: =$D$25*AC25 -> 0 | AE25: =+'CANTIDADES DE OBRA'!ED184 -> 0 | AF25: =$D$25*AE25 -> 0 | AG25: =+'CANTIDADES DE OBRA'!EM184 -> 0 | AH25: =$D$25*AG25 -> 0 | AI25: =+'CANTIDADES DE OBRA'!EV184 -> 0 | AJ25: =$D$25*AI25 -> 0 | AK25: =+'CANTIDADES DE OBRA'!FE184 -> 0 | AL25: =$D$25*AK25 -> 0 | AM25: =+'CANTIDADES DE OBRA'!FN184 -> 0 | AN25: =$D$25*AM25 -> 0 | AO25: =+'CANTIDADES DE OBRA'!FW184 -> 0 | AP25: =$D$25*AO25 -> 0 | AQ25: =+'CANTIDADES DE OBRA'!GF184 -> 0 | AR25: =$D$25*AQ25 -> 0 | AS25: =+'CANTIDADES DE OBRA'!GO184 -> 0 | AT25: =$D$25*AS25 -> 0 | AU25: =+'CANTIDADES DE OBRA'!GX184 -> 0 | AV25: =$D$25*AU25 -> 0 | AW25: =+'CANTIDADES DE OBRA'!HG184 -> 0 | AX25: =$D$25*AW25 -> 0 | AY25: =+'CANTIDADES DE OBRA'!HP184 -> 0 | AZ25: =$D$25*AY25 -> 0 | BA25: =+'CANTIDADES DE OBRA'!HY184 -> 0 | BB25: =$D$25*BA25 -> 0 | BC25: =+'CANTIDADES DE OBRA'!IH184 -> 0 | BD25: =$D$25*BC25 -> 0 | BE25: =+'CANTIDADES DE OBRA'!IQ184 -> 0 | BF25: =$D$25*BE25 -> 0 | BG25: =+'CANTIDADES DE OBRA'!IZ184 -> 0 | BH25: =$D$25*BG25 -> 0 | BI25: =+'CANTIDADES DE OBRA'!JI184 -> 0 | BJ25: =$D$25*BI25 -> 0 | BK25: =+'CANTIDADES DE OBRA'!JR184 -> 0 | BL25: =$D$25*BK25 -> 0 | BM25: =+'CANTIDADES DE OBRA'!KA184 -> 0 | BN25: =$D$25*BM25 -> 0 | BO25: =+'CANTIDADES DE OBRA'!KJ184 -> 0 | BP25: =$D$25*BO25 -> 0 | BQ25: =+'CANTIDADES DE OBRA'!KS184 -> 0 | BR25: =$D$25*BQ25 -> 0 | BS25: =+'CANTIDADES DE OBRA'!LB184 -> 0 | BT25: =$D$25*BS25 -> 0 | BU25: =+'CANTIDADES DE OBRA'!LK184 -> 0 | BV25: =$D$25*BU25 -> 0 | BW25: =+'CANTIDADES DE OBRA'!LT184 -> 0 | BX25: =$D$25*BW25 -> 0 | BY25: =+'CANTIDADES DE OBRA'!MC184 -> 0 | BZ25: =$D$25*BY25 -> 0 | CA25: =+'CANTIDADES DE OBRA'!ML184 -> 0 | CB25: =$D$25*CA25 -> 0 | CC25: =+'CANTIDADES DE OBRA'!MU184 -> 0 | CD25: =$D$25*CC25 -> 0 | CE25: =+'CANTIDADES DE OBRA'!ND184 -> 0 | CF25: =$D$25*CE25 -> 0 | CG25: =+'CANTIDADES DE OBRA'!NM184 -> 0 | CH25: =$D$25*CG25 -> 0 | CI25: =+'CANTIDADES DE OBRA'!NV184 -> 0 | CJ25: =$D$25*CI25 -> 0 | CK25: =+'CANTIDADES DE OBRA'!OE184 -> 0 | CL25: =$D$25*CK25 -> 0 | CM25: =+'CANTIDADES DE OBRA'!ON184 -> 0 | CN25: =$D$25*CM25 -> 0 | CO25: =+'CANTIDADES DE OBRA'!OW184 -> 0 | CP25: =$D$25*CO25 -> 0 | CQ25: =+'CANTIDADES DE OBRA'!PF184 -> 0 | CR25: =$D$25*CQ25 -> 0 | CS25: =E25+G25+I25+K25+M25+O25+Q25+S25+U25+W25+Y25+AA25+AC25+AE25+AG25+AI25+AK25+AM25+AO25+AQ25+AS25+AU25+AW25+AY25+BA25+BC25+BE25+BG25+BI25+BK25+BM25+BO25+BQ25+BS25+BU25+BW25+BY25+CA25+CC25+CE25+CG25+CI25+CK25+CM25+CO25+CQ25 -> 0 | CT25: =CS25*D25 -> 0
A26: 03-02. | B26: VIGAS SOBRE MAMPOSTERÍA | F26: =SUM(F27:F28) -> 0 | H26: =SUM(H27:H28) -> 0 | J26: =SUM(J27:J28) -> 0 | L26: =SUM(L27:L28) -> 0 | N26: =SUM(N27:N28) -> 0 | P26: =SUM(P27:P28) -> 0 | R26: =SUM(R27:R28) -> 0 | T26: =SUM(T27:T28) -> 0 | V26: =SUM(V27:V28) -> 0 | X26: =SUM(X27:X28) -> 0 | Z26: =SUM(Z27:Z28) -> 0 | AB26: =SUM(AB27:AB28) -> 0 | AD26: =SUM(AD27:AD28) -> 0 | AF26: =SUM(AF27:AF28) -> 0 | AH26: =SUM(AH27:AH28) -> 0 | AJ26: =SUM(AJ27:AJ28) -> 0 | AL26: =SUM(AL27:AL28) -> 0 | AN26: =SUM(AN27:AN28) -> 0 | AP26: =SUM(AP27:AP28) -> 0 | AR26: =SUM(AR27:AR28) -> 0 | AT26: =SUM(AT27:AT28) -> 0 | AV26: =SUM(AV27:AV28) -> 0 | AX26: =SUM(AX27:AX28) -> 0 | AZ26: =SUM(AZ27:AZ28) -> 0 | BB26: =SUM(BB27:BB28) -> 0 | BD26: =SUM(BD27:BD28) -> 0 | BF26: =SUM(BF27:BF28) -> 0 | BH26: =SUM(BH27:BH28) -> 0 | BJ26: =SUM(BJ27:BJ28) -> 0 | BL26: =SUM(BL27:BL28) -> 0 | BN26: =SUM(BN27:BN28) -> 0 | BP26: =SUM(BP27:BP28) -> 0 | BR26: =SUM(BR27:BR28) -> 0 | BT26: =SUM(BT27:BT28) -> 0 | BV26: =SUM(BV27:BV28) -> 0 | BX26: =SUM(BX27:BX28) -> 0 | BZ26: =SUM(BZ27:BZ28) -> 0 | CB26: =SUM(CB27:CB28) -> 0 | CD26: =SUM(CD27:CD28) -> 0 | CF26: =SUM(CF27:CF28) -> 0 | CH26: =SUM(CH27:CH28) -> 0 | CJ26: =SUM(CJ27:CJ28) -> 0 | CL26: =SUM(CL27:CL28) -> 0 | CN26: =SUM(CN27:CN28) -> 0 | CP26: =SUM(CP27:CP28) -> 0 | CR26: =SUM(CR27:CR28) -> 0 | CT26: =SUM(CT27:CT28) -> 0
A27: =+APU!A85 -> 03-02-001 | B27: =+APU!B85 -> VIGA DE AMARRE SUPERIOR EN CONCRETO DE 21 MPa SOBRE MAMPOSTERIA, DE SECCION 0.10X0.15 M. INCLUYE FORMALETA, EQUIPO Y TODO LO NECESARIO PARA SU CORRECTA COLOCACION Y FUNCIONAMIENTO. | C27: =+APU!C85 -> M | D27: =+APU!G85 -> 38486.543 | E27: =+'CANTIDADES DE OBRA'!Q199 -> 0 | F27: =$D$27*E27 -> 0 | G27: =+'CANTIDADES DE OBRA'!Z199 -> 0 | H27: =$D$27*G27 -> 0 | I27: =+'CANTIDADES DE OBRA'!AI199 -> 0 | J27: =$D$27*I27 -> 0 | K27: =+'CANTIDADES DE OBRA'!AR199 -> 0 | L27: =$D$27*K27 -> 0 | M27: =+'CANTIDADES DE OBRA'!BA199 -> 0 | N27: =$D$27*M27 -> 0 | O27: =+'CANTIDADES DE OBRA'!BJ199 -> 0 | P27: =$D$27*O27 -> 0 | Q27: =+'CANTIDADES DE OBRA'!BS199 -> 0 | R27: =$D$27*Q27 -> 0 | S27: =+'CANTIDADES DE OBRA'!CB199 -> 0 | T27: =$D$27*S27 -> 0 | U27: =+'CANTIDADES DE OBRA'!CK199 -> 0 | V27: =$D$27*U27 -> 0 | W27: =+'CANTIDADES DE OBRA'!CT199 -> 0 | X27: =$D$27*W27 -> 0 | Y27: =+'CANTIDADES DE OBRA'!DC199 -> 0 | Z27: =$D$27*Y27 -> 0 | AA27: =+'CANTIDADES DE OBRA'!DL199 -> 0 | AB27: =$D$27*AA27 -> 0 | AC27: =+'CANTIDADES DE OBRA'!DU199 -> 0 | AD27: =$D$27*AC27 -> 0 | AE27: =+'CANTIDADES DE OBRA'!ED199 -> 0 | AF27: =$D$27*AE27 -> 0 | AG27: =+'CANTIDADES DE OBRA'!EM199 -> 0 | AH27: =$D$27*AG27 -> 0 | AI27: =+'CANTIDADES DE OBRA'!EV199 -> 0 | AJ27: =$D$27*AI27 -> 0 | AK27: =+'CANTIDADES DE OBRA'!FE199 -> 0 | AL27: =$D$27*AK27 -> 0 | AM27: =+'CANTIDADES DE OBRA'!FN199 -> 0 | AN27: =$D$27*AM27 -> 0 | AO27: =+'CANTIDADES DE OBRA'!FW199 -> 0 | AP27: =$D$27*AO27 -> 0 | AQ27: =+'CANTIDADES DE OBRA'!GF199 -> 0 | AR27: =$D$27*AQ27 -> 0 | AS27: =+'CANTIDADES DE OBRA'!GO199 -> 0 | AT27: =$D$27*AS27 -> 0 | AU27: =+'CANTIDADES DE OBRA'!GX199 -> 0 | AV27: =$D$27*AU27 -> 0 | AW27: =+'CANTIDADES DE OBRA'!HG199 -> 0 | AX27: =$D$27*AW27 -> 0 | AY27: =+'CANTIDADES DE OBRA'!HP199 -> 0 | AZ27: =$D$27*AY27 -> 0 | BA27: =+'CANTIDADES DE OBRA'!HY199 -> 0 | BB27: =$D$27*BA27 -> 0 | BC27: =+'CANTIDADES DE OBRA'!IH199 -> 0 | BD27: =$D$27*BC27 -> 0 | BE27: =+'CANTIDADES DE OBRA'!IQ199 -> 0 | BF27: =$D$27*BE27 -> 0 | BG27: =+'CANTIDADES DE OBRA'!IZ199 -> 0 | BH27: =$D$27*BG27 -> 0 | BI27: =+'CANTIDADES DE OBRA'!JI199 -> 0 | BJ27: =$D$27*BI27 -> 0 | BK27: =+'CANTIDADES DE OBRA'!JR199 -> 0 | BL27: =$D$27*BK27 -> 0 | BM27: =+'CANTIDADES DE OBRA'!KA199 -> 0 | BN27: =$D$27*BM27 -> 0 | BO27: =+'CANTIDADES DE OBRA'!KJ199 -> 0 | BP27: =$D$27*BO27 -> 0 | BQ27: =+'CANTIDADES DE OBRA'!KS199 -> 0 | BR27: =$D$27*BQ27 -> 0 | BS27: =+'CANTIDADES DE OBRA'!LB199 -> 0 | BT27: =$D$27*BS27 -> 0 | BU27: =+'CANTIDADES DE OBRA'!LK199 -> 0 | BV27: =$D$27*BU27 -> 0 | BW27: =+'CANTIDADES DE OBRA'!LT199 -> 0 | BX27: =$D$27*BW27 -> 0 | BY27: =+'CANTIDADES DE OBRA'!MC199 -> 0 | BZ27: =$D$27*BY27 -> 0 | CA27: =+'CANTIDADES DE OBRA'!ML199 -> 0 | CB27: =$D$27*CA27 -> 0 | CC27: =+'CANTIDADES DE OBRA'!MU199 -> 0 | CD27: =$D$27*CC27 -> 0 | CE27: =+'CANTIDADES DE OBRA'!ND199 -> 0 | CF27: =$D$27*CE27 -> 0 | CG27: =+'CANTIDADES DE OBRA'!NM199 -> 0 | CH27: =$D$27*CG27 -> 0 | CI27: =+'CANTIDADES DE OBRA'!NV199 -> 0 | CJ27: =$D$27*CI27 -> 0 | CK27: =+'CANTIDADES DE OBRA'!OE199 -> 0 | CL27: =$D$27*CK27 -> 0 | CM27: =+'CANTIDADES DE OBRA'!ON199 -> 0 | CN27: =$D$27*CM27 -> 0 | CO27: =+'CANTIDADES DE OBRA'!OW199 -> 0 | CP27: =$D$27*CO27 -> 0 | CQ27: =+'CANTIDADES DE OBRA'!PF199 -> 0 | CR27: =$D$27*CQ27 -> 0 | CS27: =E27+G27+I27+K27+M27+O27+Q27+S27+U27+W27+Y27+AA27+AC27+AE27+AG27+AI27+AK27+AM27+AO27+AQ27+AS27+AU27+AW27+AY27+BA27+BC27+BE27+BG27+BI27+BK27+BM27+BO27+BQ27+BS27+BU27+BW27+BY27+CA27+CC27+CE27+CG27+CI27+CK27+CM27+CO27+CQ27 -> 0 | CT27: =CS27*D27 -> 0
A28: =+APU!A97 -> 03-02-002 | B28: =+APU!B97 -> CINTAS DE AMARRE SUPERIOR EN CONCRETO DE 21 MPa SOBRE MAMPOSTERIA, DE SECCION 0.10X0.12 M. INCLUYE FORMALETA, EQUIPO Y TODO LO NECESARIO PARA SU CORRECTA COLOCACION Y FUNCIONAMIENTO. | C28: =+APU!C97 -> M | D28: =+APU!G97 -> 27094.579 | E28: =+'CANTIDADES DE OBRA'!Q214 -> 0 | F28: =$D$28*E28 -> 0 | G28: =+'CANTIDADES DE OBRA'!Z214 -> 0 | H28: =$D$28*G28 -> 0 | I28: =+'CANTIDADES DE OBRA'!AI214 -> 0 | J28: =$D$28*I28 -> 0 | K28: =+'CANTIDADES DE OBRA'!AR214 -> 0 | L28: =$D$28*K28 -> 0 | M28: =+'CANTIDADES DE OBRA'!BA214 -> 0 | N28: =$D$28*M28 -> 0 | O28: =+'CANTIDADES DE OBRA'!BJ214 -> 0 | P28: =$D$28*O28 -> 0 | Q28: =+'CANTIDADES DE OBRA'!BS214 -> 0 | R28: =$D$28*Q28 -> 0 | S28: =+'CANTIDADES DE OBRA'!CB214 -> 0 | T28: =$D$28*S28 -> 0 | U28: =+'CANTIDADES DE OBRA'!CK214 -> 0 | V28: =$D$28*U28 -> 0 | W28: =+'CANTIDADES DE OBRA'!CT214 -> 0 | X28: =$D$28*W28 -> 0 | Y28: =+'CANTIDADES DE OBRA'!DC214 -> 0 | Z28: =$D$28*Y28 -> 0 | AA28: =+'CANTIDADES DE OBRA'!DL214 -> 0 | AB28: =$D$28*AA28 -> 0 | AC28: =+'CANTIDADES DE OBRA'!DU214 -> 0 | AD28: =$D$28*AC28 -> 0 | AE28: =+'CANTIDADES DE OBRA'!ED214 -> 0 | AF28: =$D$28*AE28 -> 0 | AG28: =+'CANTIDADES DE OBRA'!EM214 -> 0 | AH28: =$D$28*AG28 -> 0 | AI28: =+'CANTIDADES DE OBRA'!EV214 -> 0 | AJ28: =$D$28*AI28 -> 0 | AK28: =+'CANTIDADES DE OBRA'!FE214 -> 0 | AL28: =$D$28*AK28 -> 0 | AM28: =+'CANTIDADES DE OBRA'!FN214 -> 0 | AN28: =$D$28*AM28 -> 0 | AO28: =+'CANTIDADES DE OBRA'!FW214 -> 0 | AP28: =$D$28*AO28 -> 0 | AQ28: =+'CANTIDADES DE OBRA'!GF214 -> 0 | AR28: =$D$28*AQ28 -> 0 | AS28: =+'CANTIDADES DE OBRA'!GO214 -> 0 | AT28: =$D$28*AS28 -> 0 | AU28: =+'CANTIDADES DE OBRA'!GX214 -> 0 | AV28: =$D$28*AU28 -> 0 | AW28: =+'CANTIDADES DE OBRA'!HG214 -> 0 | AX28: =$D$28*AW28 -> 0 | AY28: =+'CANTIDADES DE OBRA'!HP214 -> 0 | AZ28: =$D$28*AY28 -> 0 | BA28: =+'CANTIDADES DE OBRA'!HY214 -> 0 | BB28: =$D$28*BA28 -> 0 | BC28: =+'CANTIDADES DE OBRA'!IH214 -> 0 | BD28: =$D$28*BC28 -> 0 | BE28: =+'CANTIDADES DE OBRA'!IQ214 -> 0 | BF28: =$D$28*BE28 -> 0 | BG28: =+'CANTIDADES DE OBRA'!IZ214 -> 0 | BH28: =$D$28*BG28 -> 0 | BI28: =+'CANTIDADES DE OBRA'!JI214 -> 0 | BJ28: =$D$28*BI28 -> 0 | BK28: =+'CANTIDADES DE OBRA'!JR214 -> 0 | BL28: =$D$28*BK28 -> 0 | BM28: =+'CANTIDADES DE OBRA'!KA214 -> 0 | BN28: =$D$28*BM28 -> 0 | BO28: =+'CANTIDADES DE OBRA'!KJ214 -> 0 | BP28: =$D$28*BO28 -> 0 | BQ28: =+'CANTIDADES DE OBRA'!KS214 -> 0 | BR28: =$D$28*BQ28 -> 0 | BS28: =+'CANTIDADES DE OBRA'!LB214 -> 0 | BT28: =$D$28*BS28 -> 0 | BU28: =+'CANTIDADES DE OBRA'!LK214 -> 0 | BV28: =$D$28*BU28 -> 0 | BW28: =+'CANTIDADES DE OBRA'!LT214 -> 0 | BX28: =$D$28*BW28 -> 0 | BY28: =+'CANTIDADES DE OBRA'!MC214 -> 0 | BZ28: =$D$28*BY28 -> 0 | CA28: =+'CANTIDADES DE OBRA'!ML214 -> 0 | CB28: =$D$28*CA28 -> 0 | CC28: =+'CANTIDADES DE OBRA'!MU214 -> 0 | CD28: =$D$28*CC28 -> 0 | CE28: =+'CANTIDADES DE OBRA'!ND214 -> 0 | CF28: =$D$28*CE28 -> 0 | CG28: =+'CANTIDADES DE OBRA'!NM214 -> 0 | CH28: =$D$28*CG28 -> 0 | CI28: =+'CANTIDADES DE OBRA'!NV214 -> 0 | CJ28: =$D$28*CI28 -> 0 | CK28: =+'CANTIDADES DE OBRA'!OE214 -> 0 | CL28: =$D$28*CK28 -> 0 | CM28: =+'CANTIDADES DE OBRA'!ON214 -> 0 | CN28: =$D$28*CM28 -> 0 | CO28: =+'CANTIDADES DE OBRA'!OW214 -> 0 | CP28: =$D$28*CO28 -> 0 | CQ28: =+'CANTIDADES DE OBRA'!PF214 -> 0 | CR28: =$D$28*CQ28 -> 0 | CS28: =E28+G28+I28+K28+M28+O28+Q28+S28+U28+W28+Y28+AA28+AC28+AE28+AG28+AI28+AK28+AM28+AO28+AQ28+AS28+AU28+AW28+AY28+BA28+BC28+BE28+BG28+BI28+BK28+BM28+BO28+BQ28+BS28+BU28+BW28+BY28+CA28+CC28+CE28+CG28+CI28+CK28+CM28+CO28+CQ28 -> 0 | CT28: =CS28*D28 -> 0
A29: =+APU!A109 -> 04 | B29: =+APU!B109 -> ACERO DE REFUERZO | CU29: =CT30 -> 0 | CV29: =ROUND(CU29,0) -> 0
A30: 04-01. | B30: ACERO DE REFUERZO PARA ESTRUCTURAS | F30: =SUM(F31) -> 0 | H30: =SUM(H31) -> 0 | J30: =SUM(J31) -> 0 | L30: =SUM(L31) -> 0 | N30: =SUM(N31) -> 0 | P30: =SUM(P31) -> 0 | R30: =SUM(R31) -> 0 | T30: =SUM(T31) -> 0 | V30: =SUM(V31) -> 0 | X30: =SUM(X31) -> 0 | Z30: =SUM(Z31) -> 0 | AB30: =SUM(AB31) -> 0 | AD30: =SUM(AD31) -> 0 | AF30: =SUM(AF31) -> 0 | AH30: =SUM(AH31) -> 0 | AJ30: =SUM(AJ31) -> 0 | AL30: =SUM(AL31) -> 0 | AN30: =SUM(AN31) -> 0 | AP30: =SUM(AP31) -> 0 | AR30: =SUM(AR31) -> 0 | AT30: =SUM(AT31) -> 0 | AV30: =SUM(AV31) -> 0 | AX30: =SUM(AX31) -> 0 | AZ30: =SUM(AZ31) -> 0 | BB30: =SUM(BB31) -> 0 | BD30: =SUM(BD31) -> 0 | BF30: =SUM(BF31) -> 0 | BH30: =SUM(BH31) -> 0 | BJ30: =SUM(BJ31) -> 0 | BL30: =SUM(BL31) -> 0 | BN30: =SUM(BN31) -> 0 | BP30: =SUM(BP31) -> 0 | BR30: =SUM(BR31) -> 0 | BT30: =SUM(BT31) -> 0 | BV30: =SUM(BV31) -> 0 | BX30: =SUM(BX31) -> 0 | BZ30: =SUM(BZ31) -> 0 | CB30: =SUM(CB31) -> 0 | CD30: =SUM(CD31) -> 0 | CF30: =SUM(CF31) -> 0 | CH30: =SUM(CH31) -> 0 | CJ30: =SUM(CJ31) -> 0 | CL30: =SUM(CL31) -> 0 | CN30: =SUM(CN31) -> 0 | CP30: =SUM(CP31) -> 0 | CR30: =SUM(CR31) -> 0 | CT30: =SUM(CT31) -> 0
A31: =+APU!A110 -> 04-01-001 | B31: =+APU!B110 -> ACERO DE REFUERZO DE FY=420 MPa. COMPRENDE EL SUMINISTRO, TRANSPORTE, CORTE, DOBLAJE, FIGURACION Y COLOCACION DE BARRAS DE ACERO PARA EL REFUERZO DE ESTRUCTURAS Y DEMAS OBRAS QUE REQUIERAN DE ESTE ELEMENTO. | C31: =+APU!C110 -> KG | D31: =+APU!G110 -> 8863.5571 | E31: ='CANTIDADES DE OBRA'!Q243 -> 0 | F31: =$D$31*E31 -> 0 | G31: =+'CANTIDADES DE OBRA'!Z243 -> 0 | H31: =$D$31*G31 -> 0 | I31: =+'CANTIDADES DE OBRA'!AI243 -> 0 | J31: =$D$31*I31 -> 0 | K31: =+'CANTIDADES DE OBRA'!AR243 -> 0 | L31: =$D$31*K31 -> 0 | M31: =+'CANTIDADES DE OBRA'!BA243 -> 0 | N31: =$D$31*M31 -> 0 | O31: =+'CANTIDADES DE OBRA'!BJ243 -> 0 | P31: =$D$31*O31 -> 0 | Q31: =+'CANTIDADES DE OBRA'!BS243 -> 0 | R31: =$D$31*Q31 -> 0 | S31: =+'CANTIDADES DE OBRA'!CB243 -> 0 | T31: =$D$31*S31 -> 0 | U31: =+'CANTIDADES DE OBRA'!CK243 -> 0 | V31: =$D$31*U31 -> 0 | W31: =+'CANTIDADES DE OBRA'!CT243 -> 0 | X31: =$D$31*W31 -> 0 | Y31: =+'CANTIDADES DE OBRA'!DC243 -> 0 | Z31: =$D$31*Y31 -> 0 | AA31: =+'CANTIDADES DE OBRA'!DL243 -> 0 | AB31: =$D$31*AA31 -> 0 | AC31: =+'CANTIDADES DE OBRA'!DU243 -> 0 | AD31: =$D$31*AC31 -> 0 | AE31: =+'CANTIDADES DE OBRA'!ED243 -> 0 | AF31: =$D$31*AE31 -> 0 | AG31: =+'CANTIDADES DE OBRA'!EM243 -> 0 | AH31: =$D$31*AG31 -> 0 | AI31: =+'CANTIDADES DE OBRA'!EV243 -> 0 | AJ31: =$D$31*AI31 -> 0 | AK31: =+'CANTIDADES DE OBRA'!FE243 -> 0 | AL31: =$D$31*AK31 -> 0 | AM31: =+'CANTIDADES DE OBRA'!FN243 -> 0 | AN31: =$D$31*AM31 -> 0 | AO31: =+'CANTIDADES DE OBRA'!FW243 -> 0 | AP31: =$D$31*AO31 -> 0 | AQ31: =+'CANTIDADES DE OBRA'!GF243 -> 0 | AR31: =$D$31*AQ31 -> 0 | AS31: =+'CANTIDADES DE OBRA'!GO243 -> 0 | AT31: =$D$31*AS31 -> 0 | AU31: =+'CANTIDADES DE OBRA'!GX243 -> 0 | AV31: =$D$31*AU31 -> 0 | AW31: =+'CANTIDADES DE OBRA'!HG243 -> 0 | AX31: =$D$31*AW31 -> 0 | AY31: =+'CANTIDADES DE OBRA'!HP243 -> 0 | AZ31: =$D$31*AY31 -> 0 | BA31: =+'CANTIDADES DE OBRA'!HY243 -> 0 | BB31: =$D$31*BA31 -> 0 | BC31: =+'CANTIDADES DE OBRA'!IH243 -> 0 | BD31: =$D$31*BC31 -> 0 | BE31: =+'CANTIDADES DE OBRA'!IQ243 -> 0 | BF31: =$D$31*BE31 -> 0 | BG31: =+'CANTIDADES DE OBRA'!IZ243 -> 0 | BH31: =$D$31*BG31 -> 0 | BI31: =+'CANTIDADES DE OBRA'!JI243 -> 0 | BJ31: =$D$31*BI31 -> 0 | BK31: =+'CANTIDADES DE OBRA'!JR243 -> 0 | BL31: =$D$31*BK31 -> 0 | BM31: =+'CANTIDADES DE OBRA'!KA243 -> 0 | BN31: =$D$31*BM31 -> 0 | BO31: =+'CANTIDADES DE OBRA'!KJ243 -> 0 | BP31: =$D$31*BO31 -> 0 | BQ31: =+'CANTIDADES DE OBRA'!KS243 -> 0 | BR31: =$D$31*BQ31 -> 0 | BS31: =+'CANTIDADES DE OBRA'!LB243 -> 0 | BT31: =$D$31*BS31 -> 0 | BU31: =+'CANTIDADES DE OBRA'!LK243 -> 0 | BV31: =$D$31*BU31 -> 0 | BW31: =+'CANTIDADES DE OBRA'!LT243 -> 0 | BX31: =$D$31*BW31 -> 0 | BY31: =+'CANTIDADES DE OBRA'!MC243 -> 0 | BZ31: =$D$31*BY31 -> 0 | CA31: =+'CANTIDADES DE OBRA'!ML243 -> 0 | CB31: =$D$31*CA31 -> 0 | CC31: =+'CANTIDADES DE OBRA'!MU243 -> 0 | CD31: =$D$31*CC31 -> 0 | CE31: =+'CANTIDADES DE OBRA'!ND243 -> 0 | CF31: =$D$31*CE31 -> 0 | CG31: =+'CANTIDADES DE OBRA'!NM243 -> 0 | CH31: =$D$31*CG31 -> 0 | CI31: =+'CANTIDADES DE OBRA'!NV243 -> 0 | CJ31: =$D$31*CI31 -> 0 | CK31: =+'CANTIDADES DE OBRA'!OE243 -> 0 | CL31: =$D$31*CK31 -> 0 | CM31: =+'CANTIDADES DE OBRA'!ON243 -> 0 | CN31: =$D$31*CM31 -> 0 | CO31: =+'CANTIDADES DE OBRA'!OW243 -> 0 | CP31: =$D$31*CO31 -> 0 | CQ31: =+'CANTIDADES DE OBRA'!PF243 -> 0 | CR31: =$D$31*CQ31 -> 0 | CS31: =E31+G31+I31+K31+M31+O31+Q31+S31+U31+W31+Y31+AA31+AC31+AE31+AG31+AI31+AK31+AM31+AO31+AQ31+AS31+AU31+AW31+AY31+BA31+BC31+BE31+BG31+BI31+BK31+BM31+BO31+BQ31+BS31+BU31+BW31+BY31+CA31+CC31+CE31+CG31+CI31+CK31+CM31+CO31+CQ31 -> 0 | CT31: =CS31*D31 -> 0
A32: =+APU!A117 -> 05 | B32: =+APU!B117 -> MAMPOSTERIAS, DIVISIONES Y ELEMENTOS NO ESTRUCTURALES | CU32: =CT33+CT35 -> 558055.38 | CV32: =ROUND(CU32,0) -> 558055
A33: 05-01. | B33: DOVELAS | F33: =SUM(F34) -> 0 | H33: =SUM(H34) -> 0 | J33: =SUM(J34) -> 0 | L33: =SUM(L34) -> 0 | N33: =SUM(N34) -> 0 | P33: =SUM(P34) -> 0 | R33: =SUM(R34) -> 0 | T33: =SUM(T34) -> 0 | V33: =SUM(V34) -> 0 | X33: =SUM(X34) -> 0 | Z33: =SUM(Z34) -> 0 | AB33: =SUM(AB34) -> 0 | AD33: =SUM(AD34) -> 0 | AF33: =SUM(AF34) -> 0 | AH33: =SUM(AH34) -> 0 | AJ33: =SUM(AJ34) -> 0 | AL33: =SUM(AL34) -> 0 | AN33: =SUM(AN34) -> 0 | AP33: =SUM(AP34) -> 0 | AR33: =SUM(AR34) -> 0 | AT33: =SUM(AT34) -> 0 | AV33: =SUM(AV34) -> 0 | AX33: =SUM(AX34) -> 0 | AZ33: =SUM(AZ34) -> 0 | BB33: =SUM(BB34) -> 0 | BD33: =SUM(BD34) -> 0 | BF33: =SUM(BF34) -> 0 | BH33: =SUM(BH34) -> 0 | BJ33: =SUM(BJ34) -> 0 | BL33: =SUM(BL34) -> 0 | BN33: =SUM(BN34) -> 0 | BP33: =SUM(BP34) -> 0 | BR33: =SUM(BR34) -> 0 | BT33: =SUM(BT34) -> 0 | BV33: =SUM(BV34) -> 0 | BX33: =SUM(BX34) -> 0 | BZ33: =SUM(BZ34) -> 0 | CB33: =SUM(CB34) -> 0 | CD33: =SUM(CD34) -> 0 | CF33: =SUM(CF34) -> 0 | CH33: =SUM(CH34) -> 0 | CJ33: =SUM(CJ34) -> 0 | CL33: =SUM(CL34) -> 0 | CN33: =SUM(CN34) -> 0 | CP33: =SUM(CP34) -> 0 | CR33: =SUM(CR34) -> 0 | CT33: =SUM(CT34) -> 0
A34: =+APU!A118 -> 05-01-001 | B34: =+APU!B118 -> SUMINISTRO, TRANSPORTE Y COLOCACION DE CONCRETO FLUIDO PARA DOVELAS EN MAMPOSTERIA ESTRUCTURAL. INCLUYE ACERO DE REFUERZO Y GROUTING DE 21 MPa, ESPACIADAS DE ACUERDO A LOS DISEÑOS, O EN SU DEFECTO CADA 1.20 M Y EN LAS INTERSECCIONES DE MUROS. | C34: =+APU!C118 -> M | D34: =+APU!G118 -> 16085.708 | E34: ='CANTIDADES DE OBRA'!Q258 -> 0 | F34: =$D$34*E34 -> 0 | G34: =+'CANTIDADES DE OBRA'!Z258 -> 0 | H34: =$D$34*G34 -> 0 | I34: =+'CANTIDADES DE OBRA'!AI258 -> 0 | J34: =$D$34*I34 -> 0 | K34: =+'CANTIDADES DE OBRA'!AR258 -> 0 | L34: =$D$34*K34 -> 0 | M34: =+'CANTIDADES DE OBRA'!BA258 -> 0 | N34: =$D$34*M34 -> 0 | O34: =+'CANTIDADES DE OBRA'!BJ258 -> 0 | P34: =$D$34*O34 -> 0 | Q34: =+'CANTIDADES DE OBRA'!BS258 -> 0 | R34: =$D$34*Q34 -> 0 | S34: =+'CANTIDADES DE OBRA'!CB258 -> 0 | T34: =$D$34*S34 -> 0 | U34: =+'CANTIDADES DE OBRA'!CK258 -> 0 | V34: =$D$34*U34 -> 0 | W34: =+'CANTIDADES DE OBRA'!CT258 -> 0 | X34: =$D$34*W34 -> 0 | Y34: =+'CANTIDADES DE OBRA'!DC258 -> 0 | Z34: =$D$34*Y34 -> 0 | AA34: =+'CANTIDADES DE OBRA'!DL258 -> 0 | AB34: =$D$34*AA34 -> 0 | AC34: =+'CANTIDADES DE OBRA'!DU258 -> 0 | AD34: =$D$34*AC34 -> 0 | AE34: =+'CANTIDADES DE OBRA'!ED258 -> 0 | AF34: =$D$34*AE34 -> 0 | AG34: =+'CANTIDADES DE OBRA'!EM258 -> 0 | AH34: =$D$34*AG34 -> 0 | AI34: =+'CANTIDADES DE OBRA'!EV258 -> 0 | AJ34: =$D$34*AI34 -> 0 | AK34: =+'CANTIDADES DE OBRA'!FE258 -> 0 | AL34: =$D$34*AK34 -> 0 | AM34: =+'CANTIDADES DE OBRA'!FN258 -> 0 | AN34: =$D$34*AM34 -> 0 | AO34: =+'CANTIDADES DE OBRA'!FW258 -> 0 | AP34: =$D$34*AO34 -> 0 | AQ34: =+'CANTIDADES DE OBRA'!GF258 -> 0 | AR34: =$D$34*AQ34 -> 0 | AS34: =+'CANTIDADES DE OBRA'!GO258 -> 0 | AT34: =$D$34*AS34 -> 0 | AU34: =+'CANTIDADES DE OBRA'!GX258 -> 0 | AV34: =$D$34*AU34 -> 0 | AW34: =+'CANTIDADES DE OBRA'!HG258 -> 0 | AX34: =$D$34*AW34 -> 0 | AY34: =+'CANTIDADES DE OBRA'!HP258 -> 0 | AZ34: =$D$34*AY34 -> 0 | BA34: =+'CANTIDADES DE OBRA'!HY258 -> 0 | BB34: =$D$34*BA34 -> 0 | BC34: =+'CANTIDADES DE OBRA'!IH258 -> 0 | BD34: =$D$34*BC34 -> 0 | BE34: =+'CANTIDADES DE OBRA'!IQ258 -> 0 | BF34: =$D$34*BE34 -> 0 | BG34: =+'CANTIDADES DE OBRA'!IZ258 -> 0 | BH34: =$D$34*BG34 -> 0 | BI34: =+'CANTIDADES DE OBRA'!JI258 -> 0 | BJ34: =$D$34*BI34 -> 0 | BK34: =+'CANTIDADES DE OBRA'!JR258 -> 0 | BL34: =$D$34*BK34 -> 0 | BM34: =+'CANTIDADES DE OBRA'!KA258 -> 0 | BN34: =$D$34*BM34 -> 0 | BO34: =+'CANTIDADES DE OBRA'!KJ258 -> 0 | BP34: =$D$34*BO34 -> 0 | BQ34: =+'CANTIDADES DE OBRA'!KS258 -> 0 | BR34: =$D$34*BQ34 -> 0 | BS34: =+'CANTIDADES DE OBRA'!LB258 -> 0 | BT34: =$D$34*BS34 -> 0 | BU34: =+'CANTIDADES DE OBRA'!LK258 -> 0 | BV34: =$D$34*BU34 -> 0 | BW34: =+'CANTIDADES DE OBRA'!LT258 -> 0 | BX34: =$D$34*BW34 -> 0 | BY34: =+'CANTIDADES DE OBRA'!MC258 -> 0 | BZ34: =$D$34*BY34 -> 0 | CA34: =+'CANTIDADES DE OBRA'!ML258 -> 0 | CB34: =$D$34*CA34 -> 0 | CC34: =+'CANTIDADES DE OBRA'!MU258 -> 0 | CD34: =$D$34*CC34 -> 0 | CE34: =+'CANTIDADES DE OBRA'!ND258 -> 0 | CF34: =$D$34*CE34 -> 0 | CG34: =+'CANTIDADES DE OBRA'!NM258 -> 0 | CH34: =$D$34*CG34 -> 0 | CI34: =+'CANTIDADES DE OBRA'!NV258 -> 0 | CJ34: =$D$34*CI34 -> 0 | CK34: =+'CANTIDADES DE OBRA'!OE258 -> 0 | CL34: =$D$34*CK34 -> 0 | CM34: =+'CANTIDADES DE OBRA'!ON258 -> 0 | CN34: =$D$34*CM34 -> 0 | CO34: =+'CANTIDADES DE OBRA'!OW258 -> 0 | CP34: =$D$34*CO34 -> 0 | CQ34: =+'CANTIDADES DE OBRA'!PF258 -> 0 | CR34: =$D$34*CQ34 -> 0 | CS34: =E34+G34+I34+K34+M34+O34+Q34+S34+U34+W34+Y34+AA34+AC34+AE34+AG34+AI34+AK34+AM34+AO34+AQ34+AS34+AU34+AW34+AY34+BA34+BC34+BE34+BG34+BI34+BK34+BM34+BO34+BQ34+BS34+BU34+BW34+BY34+CA34+CC34+CE34+CG34+CI34+CK34+CM34+CO34+CQ34 -> 0 | CT34: =CS34*D34 -> 0
A35: 05-02. | B35: MUROS EN BLOQUE DE CONCRETO | F35: =SUM(F36) -> 0 | H35: =SUM(H36) -> 0 | J35: =SUM(J36) -> 0 | L35: =SUM(L36) -> 0 | N35: =SUM(N36) -> 0 | P35: =SUM(P36) -> 0 | R35: =SUM(R36) -> 0 | T35: =SUM(T36) -> 0 | V35: =SUM(V36) -> 0 | X35: =SUM(X36) -> 0 | Z35: =SUM(Z36) -> 0 | AB35: =SUM(AB36) -> 0 | AD35: =SUM(AD36) -> 0 | AF35: =SUM(AF36) -> 0 | AH35: =SUM(AH36) -> 0 | AJ35: =SUM(AJ36) -> 0 | AL35: =SUM(AL36) -> 0 | AN35: =SUM(AN36) -> 0 | AP35: =SUM(AP36) -> 0 | AR35: =SUM(AR36) -> 67416.086 | AT35: =SUM(AT36) -> 67416.086 | AV35: =SUM(AV36) -> 67416.086 | AX35: =SUM(AX36) -> 0 | AZ35: =SUM(AZ36) -> 0 | BB35: =SUM(BB36) -> 0 | BD35: =SUM(BD36) -> 0 | BF35: =SUM(BF36) -> 0 | BH35: =SUM(BH36) -> 0 | BJ35: =SUM(BJ36) -> 0 | BL35: =SUM(BL36) -> 0 | BN35: =SUM(BN36) -> 0 | BP35: =SUM(BP36) -> 0 | BR35: =SUM(BR36) -> 0 | BT35: =SUM(BT36) -> 0 | BV35: =SUM(BV36) -> 0 | BX35: =SUM(BX36) -> 0 | BZ35: =SUM(BZ36) -> 0 | CB35: =SUM(CB36) -> 0 | CD35: =SUM(CD36) -> 0 | CF35: =SUM(CF36) -> 288391.03 | CH35: =SUM(CH36) -> 0 | CJ35: =SUM(CJ36) -> 67416.086 | CL35: =SUM(CL36) -> 0 | CN35: =SUM(CN36) -> 0 | CP35: =SUM(CP36) -> 0 | CR35: =SUM(CR36) -> 0 | CT35: =SUM(CT36) -> 558055.38
A36: =+APU!A127 -> 05-02-001 | B36: =+APU!B127 -> CONSTRUCCION DE MAMPOSTERIA EN BLOQUE DE CONCRETO, PERFORACION VERTICAL, DE 10X20X40 CM, RESISTENCIA DE 10 MPa. INCLUYE EL SUMINISTRO, TRANSPORTE Y COLOCACION DEL BLOQUE VERTICAL, EL MORTERO DE PEGA TIPO S, ESPESOR MAX=0.01 M, ENCORAZADOS Y TODOS LOS ELEMENTOS NECESARIOS PARA SU CORRECTA INSTALACION. TODOS LOS CORTES SERAN REALIZADOS A MAQUINA. | C36: =+APU!C127 -> M2 | D36: =+APU!G127 -> 46816.726 | E36: =+'CANTIDADES DE OBRA'!Q273 -> 0 | F36: =$D$36*E36 -> 0 | G36: =+'CANTIDADES DE OBRA'!Z273 -> 0 | H36: =$D$36*G36 -> 0 | I36: =+'CANTIDADES DE OBRA'!AI273 -> 0 | J36: =$D$36*I36 -> 0 | K36: =+'CANTIDADES DE OBRA'!AR273 -> 0 | L36: =$D$36*K36 -> 0 | M36: =+'CANTIDADES DE OBRA'!BA273 -> 0 | N36: =$D$36*M36 -> 0 | O36: =+'CANTIDADES DE OBRA'!BJ273 -> 0 | P36: =$D$36*O36 -> 0 | Q36: =+'CANTIDADES DE OBRA'!BS273 -> 0 | R36: =$D$36*Q36 -> 0 | S36: =+'CANTIDADES DE OBRA'!CB273 -> 0 | T36: =$D$36*S36 -> 0 | U36: =+'CANTIDADES DE OBRA'!CK273 -> 0 | V36: =$D$36*U36 -> 0 | W36: =+'CANTIDADES DE OBRA'!CT273 -> 0 | X36: =$D$36*W36 -> 0 | Y36: =+'CANTIDADES DE OBRA'!DC273 -> 0 | Z36: =$D$36*Y36 -> 0 | AA36: =+'CANTIDADES DE OBRA'!DL273 -> 0 | AB36: =$D$36*AA36 -> 0 | AC36: =+'CANTIDADES DE OBRA'!DU273 -> 0 | AD36: =$D$36*AC36 -> 0 | AE36: =+'CANTIDADES DE OBRA'!ED273 -> 0 | AF36: =$D$36*AE36 -> 0 | AG36: =+'CANTIDADES DE OBRA'!EM273 -> 0 | AH36: =$D$36*AG36 -> 0 | AI36: =+'CANTIDADES DE OBRA'!EV273 -> 0 | AJ36: =$D$36*AI36 -> 0 | AK36: =+'CANTIDADES DE OBRA'!FE273 -> 0 | AL36: =$D$36*AK36 -> 0 | AM36: =+'CANTIDADES DE OBRA'!FN273 -> 0 | AN36: =$D$36*AM36 -> 0 | AO36: =+'CANTIDADES DE OBRA'!FW273 -> 0 | AP36: =$D$36*AO36 -> 0 | AQ36: =+'CANTIDADES DE OBRA'!GF273 -> 1.44 | AR36: =$D$36*AQ36 -> 67416.086 | AS36: =+'CANTIDADES DE OBRA'!GO273 -> 1.44 | AT36: =$D$36*AS36 -> 67416.086 | AU36: =+'CANTIDADES DE OBRA'!GX273 -> 1.44 | AV36: =$D$36*AU36 -> 67416.086 | AW36: =+'CANTIDADES DE OBRA'!HG273 -> 0 | AX36: =$D$36*AW36 -> 0 | AY36: =+'CANTIDADES DE OBRA'!HP273 -> 0 | AZ36: =$D$36*AY36 -> 0 | BA36: =+'CANTIDADES DE OBRA'!HY273 -> 0 | BB36: =$D$36*BA36 -> 0 | BC36: =+'CANTIDADES DE OBRA'!IH273 -> 0 | BD36: =$D$36*BC36 -> 0 | BE36: =+'CANTIDADES DE OBRA'!IQ273 -> 0 | BF36: =$D$36*BE36 -> 0 | BG36: =+'CANTIDADES DE OBRA'!IZ273 -> 0 | BH36: =$D$36*BG36 -> 0 | BI36: =+'CANTIDADES DE OBRA'!JI273 -> 0 | BJ36: =$D$36*BI36 -> 0 | BK36: =+'CANTIDADES DE OBRA'!JR273 -> 0 | BL36: =$D$36*BK36 -> 0 | BM36: =+'CANTIDADES DE OBRA'!KA273 -> 0 | BN36: =$D$36*BM36 -> 0 | BO36: =+'CANTIDADES DE OBRA'!KJ273 -> 0 | BP36: =$D$36*BO36 -> 0 | BQ36: =+'CANTIDADES DE OBRA'!KS273 -> 0 | BR36: =$D$36*BQ36 -> 0 | BS36: =+'CANTIDADES DE OBRA'!LB273 -> 0 | BT36: =$D$36*BS36 -> 0 | BU36: =+'CANTIDADES DE OBRA'!LK273 -> 0 | BV36: =$D$36*BU36 -> 0 | BW36: =+'CANTIDADES DE OBRA'!LT273 -> 0 | BX36: =$D$36*BW36 -> 0 | BY36: =+'CANTIDADES DE OBRA'!MC273 -> 0 | BZ36: =$D$36*BY36 -> 0 | CA36: =+'CANTIDADES DE OBRA'!ML273 -> 0 | CB36: =$D$36*CA36 -> 0 | CC36: =+'CANTIDADES DE OBRA'!MU273 -> 0 | CD36: =$D$36*CC36 -> 0 | CE36: =+'CANTIDADES DE OBRA'!ND273 -> 6.16 | CF36: =$D$36*CE36 -> 288391.03 | CG36: =+'CANTIDADES DE OBRA'!NM273 -> 0 | CH36: =$D$36*CG36 -> 0 | CI36: =+'CANTIDADES DE OBRA'!NV273 -> 1.44 | CJ36: =$D$36*CI36 -> 67416.086 | CK36: =+'CANTIDADES DE OBRA'!OE273 -> 0 | CL36: =$D$36*CK36 -> 0 | CM36: =+'CANTIDADES DE OBRA'!ON273 -> 0 | CN36: =$D$36*CM36 -> 0 | CO36: =+'CANTIDADES DE OBRA'!OW273 -> 0 | CP36: =$D$36*CO36 -> 0 | CQ36: =+'CANTIDADES DE OBRA'!PF273 -> 0 | CR36: =$D$36*CQ36 -> 0 | CS36: =E36+G36+I36+K36+M36+O36+Q36+S36+U36+W36+Y36+AA36+AC36+AE36+AG36+AI36+AK36+AM36+AO36+AQ36+AS36+AU36+AW36+AY36+BA36+BC36+BE36+BG36+BI36+BK36+BM36+BO36+BQ36+BS36+BU36+BW36+BY36+CA36+CC36+CE36+CG36+CI36+CK36+CM36+CO36+CQ36 -> 11.92 | CT36: =CS36*D36 -> 558055.38
A37: =+APU!A137 -> 06 | B37: =+APU!B137 -> CUBIERTAS Y CIELOS | CU37: =CT38 -> 0 | CV37: =ROUND(CU37,0) -> 0
A38: 06-01. | B38: CUBIERTA | F38: =SUM(F39:F41) -> 0 | H38: =SUM(H39:H41) -> 0 | J38: =SUM(J39:J41) -> 0 | L38: =SUM(L39:L41) -> 0 | N38: =SUM(N39:N41) -> 0 | P38: =SUM(P39:P41) -> 0 | R38: =SUM(R39:R41) -> 0 | T38: =SUM(T39:T41) -> 0 | V38: =SUM(V39:V41) -> 0 | X38: =SUM(X39:X41) -> 0 | Z38: =SUM(Z39:Z41) -> 0 | AB38: =SUM(AB39:AB41) -> 0 | AD38: =SUM(AD39:AD41) -> 0 | AF38: =SUM(AF39:AF41) -> 0 | AH38: =SUM(AH39:AH41) -> 0 | AJ38: =SUM(AJ39:AJ41) -> 0 | AL38: =SUM(AL39:AL41) -> 0 | AN38: =SUM(AN39:AN41) -> 0 | AP38: =SUM(AP39:AP41) -> 0 | AR38: =SUM(AR39:AR41) -> 0 | AT38: =SUM(AT39:AT41) -> 0 | AV38: =SUM(AV39:AV41) -> 0 | AX38: =SUM(AX39:AX41) -> 0 | AZ38: =SUM(AZ39:AZ41) -> 0 | BB38: =SUM(BB39:BB41) -> 0 | BD38: =SUM(BD39:BD41) -> 0 | BF38: =SUM(BF39:BF41) -> 0 | BH38: =SUM(BH39:BH41) -> 0 | BJ38: =SUM(BJ39:BJ41) -> 0 | BL38: =SUM(BL39:BL41) -> 0 | BN38: =SUM(BN39:BN41) -> 0 | BP38: =SUM(BP39:BP41) -> 0 | BR38: =SUM(BR39:BR41) -> 0 | BT38: =SUM(BT39:BT41) -> 0 | BV38: =SUM(BV39:BV41) -> 0 | BX38: =SUM(BX39:BX41) -> 0 | BZ38: =SUM(BZ39:BZ41) -> 0 | CB38: =SUM(CB39:CB41) -> 0 | CD38: =SUM(CD39:CD41) -> 0 | CF38: =SUM(CF39:CF41) -> 0 | CH38: =SUM(CH39:CH41) -> 0 | CJ38: =SUM(CJ39:CJ41) -> 0 | CL38: =SUM(CL39:CL41) -> 0 | CN38: =SUM(CN39:CN41) -> 0 | CP38: =SUM(CP39:CP41) -> 0 | CR38: =SUM(CR39:CR41) -> 0 | CT38: =SUM(CT39:CT42) -> 0
A39: =+APU!A138 -> 06-01-001 | B39: =+APU!B138 -> SUMINISTRO, TRANSPORTE E INSTALACION DE CUBIERTA EN TEJA FIBROCEMENTO #8 2,44 X 0,92 METROS = 2,25 M2. ETERNIT O SIMILAR, INCLUYE AMARRAS PARA INSTALACION A MADERA, SISTEMAS DE ANCLAJE A CONCRETO Y DE FIJACION ENTRE ESTAS. LA MEDIDA SERA TOMADA EN PENDIENTE DE CUBIERTA. | C39: =+APU!C138 -> M2 | D39: =+APU!G138 -> 39545.346 | E39: =+'CANTIDADES DE OBRA'!Q288 -> 0 | F39: =$D$39*E39 -> 0 | G39: =+'CANTIDADES DE OBRA'!Z288 -> 0 | H39: =$D$39*G39 -> 0 | I39: =+'CANTIDADES DE OBRA'!AI288 -> 0 | J39: =$D$39*I39 -> 0 | K39: =+'CANTIDADES DE OBRA'!AR288 -> 0 | L39: =$D$39*K39 -> 0 | M39: =+'CANTIDADES DE OBRA'!BA288 -> 0 | N39: =$D$39*M39 -> 0 | O39: =+'CANTIDADES DE OBRA'!BJ288 -> 0 | P39: =$D$39*O39 -> 0 | Q39: =+'CANTIDADES DE OBRA'!BS288 -> 0 | R39: =$D$39*Q39 -> 0 | S39: =+'CANTIDADES DE OBRA'!CB288 -> 0 | T39: =$D$39*S39 -> 0 | U39: =+'CANTIDADES DE OBRA'!CK288 -> 0 | V39: =$D$39*U39 -> 0 | W39: =+'CANTIDADES DE OBRA'!CT288 -> 0 | X39: =$D$39*W39 -> 0 | Y39: =+'CANTIDADES DE OBRA'!DC288 -> 0 | Z39: =$D$39*Y39 -> 0 | AA39: =+'CANTIDADES DE OBRA'!DL288 -> 0 | AB39: =$D$39*AA39 -> 0 | AC39: =+'CANTIDADES DE OBRA'!DU288 -> 0 | AD39: =$D$39*AC39 -> 0 | AE39: =+'CANTIDADES DE OBRA'!ED288 -> 0 | AF39: =$D$39*AE39 -> 0 | AG39: =+'CANTIDADES DE OBRA'!EM288 -> 0 | AH39: =$D$39*AG39 -> 0 | AI39: =+'CANTIDADES DE OBRA'!EV288 -> 0 | AJ39: =$D$39*AI39 -> 0 | AK39: =+'CANTIDADES DE OBRA'!FE288 -> 0 | AL39: =$D$39*AK39 -> 0 | AM39: =+'CANTIDADES DE OBRA'!FN288 -> 0 | AN39: =$D$39*AM39 -> 0 | AO39: =+'CANTIDADES DE OBRA'!FW288 -> 0 | AP39: =$D$39*AO39 -> 0 | AQ39: =+'CANTIDADES DE OBRA'!GF288 -> 0 | AR39: =$D$39*AQ39 -> 0 | AS39: =+'CANTIDADES DE OBRA'!GO288 -> 0 | AT39: =$D$39*AS39 -> 0 | AU39: =+'CANTIDADES DE OBRA'!GX288 -> 0 | AV39: =$D$39*AU39 -> 0 | AW39: =+'CANTIDADES DE OBRA'!HG288 -> 0 | AX39: =$D$39*AW39 -> 0 | AY39: =+'CANTIDADES DE OBRA'!HP288 -> 0 | AZ39: =$D$39*AY39 -> 0 | BA39: =+'CANTIDADES DE OBRA'!HY288 -> 0 | BB39: =$D$39*BA39 -> 0 | BC39: =+'CANTIDADES DE OBRA'!IH288 -> 0 | BD39: =$D$39*BC39 -> 0 | BE39: =+'CANTIDADES DE OBRA'!IQ288 -> 0 | BF39: =$D$39*BE39 -> 0 | BG39: =+'CANTIDADES DE OBRA'!IZ288 -> 0 | BH39: =$D$39*BG39 -> 0 | BI39: =+'CANTIDADES DE OBRA'!JI288 -> 0 | BJ39: =$D$39*BI39 -> 0 | BK39: =+'CANTIDADES DE OBRA'!JR288 -> 0 | BL39: =$D$39*BK39 -> 0 | BM39: =+'CANTIDADES DE OBRA'!KA288 -> 0 | BN39: =$D$39*BM39 -> 0 | BO39: =+'CANTIDADES DE OBRA'!KJ288 -> 0 | BP39: =$D$39*BO39 -> 0 | BQ39: =+'CANTIDADES DE OBRA'!KS288 -> 0 | BR39: =$D$39*BQ39 -> 0 | BS39: =+'CANTIDADES DE OBRA'!LB288 -> 0 | BT39: =$D$39*BS39 -> 0 | BU39: =+'CANTIDADES DE OBRA'!LK288 -> 0 | BV39: =$D$39*BU39 -> 0 | BW39: =+'CANTIDADES DE OBRA'!LT288 -> 0 | BX39: =$D$39*BW39 -> 0 | BY39: =+'CANTIDADES DE OBRA'!MC288 -> 0 | BZ39: =$D$39*BY39 -> 0 | CA39: =+'CANTIDADES DE OBRA'!ML288 -> 0 | CB39: =$D$39*CA39 -> 0 | CC39: =+'CANTIDADES DE OBRA'!MU288 -> 0 | CD39: =$D$39*CC39 -> 0 | CE39: =+'CANTIDADES DE OBRA'!ND288 -> 0 | CF39: =$D$39*CE39 -> 0 | CG39: =+'CANTIDADES DE OBRA'!NM288 -> 0 | CH39: =$D$39*CG39 -> 0 | CI39: =+'CANTIDADES DE OBRA'!NV288 -> 0 | CJ39: =$D$39*CI39 -> 0 | CK39: =+'CANTIDADES DE OBRA'!OE288 -> 0 | CL39: =$D$39*CK39 -> 0 | CM39: =+'CANTIDADES DE OBRA'!ON288 -> 0 | CN39: =$D$39*CM39 -> 0 | CO39: =+'CANTIDADES DE OBRA'!OW288 -> 0 | CP39: =$D$39*CO39 -> 0 | CQ39: =+'CANTIDADES DE OBRA'!PF288 -> 0 | CR39: =$D$39*CQ39 -> 0 | CS39: =E39+G39+I39+K39+M39+O39+Q39+S39+U39+W39+Y39+AA39+AC39+AE39+AG39+AI39+AK39+AM39+AO39+AQ39+AS39+AU39+AW39+AY39+BA39+BC39+BE39+BG39+BI39+BK39+BM39+BO39+BQ39+BS39+BU39+BW39+BY39+CA39+CC39+CE39+CG39+CI39+CK39+CM39+CO39+CQ39 -> 0 | CT39: =CS39*D39 -> 0
A40: =+APU!A146 -> 06-01-002 | B40: =+APU!B146 -> SUMINISTRO, TRANSPORTE E INSTALACION DE SOPORTE (DURMIENTES) DE TEJAS, EN MADERA DE 4"X3", INCLUYE ANCLAJES Y TODO LO NECESARIO PARA SU CORRECTO FUNCIONAMIENTO. | C40: =+APU!C146 -> M | D40: =+APU!G146 -> 18247.17 | E40: =+'CANTIDADES DE OBRA'!Q303 -> 0 | F40: =$D$40*E40 -> 0 | G40: =+'CANTIDADES DE OBRA'!Z303 -> 0 | H40: =$D$40*G40 -> 0 | I40: =+'CANTIDADES DE OBRA'!AI303 -> 0 | J40: =$D$40*I40 -> 0 | K40: =+'CANTIDADES DE OBRA'!AR303 -> 0 | L40: =$D$40*K40 -> 0 | M40: =+'CANTIDADES DE OBRA'!BA303 -> 0 | N40: =$D$40*M40 -> 0 | O40: =+'CANTIDADES DE OBRA'!BJ303 -> 0 | P40: =$D$40*O40 -> 0 | Q40: =+'CANTIDADES DE OBRA'!BS303 -> 0 | R40: =$D$40*Q40 -> 0 | S40: =+'CANTIDADES DE OBRA'!CB303 -> 0 | T40: =$D$40*S40 -> 0 | U40: =+'CANTIDADES DE OBRA'!CK303 -> 0 | V40: =$D$40*U40 -> 0 | W40: =+'CANTIDADES DE OBRA'!CT303 -> 0 | X40: =$D$40*W40 -> 0 | Y40: =+'CANTIDADES DE OBRA'!DC303 -> 0 | Z40: =$D$40*Y40 -> 0 | AA40: =+'CANTIDADES DE OBRA'!DL303 -> 0 | AB40: =$D$40*AA40 -> 0 | AC40: =+'CANTIDADES DE OBRA'!DU303 -> 0 | AD40: =$D$40*AC40 -> 0 | AE40: =+'CANTIDADES DE OBRA'!ED303 -> 0 | AF40: =$D$40*AE40 -> 0 | AG40: =+'CANTIDADES DE OBRA'!EM303 -> 0 | AH40: =$D$40*AG40 -> 0 | AI40: =+'CANTIDADES DE OBRA'!EV303 -> 0 | AJ40: =$D$40*AI40 -> 0 | AK40: =+'CANTIDADES DE OBRA'!FE303 -> 0 | AL40: =$D$40*AK40 -> 0 | AM40: =+'CANTIDADES DE OBRA'!FN303 -> 0 | AN40: =$D$40*AM40 -> 0 | AO40: =+'CANTIDADES DE OBRA'!FW303 -> 0 | AP40: =$D$40*AO40 -> 0 | AQ40: =+'CANTIDADES DE OBRA'!GF303 -> 0 | AR40: =$D$40*AQ40 -> 0 | AS40: =+'CANTIDADES DE OBRA'!GO303 -> 0 | AT40: =$D$40*AS40 -> 0 | AU40: =+'CANTIDADES DE OBRA'!GX303 -> 0 | AV40: =$D$40*AU40 -> 0 | AW40: =+'CANTIDADES DE OBRA'!HG303 -> 0 | AX40: =$D$40*AW40 -> 0 | AY40: =+'CANTIDADES DE OBRA'!HP303 -> 0 | AZ40: =$D$40*AY40 -> 0 | BA40: =+'CANTIDADES DE OBRA'!HY303 -> 0 | BB40: =$D$40*BA40 -> 0 | BC40: =+'CANTIDADES DE OBRA'!IH303 -> 0 | BD40: =$D$40*BC40 -> 0 | BE40: =+'CANTIDADES DE OBRA'!IQ303 -> 0 | BF40: =$D$40*BE40 -> 0 | BG40: =+'CANTIDADES DE OBRA'!IZ303 -> 0 | BH40: =$D$40*BG40 -> 0 | BI40: =+'CANTIDADES DE OBRA'!JI303 -> 0 | BJ40: =$D$40*BI40 -> 0 | BK40: =+'CANTIDADES DE OBRA'!JR303 -> 0 | BL40: =$D$40*BK40 -> 0 | BM40: =+'CANTIDADES DE OBRA'!KA303 -> 0 | BN40: =$D$40*BM40 -> 0 | BO40: =+'CANTIDADES DE OBRA'!KJ303 -> 0 | BP40: =$D$40*BO40 -> 0 | BQ40: =+'CANTIDADES DE OBRA'!KS303 -> 0 | BR40: =$D$40*BQ40 -> 0 | BS40: =+'CANTIDADES DE OBRA'!LB303 -> 0 | BT40: =$D$40*BS40 -> 0 | BU40: =+'CANTIDADES DE OBRA'!LK303 -> 0 | BV40: =$D$40*BU40 -> 0 | BW40: =+'CANTIDADES DE OBRA'!LT303 -> 0 | BX40: =$D$40*BW40 -> 0 | BY40: =+'CANTIDADES DE OBRA'!MC303 -> 0 | BZ40: =$D$40*BY40 -> 0 | CA40: =+'CANTIDADES DE OBRA'!ML303 -> 0 | CB40: =$D$40*CA40 -> 0 | CC40: =+'CANTIDADES DE OBRA'!MU303 -> 0 | CD40: =$D$40*CC40 -> 0 | CE40: =+'CANTIDADES DE OBRA'!ND303 -> 0 | CF40: =$D$40*CE40 -> 0 | CG40: =+'CANTIDADES DE OBRA'!NM303 -> 0 | CH40: =$D$40*CG40 -> 0 | CI40: =+'CANTIDADES DE OBRA'!NV303 -> 0 | CJ40: =$D$40*CI40 -> 0 | CK40: =+'CANTIDADES DE OBRA'!OE303 -> 0 | CL40: =$D$40*CK40 -> 0 | CM40: =+'CANTIDADES DE OBRA'!ON303 -> 0 | CN40: =$D$40*CM40 -> 0 | CO40: =+'CANTIDADES DE OBRA'!OW303 -> 0 | CP40: =$D$40*CO40 -> 0 | CQ40: =+'CANTIDADES DE OBRA'!PF303 -> 0 | CR40: =$D$40*CQ40 -> 0 | CS40: =E40+G40+I40+K40+M40+O40+Q40+S40+U40+W40+Y40+AA40+AC40+AE40+AG40+AI40+AK40+AM40+AO40+AQ40+AS40+AU40+AW40+AY40+BA40+BC40+BE40+BG40+BI40+BK40+BM40+BO40+BQ40+BS40+BU40+BW40+BY40+CA40+CC40+CE40+CG40+CI40+CK40+CM40+CO40+CQ40 -> 0 | CT40: =CS40*D40 -> 0
A41: =+APU!A155 -> 06-01-003 | B41: =+APU!B155 -> SUMINISTRO, TRANSPORTE E INSTALACION DE SOPORTE (ALFARDAS O CORREAS) EN MADERA DE SOPORTE DE CUBIERTA EN ABARCO O SIMILAR, DE 2"X3", INCLUYE ANCLAJES Y TODO LO NECESARIO PARA SU CORRECTO FUNCIONAMIENTO. | C41: =+APU!C155 -> M | D41: =+APU!G155 -> 16696.236 | E41: =+'CANTIDADES DE OBRA'!Q318 -> 0 | F41: =$D$41*E41 -> 0 | G41: =+'CANTIDADES DE OBRA'!Z318 -> 0 | H41: =$D$41*G41 -> 0 | I41: =+'CANTIDADES DE OBRA'!AI318 -> 0 | J41: =$D$41*I41 -> 0 | K41: =+'CANTIDADES DE OBRA'!AR318 -> 0 | L41: =$D$41*K41 -> 0 | M41: =+'CANTIDADES DE OBRA'!BA318 -> 0 | N41: =$D$41*M41 -> 0 | O41: =+'CANTIDADES DE OBRA'!BJ318 -> 0 | P41: =$D$41*O41 -> 0 | Q41: =+'CANTIDADES DE OBRA'!BS318 -> 0 | R41: =$D$41*Q41 -> 0 | S41: =+'CANTIDADES DE OBRA'!CB318 -> 0 | T41: =$D$41*S41 -> 0 | U41: =+'CANTIDADES DE OBRA'!CK318 -> 0 | V41: =$D$41*U41 -> 0 | W41: =+'CANTIDADES DE OBRA'!CT318 -> 0 | X41: =$D$41*W41 -> 0 | Y41: =+'CANTIDADES DE OBRA'!DC318 -> 0 | Z41: =$D$41*Y41 -> 0 | AA41: =+'CANTIDADES DE OBRA'!DL318 -> 0 | AB41: =$D$41*AA41 -> 0 | AC41: =+'CANTIDADES DE OBRA'!DU318 -> 0 | AD41: =$D$41*AC41 -> 0 | AE41: =+'CANTIDADES DE OBRA'!ED318 -> 0 | AF41: =$D$41*AE41 -> 0 | AG41: =+'CANTIDADES DE OBRA'!EM318 -> 0 | AH41: =$D$41*AG41 -> 0 | AI41: =+'CANTIDADES DE OBRA'!EV318 -> 0 | AJ41: =$D$41*AI41 -> 0 | AK41: =+'CANTIDADES DE OBRA'!FE318 -> 0 | AL41: =$D$41*AK41 -> 0 | AM41: =+'CANTIDADES DE OBRA'!FN318 -> 0 | AN41: =$D$41*AM41 -> 0 | AO41: =+'CANTIDADES DE OBRA'!FW318 -> 0 | AP41: =$D$41*AO41 -> 0 | AQ41: =+'CANTIDADES DE OBRA'!GF318 -> 0 | AR41: =$D$41*AQ41 -> 0 | AS41: =+'CANTIDADES DE OBRA'!GO318 -> 0 | AT41: =$D$41*AS41 -> 0 | AU41: =+'CANTIDADES DE OBRA'!GX318 -> 0 | AV41: =$D$41*AU41 -> 0 | AW41: =+'CANTIDADES DE OBRA'!HG318 -> 0 | AX41: =$D$41*AW41 -> 0 | AY41: =+'CANTIDADES DE OBRA'!HP318 -> 0 | AZ41: =$D$41*AY41 -> 0 | BA41: =+'CANTIDADES DE OBRA'!HY318 -> 0 | BB41: =$D$41*BA41 -> 0 | BC41: =+'CANTIDADES DE OBRA'!IH318 -> 0 | BD41: =$D$41*BC41 -> 0 | BE41: =+'CANTIDADES DE OBRA'!IQ318 -> 0 | BF41: =$D$41*BE41 -> 0 | BG41: =+'CANTIDADES DE OBRA'!IZ318 -> 0 | BH41: =$D$41*BG41 -> 0 | BI41: =+'CANTIDADES DE OBRA'!JI318 -> 0 | BJ41: =$D$41*BI41 -> 0 | BK41: =+'CANTIDADES DE OBRA'!JR318 -> 0 | BL41: =$D$41*BK41 -> 0 | BM41: =+'CANTIDADES DE OBRA'!KA318 -> 0 | BN41: =$D$41*BM41 -> 0 | BO41: =+'CANTIDADES DE OBRA'!KJ318 -> 0 | BP41: =$D$41*BO41 -> 0 | BQ41: =+'CANTIDADES DE OBRA'!KS318 -> 0 | BR41: =$D$41*BQ41 -> 0 | BS41: =+'CANTIDADES DE OBRA'!LB318 -> 0 | BT41: =$D$41*BS41 -> 0 | BU41: =+'CANTIDADES DE OBRA'!LK318 -> 0 | BV41: =$D$41*BU41 -> 0 | BW41: =+'CANTIDADES DE OBRA'!LT318 -> 0 | BX41: =$D$41*BW41 -> 0 | BY41: =+'CANTIDADES DE OBRA'!MC318 -> 0 | BZ41: =$D$41*BY41 -> 0 | CA41: =+'CANTIDADES DE OBRA'!ML318 -> 0 | CB41: =$D$41*CA41 -> 0 | CC41: =+'CANTIDADES DE OBRA'!MU318 -> 0 | CD41: =$D$41*CC41 -> 0 | CE41: =+'CANTIDADES DE OBRA'!ND318 -> 0 | CF41: =$D$41*CE41 -> 0 | CG41: =+'CANTIDADES DE OBRA'!NM318 -> 0 | CH41: =$D$41*CG41 -> 0 | CI41: =+'CANTIDADES DE OBRA'!NV318 -> 0 | CJ41: =$D$41*CI41 -> 0 | CK41: =+'CANTIDADES DE OBRA'!OE318 -> 0 | CL41: =$D$41*CK41 -> 0 | CM41: =+'CANTIDADES DE OBRA'!ON318 -> 0 | CN41: =$D$41*CM41 -> 0 | CO41: =+'CANTIDADES DE OBRA'!OW318 -> 0 | CP41: =$D$41*CO41 -> 0 | CQ41: =+'CANTIDADES DE OBRA'!PF318 -> 0 | CR41: =$D$41*CQ41 -> 0 | CS41: =E41+G41+I41+K41+M41+O41+Q41+S41+U41+W41+Y41+AA41+AC41+AE41+AG41+AI41+AK41+AM41+AO41+AQ41+AS41+AU41+AW41+AY41+BA41+BC41+BE41+BG41+BI41+BK41+BM41+BO41+BQ41+BS41+BU41+BW41+BY41+CA41+CC41+CE41+CG41+CI41+CK41+CM41+CO41+CQ41 -> 0 | CT41: =CS41*D41 -> 0
A42: 06-01-004 | B42: =APU!B164 -> SUMINISTRO, TRANSPORTE Y COLOCACIÓN DE RUANA EN LÁMINA GALVANIZADA CALIBRE 24., DESARROLLO 40 CM. INCLUYE CANCHADA DE MURO, FAJA DE REVOQUE IMPERMEABILIZADA, CON FILETE., PINTURA ANTICORROSIVA Y A BASE DE ACEITE, PESTAÑA DE 5 CM, Y TODOS LOS ELEMENTOS NECESARIOS PARA SU CORRECTA CONSTRUCCIÓN. SEGÚN DISEÑO DE CUBIERTA. | C42: M | D42: =+APU!G164 -> 28157.258 | E42: =+'CANTIDADES DE OBRA'!Q333 -> 0 | F42: =$D$42*E42 -> 0 | G42: =+'CANTIDADES DE OBRA'!Z333 -> 0 | H42: =$D$42*G42 -> 0 | I42: =+'CANTIDADES DE OBRA'!AI333 -> 0 | J42: =$D$42*I42 -> 0 | K42: =+'CANTIDADES DE OBRA'!AR333 -> 0 | L42: =$D$42*K42 -> 0 | M42: =+'CANTIDADES DE OBRA'!BA333 -> 0 | N42: =$D$42*M42 -> 0 | O42: =+'CANTIDADES DE OBRA'!BJ333 -> 0 | P42: =$D$42*O42 -> 0 | Q42: =+'CANTIDADES DE OBRA'!BS333 -> 0 | R42: =$D$42*Q42 -> 0 | S42: =+'CANTIDADES DE OBRA'!CB333 -> 0 | T42: =$D$42*S42 -> 0 | U42: =+'CANTIDADES DE OBRA'!CK333 -> 0 | V42: =$D$42*U42 -> 0 | W42: =+'CANTIDADES DE OBRA'!CT333 -> 0 | X42: =$D$42*W42 -> 0 | Y42: =+'CANTIDADES DE OBRA'!DC333 -> 0 | Z42: =$D$42*Y42 -> 0 | AA42: =+'CANTIDADES DE OBRA'!DL333 -> 0 | AB42: =$D$42*AA42 -> 0 | AC42: =+'CANTIDADES DE OBRA'!DU333 -> 0 | AD42: =$D$42*AC42 -> 0 | AE42: =+'CANTIDADES DE OBRA'!ED333 -> 0 | AF42: =$D$42*AE42 -> 0 | AG42: =+'CANTIDADES DE OBRA'!EM333 -> 0 | AH42: =$D$42*AG42 -> 0 | AI42: =+'CANTIDADES DE OBRA'!EV333 -> 0 | AJ42: =$D$42*AI42 -> 0 | AK42: =+'CANTIDADES DE OBRA'!FE333 -> 0 | AL42: =$D$42*AK42 -> 0 | AM42: =+'CANTIDADES DE OBRA'!FN333 -> 0 | AN42: =$D$42*AM42 -> 0 | AO42: =+'CANTIDADES DE OBRA'!FW333 -> 0 | AP42: =$D$42*AO42 -> 0 | AQ42: =+'CANTIDADES DE OBRA'!GF333 -> 0 | AR42: =$D$42*AQ42 -> 0 | AS42: =+'CANTIDADES DE OBRA'!GO333 -> 0 | AT42: =$D$42*AS42 -> 0 | AU42: =+'CANTIDADES DE OBRA'!GX333 -> 0 | AV42: =$D$42*AU42 -> 0 | AW42: =+'CANTIDADES DE OBRA'!HG333 -> 0 | AX42: =$D$42*AW42 -> 0 | AY42: =+'CANTIDADES DE OBRA'!HP333 -> 0 | AZ42: =$D$42*AY42 -> 0 | BA42: =+'CANTIDADES DE OBRA'!HY333 -> 0 | BB42: =$D$42*BA42 -> 0 | BC42: =+'CANTIDADES DE OBRA'!IQ333 -> 0 | BD42: =$D$42*BC42 -> 0 | BE42: =+'CANTIDADES DE OBRA'!IQ333 -> 0 | BF42: =$D$42*BE42 -> 0 | BG42: =+'CANTIDADES DE OBRA'!IZ333 -> 0 | BH42: =$D$42*BG42 -> 0 | BI42: =+'CANTIDADES DE OBRA'!JI333 -> 0 | BJ42: =$D$42*BI42 -> 0 | BK42: =+'CANTIDADES DE OBRA'!JR333 -> 0 | BL42: =$D$42*BK42 -> 0 | BM42: =+'CANTIDADES DE OBRA'!KA333 -> 0 | BN42: =$D$42*BM42 -> 0 | BO42: =+'CANTIDADES DE OBRA'!KJ333 -> 0 | BP42: =$D$42*BO42 -> 0 | BQ42: =+'CANTIDADES DE OBRA'!KS333 -> 0 | BR42: =$D$42*BQ42 -> 0 | BS42: =+'CANTIDADES DE OBRA'!LB333 -> 0 | BT42: =$D$42*BS42 -> 0 | BU42: =+'CANTIDADES DE OBRA'!LK333 -> 0 | BV42: =$D$42*BU42 -> 0 | BW42: =+'CANTIDADES DE OBRA'!LT333 -> 0 | BX42: =$D$42*BW42 -> 0 | BY42: =+'CANTIDADES DE OBRA'!MC333 -> 0 | BZ42: =$D$42*BY42 -> 0 | CA42: =+'CANTIDADES DE OBRA'!ML333 -> 0 | CB42: =$D$42*CA42 -> 0 | CC42: =+'CANTIDADES DE OBRA'!MU333 -> 0 | CD42: =$D$42*CC42 -> 0 | CE42: =+'CANTIDADES DE OBRA'!ND333 -> 0 | CF42: =$D$42*CE42 -> 0 | CG42: =+'CANTIDADES DE OBRA'!NM333 -> 0 | CH42: =$D$42*CG42 -> 0 | CI42: =+'CANTIDADES DE OBRA'!NV333 -> 0 | CJ42: =$D$42*CI42 -> 0 | CK42: =+'CANTIDADES DE OBRA'!OE333 -> 0 | CL42: =$D$42*CK42 -> 0 | CM42: =+'CANTIDADES DE OBRA'!ON333 -> 0 | CN42: =$D$42*CM42 -> 0 | CO42: =+'CANTIDADES DE OBRA'!OW333 -> 0 | CP42: =$D$42*CO42 -> 0 | CQ42: =+'CANTIDADES DE OBRA'!PF333 -> 0 | CR42: =$D$42*CQ42 -> 0 | CS42: =E42+G42+I42+K42+M42+O42+Q42+S42+U42+W42+Y42+AA42+AC42+AE42+AG42+AI42+AK42+AM42+AO42+AQ42+AS42+AU42+AW42+AY42+BA42+BC42+BE42+BG42+BI42+BK42+BM42+BO42+BQ42+BS42+BU42+BW42+BY42+CA42+CC42+CE42+CG42+CI42+CK42+CM42+CO42+CQ42 -> 0 | CT42: =CS42*D42 -> 0
A43: =+APU!A175 -> 07 | B43: =+APU!B175 -> RECUBRIMIENTOS | CU43: =CT44+CT46+CT49 -> 15114934 | CV43: =ROUND(CU43,0) -> 15114934
A44: 07-01. | B44: REVOQUES | F44: =SUM(F45:F45) -> 0 | H44: =SUM(H45:H45) -> 0 | J44: =SUM(J45:J45) -> 0 | L44: =SUM(L45:L45) -> 0 | N44: =SUM(N45:N45) -> 0 | P44: =SUM(P45:P45) -> 0 | R44: =SUM(R45:R45) -> 0 | T44: =SUM(T45:T45) -> 0 | V44: =SUM(V45:V45) -> 0 | X44: =SUM(X45:X45) -> 0 | Z44: =SUM(Z45:Z45) -> 0 | AB44: =SUM(AB45:AB45) -> 0 | AD44: =SUM(AD45:AD45) -> 0 | AF44: =SUM(AF45:AF45) -> 0 | AH44: =SUM(AH45:AH45) -> 0 | AJ44: =SUM(AJ45:AJ45) -> 0 | AL44: =SUM(AL45:AL45) -> 0 | AN44: =SUM(AN45:AN45) -> 0 | AP44: =SUM(AP45:AP45) -> 0 | AR44: =SUM(AR45:AR45) -> 94031.326 | AT44: =SUM(AT45:AT45) -> 94031.326 | AV44: =SUM(AV45:AV45) -> 94031.326 | AX44: =SUM(AX45:AX45) -> 248906.45 | AZ44: =SUM(AZ45:AZ45) -> 215718.92 | BB44: =SUM(BB45:BB45) -> 215718.92 | BD44: =SUM(BD45:BD45) -> 298687.74 | BF44: =SUM(BF45:BF45) -> 0 | BH44: =SUM(BH45:BH45) -> 389953.44 | BJ44: =SUM(BJ45:BJ45) -> 389953.44 | BL44: =SUM(BL45:BL45) -> 0 | BN44: =SUM(BN45:BN45) -> 0 | BP44: =SUM(BP45:BP45) -> 0 | BR44: =SUM(BR45:BR45) -> 0 | BT44: =SUM(BT45:BT45) -> 0 | BV44: =SUM(BV45:BV45) -> 0 | BX44: =SUM(BX45:BX45) -> 0 | BZ44: =SUM(BZ45:BZ45) -> 0 | CB44: =SUM(CB45:CB45) -> 0 | CD44: =SUM(CD45:CD45) -> 315281.5 | CF44: =SUM(CF45:CF45) -> 365062.79 | CH44: =SUM(CH45:CH45) -> 298687.74 | CJ44: =SUM(CJ45:CJ45) -> 66375.053 | CL44: =SUM(CL45:CL45) -> 315281.5 | CN44: =SUM(CN45:CN45) -> 265500.21 | CP44: =SUM(CP45:CP45) -> 0 | CR44: =SUM(CR45:CR45) -> 0 | CT44: =SUM(CT45:CT45) -> 3667221.7
A45: =+APU!A176 -> 07-01-001 | B45: =+APU!B176 -> SUMINISTRO E INSTALACION DE REVOQUE EN UN ESPESOR MINIMO DE 2 CM Y PULIDO CON LLANA DE MADERA. RELACION 1:4 CON ADICION DE IMPERMEABILIZANTE INTEGRAL; INCLUYE FAJAS, RANURAS, FILETES Y TODOS LOS MATERIALES NECESARIOS PARA SU CORRECTA EJECUCION. | C45: =+APU!C176 -> M2 | D45: =+APU!G176 -> 23046.894 | E45: ='CANTIDADES DE OBRA'!Q348 -> 0 | F45: =$D$45*E45 -> 0 | H45: =$D$45*G45 -> 0 | J45: =$D$45*I45 -> 0 | L45: =$D$45*K45 -> 0 | N45: =$D$45*M45 -> 0 | P45: =$D$45*O45 -> 0 | R45: =$D$45*Q45 -> 0 | T45: =$D$45*S45 -> 0 | V45: =$D$45*U45 -> 0 | X45: =$D$45*W45 -> 0 | Z45: =$D$45*Y45 -> 0 | AB45: =$D$45*AA45 -> 0 | AD45: =$D$45*AC45 -> 0 | AF45: =$D$45*AE45 -> 0 | AH45: =$D$45*AG45 -> 0 | AJ45: =$D$45*AI45 -> 0 | AL45: =$D$45*AK45 -> 0 | AN45: =$D$45*AM45 -> 0 | AP45: =$D$45*AO45 -> 0 | AQ45: =+'CANTIDADES DE OBRA'!GF348 -> 4.08 | AR45: =$D$45*AQ45 -> 94031.326 | AS45: ='CANTIDADES DE OBRA'!GO348 -> 4.08 | AT45: =$D$45*AS45 -> 94031.326 | AU45: ='CANTIDADES DE OBRA'!GX348 -> 4.08 | AV45: =$D$45*AU45 -> 94031.326 | AW45: =+'CANTIDADES DE OBRA'!HG348 -> 10.8 | AX45: =$D$45*AW45 -> 248906.45 | AY45: =+'CANTIDADES DE OBRA'!HP348 -> 9.36 | AZ45: =$D$45*AY45 -> 215718.92 | BA45: =+'CANTIDADES DE OBRA'!HY348 -> 9.36 | BB45: =$D$45*BA45 -> 215718.92 | BC45: =+'CANTIDADES DE OBRA'!IH348 -> 12.96 | BD45: =$D$45*BC45 -> 298687.74 | BE45: =+'CANTIDADES DE OBRA'!IQ348 -> 0 | BF45: =$D$45*BE45 -> 0 | BG45: =+'CANTIDADES DE OBRA'!IZ348 -> 16.92 | BH45: =$D$45*BG45 -> 389953.44 | BI45: =+'CANTIDADES DE OBRA'!JI348 -> 16.92 | BJ45: =$D$45*BI45 -> 389953.44 | BL45: =$D$45*BK45 -> 0 | BN45: =$D$45*BM45 -> 0 | BP45: =$D$45*BO45 -> 0 | BR45: =$D$45*BQ45 -> 0 | BT45: =$D$45*BS45 -> 0 | BV45: =$D$45*BU45 -> 0 | BX45: =$D$45*BW45 -> 0 | BZ45: =$D$45*BY45 -> 0 | CB45: =$D$45*CA45 -> 0 | CC45: =+'CANTIDADES DE OBRA'!MU348 -> 13.68 | CD45: =$D$45*CC45 -> 315281.5 | CE45: =+'CANTIDADES DE OBRA'!ND348 -> 15.84 | CF45: =$D$45*CE45 -> 365062.79 | CG45: =+'CANTIDADES DE OBRA'!NM348 -> 12.96 | CH45: =$D$45*CG45 -> 298687.74 | CI45: =+'CANTIDADES DE OBRA'!NV348 -> 2.88 | CJ45: =$D$45*CI45 -> 66375.053 | CK45: =+'CANTIDADES DE OBRA'!OE348 -> 13.68 | CL45: =$D$45*CK45 -> 315281.5 | CM45: =+'CANTIDADES DE OBRA'!ON348 -> 11.52 | CN45: =$D$45*CM45 -> 265500.21 | CP45: =$D$45*CO45 -> 0 | CR45: =$D$45*CQ45 -> 0 | CS45: =E45+G45+I45+K45+M45+O45+Q45+S45+U45+W45+Y45+AA45+AC45+AE45+AG45+AI45+AK45+AM45+AO45+AQ45+AS45+AU45+AW45+AY45+BA45+BC45+BE45+BG45+BI45+BK45+BM45+BO45+BQ45+BS45+BU45+BW45+BY45+CA45+CC45+CE45+CG45+CI45+CK45+CM45+CO45+CQ45 -> 159.12 | CT45: =CS45*D45 -> 3667221.7
A46: 07-02. | B46: PINTURAS | F46: =SUM(F47:F48) -> 0 | H46: =SUM(H47:H48) -> 0 | J46: =SUM(J47:J48) -> 0 | L46: =SUM(L47:L48) -> 0 | N46: =SUM(N47:N48) -> 0 | P46: =SUM(P47:P48) -> 0 | R46: =SUM(R47:R48) -> 0 | T46: =SUM(T47:T48) -> 0 | V46: =SUM(V47:V48) -> 0 | X46: =SUM(X47:X48) -> 0 | Z46: =SUM(Z47:Z48) -> 0 | AB46: =SUM(AB47:AB48) -> 0 | AD46: =SUM(AD47:AD48) -> 0 | AF46: =SUM(AF47:AF48) -> 0 | AH46: =SUM(AH47:AH48) -> 0 | AJ46: =SUM(AJ47:AJ48) -> 0 | AL46: =SUM(AL47:AL48) -> 0 | AN46: =SUM(AN47:AN48) -> 0 | AP46: =SUM(AP47:AP48) -> 0 | AR46: =SUM(AR47:AR48) -> 12836.972 | AT46: =SUM(AT47:AT48) -> 12836.972 | AV46: =SUM(AV47:AV48) -> 12836.972 | AX46: =SUM(AX47:AX48) -> 40029.744 | AZ46: =SUM(AZ47:AZ48) -> 40029.744 | BB46: =SUM(BB47:BB48) -> 40029.744 | BD46: =SUM(BD47:BD48) -> 40029.744 | BF46: =SUM(BF47:BF48) -> 0 | BH46: =SUM(BH47:BH48) -> 40029.744 | BJ46: =SUM(BJ47:BJ48) -> 80059.489 | BL46: =SUM(BL47:BL48) -> 0 | BN46: =SUM(BN47:BN48) -> 40029.744 | BP46: =SUM(BP47:BP48) -> 0 | BR46: =SUM(BR47:BR48) -> 0 | BT46: =SUM(BT47:BT48) -> 0 | BV46: =SUM(BV47:BV48) -> 0 | BX46: =SUM(BX47:BX48) -> 0 | BZ46: =SUM(BZ47:BZ48) -> 0 | CB46: =SUM(CB47:CB48) -> 0 | CD46: =SUM(CD47:CD48) -> 40029.744 | CF46: =SUM(CF47:CF48) -> 40029.744 | CH46: =SUM(CH47:CH48) -> 40029.744 | CJ46: =SUM(CJ47:CJ48) -> 12836.972 | CL46: =SUM(CL47:CL48) -> 40029.744 | CN46: =SUM(CN47:CN48) -> 40029.744 | CP46: =SUM(CP47:CP48) -> 0 | CR46: =SUM(CR47:CR48) -> 0 | CT46: =SUM(CT47:CT48) -> 571734.57
A47: =+APU!A185 -> 07-02-001 | B47: =+APU!B185 -> APLICACION DE PINTURA VINILICA SOBRE BLOQUE, PARA INTERIORES, DOS MANOS. INCLUYE ADECUACION DE LA SUPERFICIE ANTES DE APLICACION, LIMPIEZA DE SUPERFICIE, RESANES DE PERFORACIONES MENORES, APLICACION FINAL Y TODO LO NECESARIO PARA SU CORRECTO ACABADO. | C47: =+APU!C185 -> M2 | D47: =+APU!G185 -> 8914.5641 | E47: ='CANTIDADES DE OBRA'!Q363 -> 0 | F47: =$D$47*E47 -> 0 | H47: =$D$47*G47 -> 0 | J47: =$D$47*I47 -> 0 | L47: =$D$47*K47 -> 0 | N47: =$D$47*M47 -> 0 | P47: =$D$47*O47 -> 0 | R47: =$D$47*Q47 -> 0 | T47: =$D$47*S47 -> 0 | V47: =$D$47*U47 -> 0 | X47: =$D$47*W47 -> 0 | Z47: =$D$47*Y47 -> 0 | AB47: =$D$47*AA47 -> 0 | AD47: =$D$47*AC47 -> 0 | AF47: =$D$47*AE47 -> 0 | AH47: =$D$47*AG47 -> 0 | AJ47: =$D$47*AI47 -> 0 | AL47: =$D$47*AK47 -> 0 | AN47: =$D$47*AM47 -> 0 | AP47: =$D$47*AO47 -> 0 | AQ47: =+'CANTIDADES DE OBRA'!GF363 -> 1.44 | AR47: =$D$47*AQ47 -> 12836.972 | AS47: ='CANTIDADES DE OBRA'!GO363 -> 1.44 | AT47: =$D$47*AS47 -> 12836.972 | AU47: ='CANTIDADES DE OBRA'!GX363 -> 1.44 | AV47: =$D$47*AU47 -> 12836.972 | AX47: =$D$47*AW47 -> 0 | AZ47: =$D$47*AY47 -> 0 | BB47: =$D$47*BA47 -> 0 | BD47: =$D$47*BC47 -> 0 | BF47: =$D$47*BE47 -> 0 | BH47: =$D$47*BG47 -> 0 | BJ47: =$D$47*BI47 -> 0 | BL47: =$D$47*BK47 -> 0 | BN47: =$D$47*BM47 -> 0 | BP47: =$D$47*BO47 -> 0 | BR47: =$D$47*BQ47 -> 0 | BT47: =$D$47*BS47 -> 0 | BV47: =$D$47*BU47 -> 0 | BX47: =$D$47*BW47 -> 0 | BZ47: =$D$47*BY47 -> 0 | CB47: =$D$47*CA47 -> 0 | CD47: =$D$47*CC47 -> 0 | CF47: =$D$47*CE47 -> 0 | CH47: =$D$47*CG47 -> 0 | CI47: =+'CANTIDADES DE OBRA'!NV363 -> 1.44 | CJ47: =$D$47*CI47 -> 12836.972 | CL47: =$D$47*CK47 -> 0 | CN47: =$D$47*CM47 -> 0 | CP47: =$D$47*CO47 -> 0 | CR47: =$D$47*CQ47 -> 0 | CS47: =E47+G47+I47+K47+M47+O47+Q47+S47+U47+W47+Y47+AA47+AC47+AE47+AG47+AI47+AK47+AM47+AO47+AQ47+AS47+AU47+AW47+AY47+BA47+BC47+BE47+BG47+BI47+BK47+BM47+BO47+BQ47+BS47+BU47+BW47+BY47+CA47+CC47+CE47+CG47+CI47+CK47+CM47+CO47+CQ47 -> 5.76 | CT47: =CS47*D47 -> 51347.889
A48: =+APU!A195 -> 07-02-002 | B48: =+APU!B195 -> APLICACION DE PINTURA TIPO ESMALTE SOBRE PUERTA METALICA (EL COLOR SERA EL APROBADO POR LA INTERVENTORIA). INCLUYE ANTICORROSIVO, PINTURA DEL MARCO Y DEL ALA, LIMPIEZA, ESTOPA Y TODO LO NECESARIO PARA SU CORRECTO ACABADO. | C48: =+APU!C195 -> M2 | D48: =+APU!G195 -> 12509.295 | E48: =+'CANTIDADES DE OBRA'!Q378 -> 0 | F48: =$D$48*E48 -> 0 | G48: =+'CANTIDADES DE OBRA'!Z378 -> 0 | H48: =$D$48*G48 -> 0 | I48: =+'CANTIDADES DE OBRA'!AI378 -> 0 | J48: =$D$48*I48 -> 0 | K48: =+'CANTIDADES DE OBRA'!AR378 -> 0 | L48: =$D$48*K48 -> 0 | M48: =+'CANTIDADES DE OBRA'!BA378 -> 0 | N48: =$D$48*M48 -> 0 | O48: =+'CANTIDADES DE OBRA'!BJ378 -> 0 | P48: =$D$48*O48 -> 0 | Q48: =+'CANTIDADES DE OBRA'!BS378 -> 0 | R48: =$D$48*Q48 -> 0 | S48: =+'CANTIDADES DE OBRA'!CB378 -> 0 | T48: =$D$48*S48 -> 0 | U48: =+'CANTIDADES DE OBRA'!CK378 -> 0 | V48: =$D$48*U48 -> 0 | W48: =+'CANTIDADES DE OBRA'!CT378 -> 0 | X48: =$D$48*W48 -> 0 | Y48: =+'CANTIDADES DE OBRA'!DC378 -> 0 | Z48: =$D$48*Y48 -> 0 | AA48: =+'CANTIDADES DE OBRA'!DL378 -> 0 | AB48: =$D$48*AA48 -> 0 | AC48: =+'CANTIDADES DE OBRA'!DU378 -> 0 | AD48: =$D$48*AC48 -> 0 | AE48: =+'CANTIDADES DE OBRA'!ED378 -> 0 | AF48: =$D$48*AE48 -> 0 | AG48: =+'CANTIDADES DE OBRA'!EM378 -> 0 | AH48: =$D$48*AG48 -> 0 | AI48: =+'CANTIDADES DE OBRA'!EV378 -> 0 | AJ48: =$D$48*AI48 -> 0 | AK48: =+'CANTIDADES DE OBRA'!FE378 -> 0 | AL48: =$D$48*AK48 -> 0 | AM48: =+'CANTIDADES DE OBRA'!FN378 -> 0 | AN48: =$D$48*AM48 -> 0 | AO48: =+'CANTIDADES DE OBRA'!FW378 -> 0 | AP48: =$D$48*AO48 -> 0 | AQ48: =+'CANTIDADES DE OBRA'!GF378 -> 0 | AR48: =$D$48*AQ48 -> 0 | AS48: ='CANTIDADES DE OBRA'!GO378 -> 0 | AT48: =$D$48*AS48 -> 0 | AU48: =+'CANTIDADES DE OBRA'!GX378 -> 0 | AV48: =$D$48*AU48 -> 0 | AW48: =+'CANTIDADES DE OBRA'!HG378 -> 3.2 | AX48: =$D$48*AW48 -> 40029.744 | AY48: =+'CANTIDADES DE OBRA'!HP378 -> 3.2 | AZ48: =$D$48*AY48 -> 40029.744 | BA48: =+'CANTIDADES DE OBRA'!HY378 -> 3.2 | BB48: =$D$48*BA48 -> 40029.744 | BC48: =+'CANTIDADES DE OBRA'!IH378 -> 3.2 | BD48: =$D$48*BC48 -> 40029.744 | BE48: =+'CANTIDADES DE OBRA'!IQ378 -> 0 | BF48: =$D$48*BE48 -> 0 | BG48: =+'CANTIDADES DE OBRA'!IZ378 -> 3.2 | BH48: =$D$48*BG48 -> 40029.744 | BI48: =+'CANTIDADES DE OBRA'!JI378 -> 6.4 | BJ48: =$D$48*BI48 -> 80059.489 | BK48: =+'CANTIDADES DE OBRA'!JR378 -> 0 | BL48: =$D$48*BK48 -> 0 | BM48: =+'CANTIDADES DE OBRA'!KA378 -> 3.2 | BN48: =$D$48*BM48 -> 40029.744 | BO48: =+'CANTIDADES DE OBRA'!KJ378 -> 0 | BP48: =$D$48*BO48 -> 0 | BQ48: =+'CANTIDADES DE OBRA'!KS378 -> 0 | BR48: =$D$48*BQ48 -> 0 | BS48: =+'CANTIDADES DE OBRA'!LB378 -> 0 | BT48: =$D$48*BS48 -> 0 | BU48: =+'CANTIDADES DE OBRA'!LK378 -> 0 | BV48: =$D$48*BU48 -> 0 | BW48: =+'CANTIDADES DE OBRA'!LT378 -> 0 | BX48: =$D$48*BW48 -> 0 | BY48: =+'CANTIDADES DE OBRA'!MC378 -> 0 | BZ48: =$D$48*BY48 -> 0 | CA48: =+'CANTIDADES DE OBRA'!ML378 -> 0 | CB48: =$D$48*CA48 -> 0 | CC48: =+'CANTIDADES DE OBRA'!MU378 -> 3.2 | CD48: =$D$48*CC48 -> 40029.744 | CE48: =+'CANTIDADES DE OBRA'!ND378 -> 3.2 | CF48: =$D$48*CE48 -> 40029.744 | CG48: =+'CANTIDADES DE OBRA'!NM378 -> 3.2 | CH48: =$D$48*CG48 -> 40029.744 | CI48: =+'CANTIDADES DE OBRA'!NV378 -> 0 | CJ48: =$D$48*CI48 -> 0 | CK48: =+'CANTIDADES DE OBRA'!OE378 -> 3.2 | CL48: =$D$48*CK48 -> 40029.744 | CM48: =+'CANTIDADES DE OBRA'!ON378 -> 3.2 | CN48: =$D$48*CM48 -> 40029.744 | CO48: =+'CANTIDADES DE OBRA'!OW378 -> 0 | CP48: =$D$48*CO48 -> 0 | CQ48: =+'CANTIDADES DE OBRA'!PF378 -> 0 | CR48: =$D$48*CQ48 -> 0 | CS48: =E48+G48+I48+K48+M48+O48+Q48+S48+U48+W48+Y48+AA48+AC48+AE48+AG48+AI48+AK48+AM48+AO48+AQ48+AS48+AU48+AW48+AY48+BA48+BC48+BE48+BG48+BI48+BK48+BM48+BO48+BQ48+BS48+BU48+BW48+BY48+CA48+CC48+CE48+CG48+CI48+CK48+CM48+CO48+CQ48 -> 41.6 | CT48: =CS48*D48 -> 520386.68
A49: 07-03. | B49: ENCHAPES | F49: =SUM(F50:F51) -> 0 | H49: =SUM(H50:H51) -> 0 | J49: =SUM(J50:J51) -> 0 | L49: =SUM(L50:L51) -> 0 | N49: =SUM(N50:N51) -> 0 | P49: =SUM(P50:P51) -> 0 | R49: =SUM(R50:R51) -> 0 | T49: =SUM(T50:T51) -> 0 | V49: =SUM(V50:V51) -> 0 | X49: =SUM(X50:X51) -> 0 | Z49: =SUM(Z50:Z51) -> 0 | AB49: =SUM(AB50:AB51) -> 0 | AD49: =SUM(AD50:AD51) -> 0 | AF49: =SUM(AF50:AF51) -> 0 | AH49: =SUM(AH50:AH51) -> 0 | AJ49: =SUM(AJ50:AJ51) -> 0 | AL49: =SUM(AL50:AL51) -> 0 | AN49: =SUM(AN50:AN51) -> 0 | AP49: =SUM(AP50:AP51) -> 0 | AR49: =SUM(AR50:AR51) -> 222748.82 | AT49: =SUM(AT50:AT51) -> 176002.3 | AV49: =SUM(AV50:AV51) -> 140239.55 | AX49: =SUM(AX50:AX51) -> 738366.24 | AZ49: =SUM(AZ50:AZ51) -> 639917.41 | BB49: =SUM(BB50:BB51) -> 738366.24 | BD49: =SUM(BD50:BD51) -> 886039.49 | BF49: =SUM(BF50:BF51) -> 0 | BH49: =SUM(BH50:BH51) -> 1181386 | BJ49: =SUM(BJ50:BJ51) -> 1086513.4 | BL49: =SUM(BL50:BL51) -> 0 | BN49: =SUM(BN50:BN51) -> 873733.39 | BP49: =SUM(BP50:BP51) -> 0 | BR49: =SUM(BR50:BR51) -> 0 | BT49: =SUM(BT50:BT51) -> 0 | BV49: =SUM(BV50:BV51) -> 0 | BX49: =SUM(BX50:BX51) -> 0 | BZ49: =SUM(BZ50:BZ51) -> 0 | CB49: =SUM(CB50:CB51) -> 0 | CD49: =SUM(CD50:CD51) -> 812202.87 | CF49: =SUM(CF50:CF51) -> 762978.45 | CH49: =SUM(CH50:CH51) -> 824508.97 | CJ49: =SUM(CJ50:CJ51) -> 70119.776 | CL49: =SUM(CL50:CL51) -> 935263.91 | CN49: =SUM(CN50:CN51) -> 787590.66 | CP49: =SUM(CP50:CP51) -> 0 | CR49: =SUM(CR50:CR51) -> 0 | CT49: =SUM(CT50:CT51) -> 10875978
A50: =+APU!A204 -> 07-03-001 | B50: =+APU!B204 -> ENCHAPE EN CERAMICA TIPO EGEO DE CORONA O EQUIVALENTE, PARA COCINA Y DUCHA (EN PISO Y PARED). INCLUYE MORTERO DE E=2 CM, RELACION 1:4 MAS IMPERBEALIZANTE INTEGRAL TIPO SIKA 1 O EQUIVALENTE, LECHADA, PEGA Y TODO LO NECESARIO PARA SU CORRECTA INSTALACION. | C50: =+APU!C204 -> M2 | D50: =+APU!G204 -> 58433.147 | E50: ='CANTIDADES DE OBRA'!Q393 -> 0 | F50: =$D$50*E50 -> 0 | H50: =$D$50*G50 -> 0 | J50: =$D$50*I50 -> 0 | L50: =$D$50*K50 -> 0 | N50: =$D$50*M50 -> 0 | P50: =$D$50*O50 -> 0 | R50: =$D$50*Q50 -> 0 | T50: =$D$50*S50 -> 0 | V50: =$D$50*U50 -> 0 | X50: =$D$50*W50 -> 0 | Z50: =$D$50*Y50 -> 0 | AB50: =$D$50*AA50 -> 0 | AD50: =$D$50*AC50 -> 0 | AF50: =$D$50*AE50 -> 0 | AH50: =$D$50*AG50 -> 0 | AJ50: =$D$50*AI50 -> 0 | AL50: =$D$50*AK50 -> 0 | AN50: =$D$50*AM50 -> 0 | AP50: =$D$50*AO50 -> 0 | AQ50: =+'CANTIDADES DE OBRA'!GF393 -> 3.2 | AR50: =$D$50*AQ50 -> 186986.07 | AS50: ='CANTIDADES DE OBRA'!GO393 -> 2.4 | AT50: =$D$50*AS50 -> 140239.55 | AU50: ='CANTIDADES DE OBRA'!GX393 -> 2.4 | AV50: =$D$50*AU50 -> 140239.55 | AW50: =+'CANTIDADES DE OBRA'!HG393 -> 10.8 | AX50: =$D$50*AW50 -> 631077.99 | AY50: =+'CANTIDADES DE OBRA'!HP393 -> 9.36 | AZ50: =$D$50*AY50 -> 546934.25 | BA50: =+'CANTIDADES DE OBRA'!HY393 -> 10.8 | BB50: =$D$50*BA50 -> 631077.99 | BC50: =+'CANTIDADES DE OBRA'!IH393 -> 12.96 | BD50: =$D$50*BC50 -> 757293.58 | BE50: =+'CANTIDADES DE OBRA'!IQ393 -> 0 | BF50: =$D$50*BE50 -> 0 | BG50: =+'CANTIDADES DE OBRA'!IZ393 -> 17.28 | BH50: =$D$50*BG50 -> 1009724.8 | BI50: =+'CANTIDADES DE OBRA'!JI393 -> 15.84 | BJ50: =$D$50*BI50 -> 925581.05 | BK50: =+'CANTIDADES DE OBRA'!JR393 -> 0 | BL50: =$D$50*BK50 -> 0 | BM50: =+'CANTIDADES DE OBRA'!KA393 -> 12.78 | BN50: =$D$50*BM50 -> 746775.62 | BP50: =$D$50*BO50 -> 0 | BR50: =$D$50*BQ50 -> 0 | BT50: =$D$50*BS50 -> 0 | BV50: =$D$50*BU50 -> 0 | BX50: =$D$50*BW50 -> 0 | BZ50: =$D$50*BY50 -> 0 | CB50: =$D$50*CA50 -> 0 | CC50: =+'CANTIDADES DE OBRA'!MU393 -> 11.88 | CD50: =$D$50*CC50 -> 694185.78 | CE50: =+'CANTIDADES DE OBRA'!ND393 -> 11.16 | CF50: =$D$50*CE50 -> 652113.92 | CG50: =+'CANTIDADES DE OBRA'!NM393 -> 12.06 | CH50: =$D$50*CG50 -> 704703.75 | CI50: =+'CANTIDADES DE OBRA'!NV393 -> 1.2 | CJ50: =$D$50*CI50 -> 70119.776 | CK50: =+'CANTIDADES DE OBRA'!OE393 -> 13.68 | CL50: =$D$50*CK50 -> 799365.45 | CM50: =+'CANTIDADES DE OBRA'!ON393 -> 11.52 | CN50: =$D$50*CM50 -> 673149.85 | CP50: =$D$50*CO50 -> 0 | CR50: =$D$50*CQ50 -> 0 | CS50: =E50+G50+I50+K50+M50+O50+Q50+S50+U50+W50+Y50+AA50+AC50+AE50+AG50+AI50+AK50+AM50+AO50+AQ50+AS50+AU50+AW50+AY50+BA50+BC50+BE50+BG50+BI50+BK50+BM50+BO50+BQ50+BS50+BU50+BW50+BY50+CA50+CC50+CE50+CG50+CI50+CK50+CM50+CO50+CQ50 -> 159.32 | CT50: =CS50*D50 -> 9309569
A51: =+APU!A214 -> 07-03-002 | B51: =+APU!B214 -> CENEFA EN MATERIAL CERAMICO; INCLUYE TODOS LOS MATERIALES NECESARIOS PARA SU CORRECTA EJECUCION. | C51: =+APU!C214 -> M | D51: =+APU!G214 -> 17881.376 | E51: ='CANTIDADES DE OBRA'!Q408 -> 0 | F51: =$D$51*E51 -> 0 | H51: =$D$51*G51 -> 0 | J51: =$D$51*I51 -> 0 | L51: =$D$51*K51 -> 0 | N51: =$D$51*M51 -> 0 | P51: =$D$51*O51 -> 0 | R51: =$D$51*Q51 -> 0 | T51: =$D$51*S51 -> 0 | V51: =$D$51*U51 -> 0 | X51: =$D$51*W51 -> 0 | Z51: =$D$51*Y51 -> 0 | AB51: =$D$51*AA51 -> 0 | AD51: =$D$51*AC51 -> 0 | AF51: =$D$51*AE51 -> 0 | AH51: =$D$51*AG51 -> 0 | AJ51: =$D$51*AI51 -> 0 | AL51: =$D$51*AK51 -> 0 | AN51: =$D$51*AM51 -> 0 | AP51: =$D$51*AO51 -> 0 | AQ51: ='CANTIDADES DE OBRA'!GF408 -> 2 | AR51: =$D$51*AQ51 -> 35762.752 | AS51: ='CANTIDADES DE OBRA'!GO408 -> 2 | AT51: =$D$51*AS51 -> 35762.752 | AV51: =$D$51*AU51 -> 0 | AW51: =+'CANTIDADES DE OBRA'!HG408 -> 6 | AX51: =$D$51*AW51 -> 107288.26 | AY51: =+'CANTIDADES DE OBRA'!HP408 -> 5.2 | AZ51: =$D$51*AY51 -> 92983.156 | BA51: =+'CANTIDADES DE OBRA'!HY408 -> 6 | BB51: =$D$51*BA51 -> 107288.26 | BC51: =+'CANTIDADES DE OBRA'!IH408 -> 7.2 | BD51: =$D$51*BC51 -> 128745.91 | BE51: =+'CANTIDADES DE OBRA'!IQ408 -> 0 | BF51: =$D$51*BE51 -> 0 | BG51: =+'CANTIDADES DE OBRA'!IZ408 -> 9.6 | BH51: =$D$51*BG51 -> 171661.21 | BI51: =+'CANTIDADES DE OBRA'!JI408 -> 9 | BJ51: =$D$51*BI51 -> 160932.38 | BK51: =+'CANTIDADES DE OBRA'!JR408 -> 0 | BL51: =$D$51*BK51 -> 0 | BM51: =+'CANTIDADES DE OBRA'!KA408 -> 7.1 | BN51: =$D$51*BM51 -> 126957.77 | BP51: =$D$51*BO51 -> 0 | BR51: =$D$51*BQ51 -> 0 | BT51: =$D$51*BS51 -> 0 | BV51: =$D$51*BU51 -> 0 | BX51: =$D$51*BW51 -> 0 | BZ51: =$D$51*BY51 -> 0 | CB51: =$D$51*CA51 -> 0 | CC51: =+'CANTIDADES DE OBRA'!MU408 -> 6.6 | CD51: =$D$51*CC51 -> 118017.08 | CE51: =+'CANTIDADES DE OBRA'!ND408 -> 6.2 | CF51: =$D$51*CE51 -> 110864.53 | CG51: =+'CANTIDADES DE OBRA'!NM408 -> 6.7 | CH51: =$D$51*CG51 -> 119805.22 | CJ51: =$D$51*CI51 -> 0 | CK51: =+'CANTIDADES DE OBRA'!OE408 -> 7.6 | CL51: =$D$51*CK51 -> 135898.46 | CM51: =+'CANTIDADES DE OBRA'!ON408 -> 6.4 | CN51: =$D$51*CM51 -> 114440.81 | CP51: =$D$51*CO51 -> 0 | CR51: =$D$51*CQ51 -> 0 | CS51: =E51+G51+I51+K51+M51+O51+Q51+S51+U51+W51+Y51+AA51+AC51+AE51+AG51+AI51+AK51+AM51+AO51+AQ51+AS51+AU51+AW51+AY51+BA51+BC51+BE51+BG51+BI51+BK51+BM51+BO51+BQ51+BS51+BU51+BW51+BY51+CA51+CC51+CE51+CG51+CI51+CK51+CM51+CO51+CQ51 -> 87.6 | CT51: =CS51*D51 -> 1566408.5
A52: =+APU!A223 -> 8 | B52: =+APU!B223 -> PISOS Y ZOCALOS | CU52: =CT53+CT55+CT57+CT61 -> 1.0856443e+08 | CV52: =ROUND(CU52,0) -> 108564426
A53: 08-01. | B53: BASES PARA PISOS | F53: =SUM(F54:F54) -> 0 | H53: =SUM(H54:H54) -> 1232139.2 | J53: =SUM(J54:J54) -> 1153213.2 | L53: =SUM(L54:L54) -> 0 | N53: =SUM(N54:N54) -> 1336083.3 | P53: =SUM(P54:P54) -> 1435559.8 | R53: =SUM(R54:R54) -> 1542780.1 | T53: =SUM(T54:T54) -> 1123132 | V53: =SUM(V54:V54) -> 0 | X53: =SUM(X54:X54) -> 1689016.6 | Z53: =SUM(Z54:Z54) -> 1453429.9 | AB53: =SUM(AB54:AB54) -> 1094093.2 | AD53: =SUM(AD54:AD54) -> 0 | AF53: =SUM(AF54:AF54) -> 1405180.8 | AH53: =SUM(AH54:AH54) -> 0 | AJ53: =SUM(AJ54:AJ54) -> 1280984 | AL53: =SUM(AL54:AL54) -> 1250902.8 | AN53: =SUM(AN54:AN54) -> 0 | AP53: =SUM(AP54:AP54) -> 1504061.7 | AR53: =SUM(AR54:AR54) -> 295451.32 | AT53: =SUM(AT54:AT54) -> 314512.7 | AV53: =SUM(AV54:AV54) -> 209675.13 | AX53: =SUM(AX54:AX54) -> 80415.178 | AZ53: =SUM(AZ54:AZ54) -> 64332.142 | BB53: =SUM(BB54:BB54) -> 228289.76 | BD53: =SUM(BD54:BD54) -> 117942.26 | BF53: =SUM(BF54:BF54) -> 0 | BH53: =SUM(BH54:BH54) -> 176913.39 | BJ53: =SUM(BJ54:BJ54) -> 89350.198 | BL53: =SUM(BL54:BL54) -> 0 | BN53: =SUM(BN54:BN54) -> 192996.43 | BP53: =SUM(BP54:BP54) -> 0 | BR53: =SUM(BR54:BR54) -> 0 | BT53: =SUM(BT54:BT54) -> 0 | BV53: =SUM(BV54:BV54) -> 0 | BX53: =SUM(BX54:BX54) -> 0 | BZ53: =SUM(BZ54:BZ54) -> 0 | CB53: =SUM(CB54:CB54) -> 1374503.9 | CD53: =SUM(CD54:CD54) -> 78628.174 | CF53: =SUM(CF54:CF54) -> 0 | CH53: =SUM(CH54:CH54) -> 78628.174 | CJ53: =SUM(CJ54:CJ54) -> 209675.13 | CL53: =SUM(CL54:CL54) -> 116750.93 | CN53: =SUM(CN54:CN54) -> 85180.522 | CP53: =SUM(CP54:CP54) -> 0 | CR53: =SUM(CR54:CR54) -> 0 | CT53: =SUM(CT54:CT54) -> 21213822
A54: =+APU!A224 -> 08-01-001 | B54: =+APU!B224 -> MORTERO BASE DE NIVELACION DE PISOS | C54: =+APU!C224 -> M2 | D54: =+APU!G224 -> 29783.399 | E54: ='CANTIDADES DE OBRA'!Q423 -> 0 | F54: =$D$54*E54 -> 0 | G54: ='CANTIDADES DE OBRA'!Z423 -> 41.37 | H54: =$D$54*G54 -> 1232139.2 | I54: ='CANTIDADES DE OBRA'!AI423 -> 38.72 | J54: =$D$54*I54 -> 1153213.2 | L54: =$D$54*K54 -> 0 | M54: ='CANTIDADES DE OBRA'!BA423 -> 44.86 | N54: =$D$54*M54 -> 1336083.3 | O54: ='CANTIDADES DE OBRA'!BJ423 -> 48.2 | P54: =$D$54*O54 -> 1435559.8 | Q54: ='CANTIDADES DE OBRA'!BS423 -> 51.8 | R54: =$D$54*Q54 -> 1542780.1 | S54: ='CANTIDADES DE OBRA'!CB423 -> 37.71 | T54: =$D$54*S54 -> 1123132 | V54: =$D$54*U54 -> 0 | W54: ='CANTIDADES DE OBRA'!CT423 -> 56.71 | X54: =$D$54*W54 -> 1689016.6 | Y54: ='CANTIDADES DE OBRA'!DC423 -> 48.8 | Z54: =$D$54*Y54 -> 1453429.9 | AA54: ='CANTIDADES DE OBRA'!DL423 -> 36.735 | AB54: =$D$54*AA54 -> 1094093.2 | AD54: =$D$54*AC54 -> 0 | AE54: ='CANTIDADES DE OBRA'!ED423 -> 47.18 | AF54: =$D$54*AE54 -> 1405180.8 | AH54: =$D$54*AG54 -> 0 | AI54: ='CANTIDADES DE OBRA'!EV423 -> 43.01 | AJ54: =$D$54*AI54 -> 1280984 | AK54: ='CANTIDADES DE OBRA'!FE423 -> 42 | AL54: =$D$54*AK54 -> 1250902.8 | AN54: =$D$54*AM54 -> 0 | AO54: ='CANTIDADES DE OBRA'!FW423 -> 50.5 | AP54: =$D$54*AO54 -> 1504061.7 | AQ54: ='CANTIDADES DE OBRA'!GF423 -> 9.92 | AR54: =$D$54*AQ54 -> 295451.32 | AS54: ='CANTIDADES DE OBRA'!GO423 -> 10.56 | AT54: =$D$54*AS54 -> 314512.7 | AU54: ='CANTIDADES DE OBRA'!GX423 -> 7.04 | AV54: =$D$54*AU54 -> 209675.13 | AW54: =+'CANTIDADES DE OBRA'!HG423 -> 2.7 | AX54: =$D$54*AW54 -> 80415.178 | AY54: =+'CANTIDADES DE OBRA'!HP423 -> 2.16 | AZ54: =$D$54*AY54 -> 64332.142 | BA54: =+'CANTIDADES DE OBRA'!HY423 -> 7.665 | BB54: =$D$54*BA54 -> 228289.76 | BC54: =+'CANTIDADES DE OBRA'!IH423 -> 3.96 | BD54: =$D$54*BC54 -> 117942.26 | BE54: =+'CANTIDADES DE OBRA'!IQ423 -> 0 | BF54: =$D$54*BE54 -> 0 | BG54: =+'CANTIDADES DE OBRA'!IZ423 -> 5.94 | BH54: =$D$54*BG54 -> 176913.39 | BI54: =+'CANTIDADES DE OBRA'!JI423 -> 3 | BJ54: =$D$54*BI54 -> 89350.198 | BK54: =+'CANTIDADES DE OBRA'!JR423 -> 0 | BL54: =$D$54*BK54 -> 0 | BM54: =+'CANTIDADES DE OBRA'!KA423 -> 6.48 | BN54: =$D$54*BM54 -> 192996.43 | BP54: =$D$54*BO54 -> 0 | BR54: =$D$54*BQ54 -> 0 | BT54: =$D$54*BS54 -> 0 | BV54: =$D$54*BU54 -> 0 | BX54: =$D$54*BW54 -> 0 | BZ54: =$D$54*BY54 -> 0 | CA54: =+'CANTIDADES DE OBRA'!ML423 -> 46.15 | CB54: =$D$54*CA54 -> 1374503.9 | CC54: =+'CANTIDADES DE OBRA'!MU423 -> 2.64 | CD54: =$D$54*CC54 -> 78628.174 | CF54: =$D$54*CE54 -> 0 | CG54: =+'CANTIDADES DE OBRA'!NM423 -> 2.64 | CH54: =$D$54*CG54 -> 78628.174 | CI54: =+'CANTIDADES DE OBRA'!NV423 -> 7.04 | CJ54: =$D$54*CI54 -> 209675.13 | CK54: =+'CANTIDADES DE OBRA'!OE423 -> 3.92 | CL54: =$D$54*CK54 -> 116750.93 | CM54: =+'CANTIDADES DE OBRA'!ON423 -> 2.86 | CN54: =$D$54*CM54 -> 85180.522 | CP54: =$D$54*CO54 -> 0 | CR54: =$D$54*CQ54 -> 0 | CS54: =E54+G54+I54+K54+M54+O54+Q54+S54+U54+W54+Y54+AA54+AC54+AE54+AG54+AI54+AK54+AM54+AO54+AQ54+AS54+AU54+AW54+AY54+BA54+BC54+BE54+BG54+BI54+BK54+BM54+BO54+BQ54+BS54+BU54+BW54+BY54+CA54+CC54+CE54+CG54+CI54+CK54+CM54+CO54+CQ54 -> 712.27 | CT54: =CS54*D54 -> 21213822
A55: 08-02. | B55: PISOS EN COCNRETO | F55: =SUM(F56) -> 0 | H55: =SUM(H56) -> 0 | J55: =SUM(J56) -> 0 | L55: =SUM(L56) -> 0 | N55: =SUM(N56) -> 0 | P55: =SUM(P56) -> 0 | R55: =SUM(R56) -> 0 | T55: =SUM(T56) -> 0 | V55: =SUM(V56) -> 0 | X55: =SUM(X56) -> 0 | Z55: =SUM(Z56) -> 0 | AB55: =SUM(AB56) -> 0 | AD55: =SUM(AD56) -> 0 | AF55: =SUM(AF56) -> 0 | AH55: =SUM(AH56) -> 0 | AJ55: =SUM(AJ56) -> 0 | AL55: =SUM(AL56) -> 0 | AN55: =SUM(AN56) -> 0 | AP55: =SUM(AP56) -> 0 | AR55: =SUM(AR56) -> 104821.75 | AT55: =SUM(AT56) -> 104821.75 | AV55: =SUM(AV56) -> 104821.75 | AX55: =SUM(AX56) -> 0 | AZ55: =SUM(AZ56) -> 0 | BB55: =SUM(BB56) -> 0 | BD55: =SUM(BD56) -> 0 | BF55: =SUM(BF56) -> 0 | BH55: =SUM(BH56) -> 0 | BJ55: =SUM(BJ56) -> 0 | BL55: =SUM(BL56) -> 0 | BN55: =SUM(BN56) -> 0 | BP55: =SUM(BP56) -> 0 | BR55: =SUM(BR56) -> 0 | BT55: =SUM(BT56) -> 0 | BV55: =SUM(BV56) -> 0 | BX55: =SUM(BX56) -> 0 | BZ55: =SUM(BZ56) -> 0 | CB55: =SUM(CB56) -> 0 | CD55: =SUM(CD56) -> 0 | CF55: =SUM(CF56) -> 0 | CH55: =SUM(CH56) -> 0 | CJ55: =SUM(CJ56) -> 104821.75 | CL55: =SUM(CL56) -> 0 | CN55: =SUM(CN56) -> 0 | CP55: =SUM(CP56) -> 3466979.5 | CR55: =SUM(CR56) -> 0 | CT55: =SUM(CT56) -> 3886266.5
A56: =+APU!A230 -> 08-02-001 | B56: =+APU!B230 -> CONSTRUCCION DE PISO EN CONCRETO DE 21 MPa, ACABADO ESCOBILLADO, E=10 CM, REFORZADO CON MALLA ELECTROSOLDADA D84. INCLUYE EL CONCRETO, LA MALLA, FORMALETERIA, ARENILLA E=5 CM COMPACTADA, POLIETILENO NEGRO Y TODO LO NECESARIO PARA SU CORRECTA INSTALACION. | C56: =+APU!C230 -> M2 | D56: =+APU!G230 -> 87351.461 | E56: =+'CANTIDADES DE OBRA'!Q438 -> 0 | F56: =$D$56*E56 -> 0 | G56: =+'CANTIDADES DE OBRA'!Z438 -> 0 | H56: =$D$56*G56 -> 0 | I56: =+'CANTIDADES DE OBRA'!AI438 -> 0 | J56: =$D$56*I56 -> 0 | K56: =+'CANTIDADES DE OBRA'!AR438 -> 0 | L56: =$D$56*K56 -> 0 | M56: =+'CANTIDADES DE OBRA'!BA438 -> 0 | N56: =$D$56*M56 -> 0 | O56: =+'CANTIDADES DE OBRA'!BJ438 -> 0 | P56: =$D$56*O56 -> 0 | Q56: =+'CANTIDADES DE OBRA'!BS438 -> 0 | R56: =$D$56*Q56 -> 0 | S56: =+'CANTIDADES DE OBRA'!CB438 -> 0 | T56: =$D$56*S56 -> 0 | U56: =+'CANTIDADES DE OBRA'!CK438 -> 0 | V56: =$D$56*U56 -> 0 | W56: =+'CANTIDADES DE OBRA'!CT438 -> 0 | X56: =$D$56*W56 -> 0 | Y56: =+'CANTIDADES DE OBRA'!DC438 -> 0 | Z56: =$D$56*Y56 -> 0 | AA56: =+'CANTIDADES DE OBRA'!DL438 -> 0 | AB56: =$D$56*AA56 -> 0 | AC56: =+'CANTIDADES DE OBRA'!DU438 -> 0 | AD56: =$D$56*AC56 -> 0 | AE56: =+'CANTIDADES DE OBRA'!ED438 -> 0 | AF56: =$D$56*AE56 -> 0 | AG56: =+'CANTIDADES DE OBRA'!EM438 -> 0 | AH56: =$D$56*AG56 -> 0 | AI56: =+'CANTIDADES DE OBRA'!EV438 -> 0 | AJ56: =$D$56*AI56 -> 0 | AK56: =+'CANTIDADES DE OBRA'!FE438 -> 0 | AL56: =$D$56*AK56 -> 0 | AM56: =+'CANTIDADES DE OBRA'!FN438 -> 0 | AN56: =$D$56*AM56 -> 0 | AO56: =+'CANTIDADES DE OBRA'!FW438 -> 0 | AP56: =$D$56*AO56 -> 0 | AQ56: =+'CANTIDADES DE OBRA'!GF438 -> 1.2 | AR56: =$D$56*AQ56 -> 104821.75 | AS56: =+'CANTIDADES DE OBRA'!GO438 -> 1.2 | AT56: =$D$56*AS56 -> 104821.75 | AU56: =+'CANTIDADES DE OBRA'!GX438 -> 1.2 | AV56: =$D$56*AU56 -> 104821.75 | AW56: =+'CANTIDADES DE OBRA'!HG438 -> 0 | AX56: =$D$56*AW56 -> 0 | AY56: =+'CANTIDADES DE OBRA'!HP438 -> 0 | AZ56: =$D$56*AY56 -> 0 | BA56: =+'CANTIDADES DE OBRA'!HY438 -> 0 | BB56: =$D$56*BA56 -> 0 | BC56: =+'CANTIDADES DE OBRA'!IH438 -> 0 | BD56: =$D$56*BC56 -> 0 | BE56: =+'CANTIDADES DE OBRA'!IQ438 -> 0 | BF56: =$D$56*BE56 -> 0 | BG56: =+'CANTIDADES DE OBRA'!IZ438 -> 0 | BH56: =$D$56*BG56 -> 0 | BI56: =+'CANTIDADES DE OBRA'!JI438 -> 0 | BJ56: =$D$56*BI56 -> 0 | BK56: =+'CANTIDADES DE OBRA'!JR438 -> 0 | BL56: =$D$56*BK56 -> 0 | BM56: =+'CANTIDADES DE OBRA'!KA438 -> 0 | BN56: =$D$56*BM56 -> 0 | BO56: =+'CANTIDADES DE OBRA'!KJ438 -> 0 | BP56: =$D$56*BO56 -> 0 | BQ56: =+'CANTIDADES DE OBRA'!KS438 -> 0 | BR56: =$D$56*BQ56 -> 0 | BS56: =+'CANTIDADES DE OBRA'!LB438 -> 0 | BT56: =$D$56*BS56 -> 0 | BU56: =+'CANTIDADES DE OBRA'!LK438 -> 0 | BV56: =$D$56*BU56 -> 0 | BW56: =+'CANTIDADES DE OBRA'!LT438 -> 0 | BX56: =$D$56*BW56 -> 0 | BY56: =+'CANTIDADES DE OBRA'!MC438 -> 0 | BZ56: =$D$56*BY56 -> 0 | CA56: =+'CANTIDADES DE OBRA'!ML438 -> 0 | CB56: =$D$56*CA56 -> 0 | CC56: =+'CANTIDADES DE OBRA'!MU438 -> 0 | CD56: =$D$56*CC56 -> 0 | CE56: =+'CANTIDADES DE OBRA'!ND438 -> 0 | CF56: =$D$56*CE56 -> 0 | CG56: =+'CANTIDADES DE OBRA'!NM438 -> 0 | CH56: =$D$56*CG56 -> 0 | CI56: =+'CANTIDADES DE OBRA'!NV438 -> 1.2 | CJ56: =$D$56*CI56 -> 104821.75 | CK56: =+'CANTIDADES DE OBRA'!OE438 -> 0 | CL56: =$D$56*CK56 -> 0 | CM56: =+'CANTIDADES DE OBRA'!ON438 -> 0 | CN56: =$D$56*CM56 -> 0 | CO56: =+'CANTIDADES DE OBRA'!OW438 -> 39.69 | CP56: =$D$56*CO56 -> 3466979.5 | CQ56: =+'CANTIDADES DE OBRA'!PF438 -> 0 | CR56: =$D$56*CQ56 -> 0 | CS56: =E56+G56+I56+K56+M56+O56+Q56+S56+U56+W56+Y56+AA56+AC56+AE56+AG56+AI56+AK56+AM56+AO56+AQ56+AS56+AU56+AW56+AY56+BA56+BC56+BE56+BG56+BI56+BK56+BM56+BO56+BQ56+BS56+BU56+BW56+BY56+CA56+CC56+CE56+CG56+CI56+CK56+CM56+CO56+CQ56 -> 44.49 | CT56: =CS56*D56 -> 3886266.5
A57: 08-03. | B57: PISOS EN MATERIALES CERÁMICOS | F57: =SUM(F58:F60) -> 2649187.9 | H57: =SUM(H58:H60) -> 2750053.6 | J57: =SUM(J58:J60) -> 2585605.2 | L57: =SUM(L58:L60) -> 2680316.2 | N57: =SUM(N58:N60) -> 3000817 | P57: =SUM(P58:P60) -> 3196064.3 | R57: =SUM(R58:R60) -> 3435055.8 | T57: =SUM(T58:T60) -> 2505842.2 | V57: =SUM(V58:V60) -> 2770791.2 | X57: =SUM(X58:X60) -> 3769180.4 | Z57: =SUM(Z58:Z60) -> 3238235.9 | AB57: =SUM(AB58:AB60) -> 2443505.2 | AD57: =SUM(AD58:AD60) -> 3348487.6 | AF57: =SUM(AF58:AF60) -> 3123871.1 | AH57: =SUM(AH58:AH60) -> 3369024.8 | AJ57: =SUM(AJ58:AJ60) -> 2858403.8 | AL57: =SUM(AL58:AL60) -> 2780846.9 | AN57: =SUM(AN58:AN60) -> 3445694.2 | AP57: =SUM(AP58:AP60) -> 3366947.6 | AR57: =SUM(AR58:AR60) -> 657529.23 | AT57: =SUM(AT58:AT60) -> 699303.53 | AV57: =SUM(AV58:AV60) -> 467539.35 | AX57: =SUM(AX58:AX60) -> 112882.6 | AZ57: =SUM(AZ58:AZ60) -> 90306.081 | BB57: =SUM(BB58:BB60) -> 445337.77 | BD57: =SUM(BD58:BD60) -> 165561.15 | BF57: =SUM(BF58:BF60) -> 0 | BH57: =SUM(BH58:BH60) -> 248341.72 | BJ57: =SUM(BJ58:BJ60) -> 125425.11 | BL57: =SUM(BL58:BL60) -> 0 | BN57: =SUM(BN58:BN60) -> 428981.34 | BP57: =SUM(BP58:BP60) -> 3977308.3 | BR57: =SUM(BR58:BR60) -> 2675601.4 | BT57: =SUM(BT58:BT60) -> 2675601.4 | BV57: =SUM(BV58:BV60) -> 2679512.1 | BX57: =SUM(BX58:BX60) -> 2679512.1 | BZ57: =SUM(BZ58:BZ60) -> 2679512.1 | CB57: =SUM(CB58:CB60) -> 3065063.7 | CD57: =SUM(CD58:CD60) -> 130442.12 | CF57: =SUM(CF58:CF60) -> 0 | CH57: =SUM(CH58:CH60) -> 110374.1 | CJ57: =SUM(CJ58:CJ60) -> 465931.2 | CL57: =SUM(CL58:CL60) -> 163888.81 | CN57: =SUM(CN58:CN60) -> 119571.94 | CP57: =SUM(CP58:CP60) -> 0 | CR57: =SUM(CR58:CR60) -> 0 | CT57: =SUM(CT58:CT60) -> 82181458
A58: =+APU!A241 -> 08-03-001 | B58: =+APU!B241 -> GUARDAESCOBA EN MATERIAL CERAMICO | C58: =+APU!C241 -> M2 | D58: =+APU!G241 -> 10027.462 | E58: ='CANTIDADES DE OBRA'!Q453 -> 4.6 | F58: =$D$58*E58 -> 46126.327 | G58: ='CANTIDADES DE OBRA'!Z453 -> 4.96 | H58: =$D$58*G58 -> 49736.213 | I58: ='CANTIDADES DE OBRA'!AI453 -> 5.81 | J58: =$D$58*I58 -> 58259.556 | K58: ='CANTIDADES DE OBRA'!AR453 -> 4.71 | L58: =$D$58*K58 -> 47229.347 | M58: ='CANTIDADES DE OBRA'!BA453 -> 7.25 | N58: =$D$58*M58 -> 72699.102 | O58: ='CANTIDADES DE OBRA'!BJ453 -> 4.98 | P58: =$D$58*O58 -> 49936.762 | Q58: ='CANTIDADES DE OBRA'!BS453 -> 5.38 | R58: =$D$58*Q58 -> 53947.747 | S58: ='CANTIDADES DE OBRA'!CB453 -> 4.43 | T58: =$D$58*S58 -> 44421.658 | U58: ='CANTIDADES DE OBRA'!CK453 -> 4.88 | V58: =$D$58*U58 -> 48934.016 | W58: ='CANTIDADES DE OBRA'!CT453 -> 6.74 | X58: =$D$58*W58 -> 67585.096 | Y58: ='CANTIDADES DE OBRA'!DC453 -> 5.28 | Z58: =$D$58*Y58 -> 52945.001 | AA58: ='CANTIDADES DE OBRA'!DL453 -> 4.56 | AB58: =$D$58*AA58 -> 45725.228 | AC58: ='CANTIDADES DE OBRA'!DU453 -> 5.86 | AD58: =$D$58*AC58 -> 58760.929 | AE58: ='CANTIDADES DE OBRA'!ED453 -> 4.42 | AF58: =$D$58*AE58 -> 44321.383 | AG58: ='CANTIDADES DE OBRA'!EM453 -> 5.76 | AH58: =$D$58*AG58 -> 57758.183 | AI58: ='CANTIDADES DE OBRA'!EV453 -> 5.09 | AJ58: =$D$58*AI58 -> 51039.783 | AK58: ='CANTIDADES DE OBRA'!FE453 -> 3.93 | AL58: =$D$58*AK58 -> 39407.927 | AM58: ='CANTIDADES DE OBRA'!FN453 -> 5.79 | AN58: =$D$58*AM58 -> 58059.007 | AO58: ='CANTIDADES DE OBRA'!FW453 -> 7.05 | AP58: =$D$58*AO58 -> 70693.609 | AQ58: ='CANTIDADES DE OBRA'!GF453 -> 1 | AR58: =$D$58*AQ58 -> 10027.462 | AS58: ='CANTIDADES DE OBRA'!GO453 -> 1 | AT58: =$D$58*AS58 -> 10027.462 | AU58: ='CANTIDADES DE OBRA'!GX453 -> 0.8 | AV58: =$D$58*AU58 -> 8021.9698 | AX58: =$D$58*AW58 -> 0 | AZ58: =$D$58*AY58 -> 0 | BA58: =+'CANTIDADES DE OBRA'!HY453 -> 0.66 | BB58: =$D$58*BA58 -> 6618.1251 | BD58: =$D$58*BC58 -> 0 | BF58: =$D$58*BE58 -> 0 | BH58: =$D$58*BG58 -> 0 | BJ58: =$D$58*BI58 -> 0 | BL58: =$D$58*BK58 -> 0 | BM58: =+'CANTIDADES DE OBRA'!KA453 -> 0.6 | BN58: =$D$58*BM58 -> 6016.4774 | BO58: =+'CANTIDADES DE OBRA'!KJ453 -> 6.08 | BP58: =$D$58*BO58 -> 60966.971 | BQ58: =+'CANTIDADES DE OBRA'!KS453 -> 4.37 | BR58: =$D$58*BQ58 -> 43820.01 | BS58: =+'CANTIDADES DE OBRA'!LB453 -> 4.37 | BT58: =$D$58*BS58 -> 43820.01 | BU58: =+'CANTIDADES DE OBRA'!LK453 -> 4.76 | BV58: =$D$58*BU58 -> 47730.721 | BW58: =+'CANTIDADES DE OBRA'!LT453 -> 4.76 | BX58: =$D$58*BW58 -> 47730.721 | BY58: =+'CANTIDADES DE OBRA'!MC453 -> 4.76 | BZ58: =$D$58*BY58 -> 47730.721 | CA58: =+'CANTIDADES DE OBRA'!ML453 -> 5.26 | CB58: =$D$58*CA58 -> 52744.452 | CD58: =$D$58*CC58 -> 0 | CF58: =$D$58*CE58 -> 0 | CH58: =$D$58*CG58 -> 0 | CI58: =+'CANTIDADES DE OBRA'!NV453 -> 0.9 | CJ58: =$D$58*CI58 -> 9024.7161 | CL58: =$D$58*CK58 -> 0 | CN58: =$D$58*CM58 -> 0 | CP58: =$D$58*CO58 -> 0 | CR58: =$D$58*CQ58 -> 0 | CS58: =E58+G58+I58+K58+M58+O58+Q58+S58+U58+W58+Y58+AA58+AC58+AE58+AG58+AI58+AK58+AM58+AO58+AQ58+AS58+AU58+AW58+AY58+BA58+BC58+BE58+BG58+BI58+BK58+BM58+BO58+BQ58+BS58+BU58+BW58+BY58+CA58+CC58+CE58+CG58+CI58+CK58+CM58+CO58+CQ58 -> 140.8 | CT58: =CS58*D58 -> 1411866.7
A59: =+APU!A251 -> 08-03-002 | B59: =+APU!B251 -> ENCHAPE CERAMICO PARA PISO | C59: =+APU!C251 -> M2 | D59: =+APU!G251 -> 65272.355 | E59: ='CANTIDADES DE OBRA'!Q468 -> 39.88 | F59: =$D$59*E59 -> 2603061.5 | G59: ='CANTIDADES DE OBRA'!Z468 -> 41.37 | H59: =$D$59*G59 -> 2700317.3 | I59: ='CANTIDADES DE OBRA'!AI468 -> 38.72 | J59: =$D$59*I59 -> 2527345.6 | K59: ='CANTIDADES DE OBRA'!AR468 -> 40.34 | L59: =$D$59*K59 -> 2633086.8 | M59: ='CANTIDADES DE OBRA'!BA468 -> 44.86 | N59: =$D$59*M59 -> 2928117.9 | O59: ='CANTIDADES DE OBRA'!BJ468 -> 48.2 | P59: =$D$59*O59 -> 3146127.5 | Q59: ='CANTIDADES DE OBRA'!BS468 -> 51.8 | R59: =$D$59*Q59 -> 3381108 | S59: ='CANTIDADES DE OBRA'!CB468 -> 37.71 | T59: =$D$59*S59 -> 2461420.5 | U59: ='CANTIDADES DE OBRA'!CK468 -> 41.7 | V59: =$D$59*U59 -> 2721857.2 | W59: ='CANTIDADES DE OBRA'!CT468 -> 56.71 | X59: =$D$59*W59 -> 3701595.3 | Y59: ='CANTIDADES DE OBRA'!DC468 -> 48.8 | Z59: =$D$59*Y59 -> 3185290.9 | AA59: ='CANTIDADES DE OBRA'!DL468 -> 36.735 | AB59: =$D$59*AA59 -> 2397780 | AC59: ='CANTIDADES DE OBRA'!DU468 -> 50.4 | AD59: =$D$59*AC59 -> 3289726.7 | AE59: ='CANTIDADES DE OBRA'!ED468 -> 47.18 | AF59: =$D$59*AE59 -> 3079549.7 | AG59: ='CANTIDADES DE OBRA'!EM468 -> 50.73 | AH59: =$D$59*AG59 -> 3311266.6 | AI59: ='CANTIDADES DE OBRA'!EV468 -> 43.01 | AJ59: =$D$59*AI59 -> 2807364 | AK59: ='CANTIDADES DE OBRA'!FE468 -> 42 | AL59: =$D$59*AK59 -> 2741438.9 | AM59: ='CANTIDADES DE OBRA'!FN468 -> 51.9 | AN59: =$D$59*AM59 -> 3387635.2 | AO59: ='CANTIDADES DE OBRA'!FW468 -> 50.5 | AP59: =$D$59*AO59 -> 3296253.9 | AQ59: ='CANTIDADES DE OBRA'!GF468 -> 9.92 | AR59: =$D$59*AQ59 -> 647501.76 | AS59: ='CANTIDADES DE OBRA'!GO468 -> 10.56 | AT59: =$D$59*AS59 -> 689276.07 | AU59: ='CANTIDADES DE OBRA'!GX468 -> 7.04 | AV59: =$D$59*AU59 -> 459517.38 | AX59: =$D$59*AW59 -> 0 | AZ59: =$D$59*AY59 -> 0 | BA59: =+'CANTIDADES DE OBRA'!HY468 -> 5.04 | BB59: =$D$59*BA59 -> 328972.67 | BD59: =$D$59*BC59 -> 0 | BF59: =$D$59*BE59 -> 0 | BH59: =$D$59*BG59 -> 0 | BJ59: =$D$59*BI59 -> 0 | BL59: =$D$59*BK59 -> 0 | BM59: =+'CANTIDADES DE OBRA'!KA468 -> 6.48 | BN59: =$D$59*BM59 -> 422964.86 | BO59: =+'CANTIDADES DE OBRA'!KJ468 -> 60 | BP59: =$D$59*BO59 -> 3916341.3 | BQ59: =+'CANTIDADES DE OBRA'!KS468 -> 40.32 | BR59: =$D$59*BQ59 -> 2631781.4 | BS59: =+'CANTIDADES DE OBRA'!LB468 -> 40.32 | BT59: =$D$59*BS59 -> 2631781.4 | BU59: =+'CANTIDADES DE OBRA'!LK468 -> 40.32 | BV59: =$D$59*BU59 -> 2631781.4 | BW59: =+'CANTIDADES DE OBRA'!LT468 -> 40.32 | BX59: =$D$59*BW59 -> 2631781.4 | BY59: =+'CANTIDADES DE OBRA'!MC468 -> 40.32 | BZ59: =$D$59*BY59 -> 2631781.4 | CA59: =+'CANTIDADES DE OBRA'!ML468 -> 46.15 | CB59: =$D$59*CA59 -> 3012319.2 | CD59: =$D$59*CC59 -> 0 | CF59: =$D$59*CE59 -> 0 | CH59: =$D$59*CG59 -> 0 | CI59: =+'CANTIDADES DE OBRA'!NV468 -> 7 | CJ59: =$D$59*CI59 -> 456906.49 | CL59: =$D$59*CK59 -> 0 | CN59: =$D$59*CM59 -> 0 | CP59: =$D$59*CO59 -> 0 | CR59: =$D$59*CQ59 -> 0 | CS59: =E59+G59+I59+K59+M59+O59+Q59+S59+U59+W59+Y59+AA59+AC59+AE59+AG59+AI59+AK59+AM59+AO59+AQ59+AS59+AU59+AW59+AY59+BA59+BC59+BE59+BG59+BI59+BK59+BM59+BO59+BQ59+BS59+BU59+BW59+BY59+CA59+CC59+CE59+CG59+CI59+CK59+CM59+CO59+CQ59 -> 1216.335 | CT59: =CS59*D59 -> 79393050
A60: =+APU!A262 -> 08-03-003 | B60: =+APU!B262 -> PISOS EN MATERIAL CERAMICO PARA BAÑOS, ANTIDESLIZANTE; INCLUYE MURO DE ENCHARQUE Y TODOS LOS MATERIALES NECESARIOS PARA SU CORRECTA EJECUCION. | C60: =+APU!C262 -> M2 | D60: =+APU!G262 -> 41808.371 | E60: ='CANTIDADES DE OBRA'!Q483 -> 0 | F60: =$D$60*E60 -> 0 | H60: =$D$60*G60 -> 0 | J60: =$D$60*I60 -> 0 | L60: =$D$60*K60 -> 0 | N60: =$D$60*M60 -> 0 | P60: =$D$60*O60 -> 0 | R60: =$D$60*Q60 -> 0 | T60: =$D$60*S60 -> 0 | V60: =$D$60*U60 -> 0 | X60: =$D$60*W60 -> 0 | Z60: =$D$60*Y60 -> 0 | AB60: =$D$60*AA60 -> 0 | AD60: =$D$60*AC60 -> 0 | AF60: =$D$60*AE60 -> 0 | AH60: =$D$60*AG60 -> 0 | AJ60: =$D$60*AI60 -> 0 | AL60: =$D$60*AK60 -> 0 | AN60: =$D$60*AM60 -> 0 | AP60: =$D$60*AO60 -> 0 | AR60: =$D$60*AQ60 -> 0 | AT60: =$D$60*AS60 -> 0 | AV60: =$D$60*AU60 -> 0 | AW60: =+'CANTIDADES DE OBRA'!HG483 -> 2.7 | AX60: =$D$60*AW60 -> 112882.6 | AY60: =+'CANTIDADES DE OBRA'!HP483 -> 2.16 | AZ60: =$D$60*AY60 -> 90306.081 | BA60: =+'CANTIDADES DE OBRA'!HY483 -> 2.625 | BB60: =$D$60*BA60 -> 109746.97 | BC60: =+'CANTIDADES DE OBRA'!IH483 -> 3.96 | BD60: =$D$60*BC60 -> 165561.15 | BE60: =+'CANTIDADES DE OBRA'!IQ483 -> 0 | BF60: =$D$60*BE60 -> 0 | BG60: =+'CANTIDADES DE OBRA'!IZ483 -> 5.94 | BH60: =$D$60*BG60 -> 248341.72 | BI60: =+'CANTIDADES DE OBRA'!JI483 -> 3 | BJ60: =$D$60*BI60 -> 125425.11 | BK60: =+'CANTIDADES DE OBRA'!JR483 -> 0 | BL60: =$D$60*BK60 -> 0 | BN60: =$D$60*BM60 -> 0 | BP60: =$D$60*BO60 -> 0 | BR60: =$D$60*BQ60 -> 0 | BT60: =$D$60*BS60 -> 0 | BV60: =$D$60*BU60 -> 0 | BX60: =$D$60*BW60 -> 0 | BZ60: =$D$60*BY60 -> 0 | CB60: =$D$60*CA60 -> 0 | CC60: =+'CANTIDADES DE OBRA'!MU483 -> 3.12 | CD60: =$D$60*CC60 -> 130442.12 | CF60: =$D$60*CE60 -> 0 | CG60: =+'CANTIDADES DE OBRA'!NM483 -> 2.64 | CH60: =$D$60*CG60 -> 110374.1 | CJ60: =$D$60*CI60 -> 0 | CK60: =+'CANTIDADES DE OBRA'!OE483 -> 3.92 | CL60: =$D$60*CK60 -> 163888.81 | CM60: =+'CANTIDADES DE OBRA'!ON483 -> 2.86 | CN60: =$D$60*CM60 -> 119571.94 | CP60: =$D$60*CO60 -> 0 | CR60: =$D$60*CQ60 -> 0 | CS60: =E60+G60+I60+K60+M60+O60+Q60+S60+U60+W60+Y60+AA60+AC60+AE60+AG60+AI60+AK60+AM60+AO60+AQ60+AS60+AU60+AW60+AY60+BA60+BC60+BE60+BG60+BI60+BK60+BM60+BO60+BQ60+BS60+BU60+BW60+BY60+CA60+CC60+CE60+CG60+CI60+CK60+CM60+CO60+CQ60 -> 32.925 | CT60: =CS60*D60 -> 1376540.6
A61: 08-04. | B61: ACCESORIOS PARA PISOS | F61: =SUM(F62:F62) -> 51436.244 | H61: =SUM(H62:H62) -> 51436.244 | J61: =SUM(J62:J62) -> 51436.244 | L61: =SUM(L62:L62) -> 51436.244 | N61: =SUM(N62:N62) -> 36307.937 | P61: =SUM(P62:P62) -> 36307.937 | R61: =SUM(R62:R62) -> 36307.937 | T61: =SUM(T62:T62) -> 24205.291 | V61: =SUM(V62:V62) -> 36307.937 | X61: =SUM(X62:X62) -> 60513.228 | Z61: =SUM(Z62:Z62) -> 48410.583 | AB61: =SUM(AB62:AB62) -> 40846.429 | AD61: =SUM(AD62:AD62) -> 36307.937 | AF61: =SUM(AF62:AF62) -> 54461.906 | AH61: =SUM(AH62:AH62) -> 40846.429 | AJ61: =SUM(AJ62:AJ62) -> 40846.429 | AL61: =SUM(AL62:AL62) -> 40846.429 | AN61: =SUM(AN62:AN62) -> 81692.858 | AP61: =SUM(AP62:AP62) -> 65051.72 | AR61: =SUM(AR62:AR62) -> 0 | AT61: =SUM(AT62:AT62) -> 12102.646 | AV61: =SUM(AV62:AV62) -> 0 | AX61: =SUM(AX62:AX62) -> 12102.646 | AZ61: =SUM(AZ62:AZ62) -> 12102.646 | BB61: =SUM(BB62:BB62) -> 12102.646 | BD61: =SUM(BD62:BD62) -> 12102.646 | BF61: =SUM(BF62:BF62) -> 0 | BH61: =SUM(BH62:BH62) -> 12102.646 | BJ61: =SUM(BJ62:BJ62) -> 24205.291 | BL61: =SUM(BL62:BL62) -> 0 | BN61: =SUM(BN62:BN62) -> 12102.646 | BP61: =SUM(BP62:BP62) -> 65051.72 | BR61: =SUM(BR62:BR62) -> 27230.953 | BT61: =SUM(BT62:BT62) -> 27230.953 | BV61: =SUM(BV62:BV62) -> 27230.953 | BX61: =SUM(BX62:BX62) -> 27230.953 | BZ61: =SUM(BZ62:BZ62) -> 27230.953 | CB61: =SUM(CB62:CB62) -> 27230.953 | CD61: =SUM(CD62:CD62) -> 12102.646 | CF61: =SUM(CF62:CF62) -> 12102.646 | CH61: =SUM(CH62:CH62) -> 12102.646 | CJ61: =SUM(CJ62:CJ62) -> 0 | CL61: =SUM(CL62:CL62) -> 12102.646 | CN61: =SUM(CN62:CN62) -> 12102.646 | CP61: =SUM(CP62:CP62) -> 0 | CR61: =SUM(CR62:CR62) -> 0 | CT61: =SUM(CT62:CT62) -> 1282880.4
A62: =+APU!A272 -> 08-04-001 | B62: =+APU!B272 -> PIRLAN DE ALUMINIO. | C62: =+APU!C272 -> M | D62: =+APU!G272 -> 15128.307 | E62: ='CANTIDADES DE OBRA'!Q498 -> 3.4 | F62: =$D$62*E62 -> 51436.244 | G62: ='CANTIDADES DE OBRA'!Z498 -> 3.4 | H62: =$D$62*G62 -> 51436.244 | I62: ='CANTIDADES DE OBRA'!AI498 -> 3.4 | J62: =$D$62*I62 -> 51436.244 | K62: ='CANTIDADES DE OBRA'!AR498 -> 3.4 | L62: =$D$62*K62 -> 51436.244 | M62: ='CANTIDADES DE OBRA'!BA498 -> 2.4 | N62: =$D$62*M62 -> 36307.937 | O62: ='CANTIDADES DE OBRA'!BJ498 -> 2.4 | P62: =$D$62*O62 -> 36307.937 | Q62: ='CANTIDADES DE OBRA'!BS498 -> 2.4 | R62: =$D$62*Q62 -> 36307.937 | S62: ='CANTIDADES DE OBRA'!CB498 -> 1.6 | T62: =$D$62*S62 -> 24205.291 | U62: ='CANTIDADES DE OBRA'!CK498 -> 2.4 | V62: =$D$62*U62 -> 36307.937 | W62: ='CANTIDADES DE OBRA'!CT498 -> 4 | X62: =$D$62*W62 -> 60513.228 | Y62: ='CANTIDADES DE OBRA'!DC498 -> 3.2 | Z62: =$D$62*Y62 -> 48410.583 | AA62: ='CANTIDADES DE OBRA'!DL498 -> 2.7 | AB62: =$D$62*AA62 -> 40846.429 | AC62: ='CANTIDADES DE OBRA'!DU498 -> 2.4 | AD62: =$D$62*AC62 -> 36307.937 | AE62: ='CANTIDADES DE OBRA'!ED498 -> 3.6 | AF62: =$D$62*AE62 -> 54461.906 | AG62: ='CANTIDADES DE OBRA'!EM498 -> 2.7 | AH62: =$D$62*AG62 -> 40846.429 | AI62: ='CANTIDADES DE OBRA'!EV498 -> 2.7 | AJ62: =$D$62*AI62 -> 40846.429 | AK62: ='CANTIDADES DE OBRA'!FE498 -> 2.7 | AL62: =$D$62*AK62 -> 40846.429 | AM62: ='CANTIDADES DE OBRA'!FN498 -> 5.4 | AN62: =$D$62*AM62 -> 81692.858 | AO62: =+'CANTIDADES DE OBRA'!FW498 -> 4.3 | AP62: =$D$62*AO62 -> 65051.72 | AR62: =$D$62*AQ62 -> 0 | AS62: ='CANTIDADES DE OBRA'!GO498 -> 0.8 | AT62: =$D$62*AS62 -> 12102.646 | AV62: =$D$62*AU62 -> 0 | AW62: =+'CANTIDADES DE OBRA'!HG498 -> 0.8 | AX62: =$D$62*AW62 -> 12102.646 | AY62: =+'CANTIDADES DE OBRA'!HP498 -> 0.8 | AZ62: =$D$62*AY62 -> 12102.646 | BA62: =+'CANTIDADES DE OBRA'!HY498 -> 0.8 | BB62: =$D$62*BA62 -> 12102.646 | BC62: =+'CANTIDADES DE OBRA'!IH498 -> 0.8 | BD62: =$D$62*BC62 -> 12102.646 | BE62: =+'CANTIDADES DE OBRA'!IQ498 -> 0 | BF62: =$D$62*BE62 -> 0 | BG62: =+'CANTIDADES DE OBRA'!IZ498 -> 0.8 | BH62: =$D$62*BG62 -> 12102.646 | BI62: =+'CANTIDADES DE OBRA'!JI498 -> 1.6 | BJ62: =$D$62*BI62 -> 24205.291 | BK62: =+'CANTIDADES DE OBRA'!JR498 -> 0 | BL62: =$D$62*BK62 -> 0 | BM62: =+'CANTIDADES DE OBRA'!KA498 -> 0.8 | BN62: =$D$62*BM62 -> 12102.646 | BO62: =+'CANTIDADES DE OBRA'!KJ498 -> 4.3 | BP62: =$D$62*BO62 -> 65051.72 | BQ62: =+'CANTIDADES DE OBRA'!KS498 -> 1.8 | BR62: =$D$62*BQ62 -> 27230.953 | BS62: =+'CANTIDADES DE OBRA'!LB498 -> 1.8 | BT62: =$D$62*BS62 -> 27230.953 | BU62: =+'CANTIDADES DE OBRA'!LK498 -> 1.8 | BV62: =$D$62*BU62 -> 27230.953 | BW62: =+'CANTIDADES DE OBRA'!LT498 -> 1.8 | BX62: =$D$62*BW62 -> 27230.953 | BY62: =+'CANTIDADES DE OBRA'!MC498 -> 1.8 | BZ62: =$D$62*BY62 -> 27230.953 | CA62: =+'CANTIDADES DE OBRA'!ML498 -> 1.8 | CB62: =$D$62*CA62 -> 27230.953 | CC62: =+'CANTIDADES DE OBRA'!MU498 -> 0.8 | CD62: =$D$62*CC62 -> 12102.646 | CE62: =+'CANTIDADES DE OBRA'!ND498 -> 0.8 | CF62: =$D$62*CE62 -> 12102.646 | CG62: =+'CANTIDADES DE OBRA'!NM498 -> 0.8 | CH62: =$D$62*CG62 -> 12102.646 | CJ62: =$D$62*CI62 -> 0 | CK62: =+'CANTIDADES DE OBRA'!OE498 -> 0.8 | CL62: =$D$62*CK62 -> 12102.646 | CM62: =+'CANTIDADES DE OBRA'!ON498 -> 0.8 | CN62: =$D$62*CM62 -> 12102.646 | CP62: =$D$62*CO62 -> 0 | CR62: =$D$62*CQ62 -> 0 | CS62: =E62+G62+I62+K62+M62+O62+Q62+S62+U62+W62+Y62+AA62+AC62+AE62+AG62+AI62+AK62+AM62+AO62+AQ62+AS62+AU62+AW62+AY62+BA62+BC62+BE62+BG62+BI62+BK62+BM62+BO62+BQ62+BS62+BU62+BW62+BY62+CA62+CC62+CE62+CG62+CI62+CK62+CM62+CO62+CQ62 -> 84.8 | CT62: =CS62*D62 -> 1282880.4
A63: =+APU!A279 -> 9 | B63: =+APU!B279 -> CARPINTERIA METALICA Y VIDRIOS | CU63: =CT64+CT66+CT69 -> 4519975.7 | CV63: =ROUND(CU63,0) -> 4519976
A64: 09-01. | B64: PUERTAS METÁLICAS | F64: =SUM(F65) -> 0 | H64: =SUM(H65) -> 0 | J64: =SUM(J65) -> 0 | L64: =SUM(L65) -> 0 | N64: =SUM(N65) -> 0 | P64: =SUM(P65) -> 0 | R64: =SUM(R65) -> 0 | T64: =SUM(T65) -> 0 | V64: =SUM(V65) -> 0 | X64: =SUM(X65) -> 0 | Z64: =SUM(Z65) -> 0 | AB64: =SUM(AB65) -> 0 | AD64: =SUM(AD65) -> 0 | AF64: =SUM(AF65) -> 0 | AH64: =SUM(AH65) -> 0 | AJ64: =SUM(AJ65) -> 0 | AL64: =SUM(AL65) -> 0 | AN64: =SUM(AN65) -> 0 | AP64: =SUM(AP65) -> 0 | AR64: =SUM(AR65) -> 0 | AT64: =SUM(AT65) -> 0 | AV64: =SUM(AV65) -> 0 | AX64: =SUM(AX65) -> 257922.82 | AZ64: =SUM(AZ65) -> 257922.82 | BB64: =SUM(BB65) -> 257922.82 | BD64: =SUM(BD65) -> 257922.82 | BF64: =SUM(BF65) -> 0 | BH64: =SUM(BH65) -> 257922.82 | BJ64: =SUM(BJ65) -> 515845.65 | BL64: =SUM(BL65) -> 0 | BN64: =SUM(BN65) -> 257922.82 | BP64: =SUM(BP65) -> 0 | BR64: =SUM(BR65) -> 0 | BT64: =SUM(BT65) -> 0 | BV64: =SUM(BV65) -> 0 | BX64: =SUM(BX65) -> 0 | BZ64: =SUM(BZ65) -> 0 | CB64: =SUM(CB65) -> 0 | CD64: =SUM(CD65) -> 257922.82 | CF64: =SUM(CF65) -> 257922.82 | CH64: =SUM(CH65) -> 257922.82 | CJ64: =SUM(CJ65) -> 0 | CL64: =SUM(CL65) -> 257922.82 | CN64: =SUM(CN65) -> 257922.82 | CP64: =SUM(CP65) -> 0 | CR64: =SUM(CR65) -> 0 | CT64: =SUM(CT65) -> 3352996.7
A65: =+APU!A280 -> 09-01-001 | B65: =+APU!B280 -> SUMINISTRO DE PUERTA METALICA TIPO ECONOMICA DE 0.80X2.20 M CAL 20. INCLUYE MARCO, CHAPA ECONOMICA TIPO BAÑO, BISAGRAS Y DEMAS ELEMENTOS PARA SU CORRECTO FUNCIONAMIENTO. | C65: =+APU!C280 -> U | D65: =+APU!G280 -> 257922.82 | E65: =+'CANTIDADES DE OBRA'!Q513 -> 0 | F65: =$D$65*E65 -> 0 | G65: =+'CANTIDADES DE OBRA'!Z513 -> 0 | H65: =$D$65*G65 -> 0 | I65: =+'CANTIDADES DE OBRA'!AI513 -> 0 | J65: =$D$65*I65 -> 0 | K65: =+'CANTIDADES DE OBRA'!AR513 -> 0 | L65: =$D$65*K65 -> 0 | M65: =+'CANTIDADES DE OBRA'!BA513 -> 0 | N65: =$D$65*M65 -> 0 | O65: =+'CANTIDADES DE OBRA'!BJ513 -> 0 | P65: =$D$65*O65 -> 0 | Q65: =+'CANTIDADES DE OBRA'!BS513 -> 0 | R65: =$D$65*Q65 -> 0 | S65: =+'CANTIDADES DE OBRA'!CB513 -> 0 | T65: =$D$65*S65 -> 0 | U65: =+'CANTIDADES DE OBRA'!CK513 -> 0 | V65: =$D$65*U65 -> 0 | W65: =+'CANTIDADES DE OBRA'!CT513 -> 0 | X65: =$D$65*W65 -> 0 | Y65: =+'CANTIDADES DE OBRA'!DC513 -> 0 | Z65: =$D$65*Y65 -> 0 | AA65: =+'CANTIDADES DE OBRA'!DL513 -> 0 | AB65: =$D$65*AA65 -> 0 | AC65: =+'CANTIDADES DE OBRA'!DU513 -> 0 | AD65: =$D$65*AC65 -> 0 | AE65: =+'CANTIDADES DE OBRA'!ED513 -> 0 | AF65: =$D$65*AE65 -> 0 | AG65: =+'CANTIDADES DE OBRA'!EM513 -> 0 | AH65: =$D$65*AG65 -> 0 | AI65: =+'CANTIDADES DE OBRA'!EV513 -> 0 | AJ65: =$D$65*AI65 -> 0 | AK65: =+'CANTIDADES DE OBRA'!FE513 -> 0 | AL65: =$D$65*AK65 -> 0 | AM65: =+'CANTIDADES DE OBRA'!FN513 -> 0 | AN65: =$D$65*AM65 -> 0 | AO65: =+'CANTIDADES DE OBRA'!FW513 -> 0 | AP65: =$D$65*AO65 -> 0 | AQ65: =+'CANTIDADES DE OBRA'!GF513 -> 0 | AR65: =$D$65*AQ65 -> 0 | AS65: =+'CANTIDADES DE OBRA'!GO513 -> 0 | AT65: =$D$65*AS65 -> 0 | AU65: =+'CANTIDADES DE OBRA'!GX513 -> 0 | AV65: =$D$65*AU65 -> 0 | AW65: =+'CANTIDADES DE OBRA'!HG513 -> 1 | AX65: =$D$65*AW65 -> 257922.82 | AY65: =+'CANTIDADES DE OBRA'!HP513 -> 1 | AZ65: =$D$65*AY65 -> 257922.82 | BA65: =+'CANTIDADES DE OBRA'!HY513 -> 1 | BB65: =$D$65*BA65 -> 257922.82 | BC65: =+'CANTIDADES DE OBRA'!IH513 -> 1 | BD65: =$D$65*BC65 -> 257922.82 | BE65: =+'CANTIDADES DE OBRA'!IQ513 -> 0 | BF65: =$D$65*BE65 -> 0 | BG65: =+'CANTIDADES DE OBRA'!IZ513 -> 1 | BH65: =$D$65*BG65 -> 257922.82 | BI65: =+'CANTIDADES DE OBRA'!JI513 -> 2 | BJ65: =$D$65*BI65 -> 515845.65 | BK65: =+'CANTIDADES DE OBRA'!JR513 -> 0 | BL65: =$D$65*BK65 -> 0 | BM65: =+'CANTIDADES DE OBRA'!KA513 -> 1 | BN65: =$D$65*BM65 -> 257922.82 | BO65: =+'CANTIDADES DE OBRA'!KJ513 -> 0 | BP65: =$D$65*BO65 -> 0 | BQ65: =+'CANTIDADES DE OBRA'!KS513 -> 0 | BR65: =$D$65*BQ65 -> 0 | BS65: =+'CANTIDADES DE OBRA'!LB513 -> 0 | BT65: =$D$65*BS65 -> 0 | BU65: =+'CANTIDADES DE OBRA'!LK513 -> 0 | BV65: =$D$65*BU65 -> 0 | BW65: =+'CANTIDADES DE OBRA'!LT513 -> 0 | BX65: =$D$65*BW65 -> 0 | BY65: =+'CANTIDADES DE OBRA'!MC513 -> 0 | BZ65: =$D$65*BY65 -> 0 | CA65: =+'CANTIDADES DE OBRA'!ML513 -> 0 | CB65: =$D$65*CA65 -> 0 | CC65: =+'CANTIDADES DE OBRA'!MU513 -> 1 | CD65: =$D$65*CC65 -> 257922.82 | CE65: =+'CANTIDADES DE OBRA'!ND513 -> 1 | CF65: =$D$65*CE65 -> 257922.82 | CG65: =+'CANTIDADES DE OBRA'!NM513 -> 1 | CH65: =$D$65*CG65 -> 257922.82 | CI65: =+'CANTIDADES DE OBRA'!NV513 -> 0 | CJ65: =$D$65*CI65 -> 0 | CK65: =+'CANTIDADES DE OBRA'!OE513 -> 1 | CL65: =$D$65*CK65 -> 257922.82 | CM65: =+'CANTIDADES DE OBRA'!ON513 -> 1 | CN65: =$D$65*CM65 -> 257922.82 | CO65: =+'CANTIDADES DE OBRA'!OW513 -> 0 | CP65: =$D$65*CO65 -> 0 | CQ65: =+'CANTIDADES DE OBRA'!PF513 -> 0 | CR65: =$D$65*CQ65 -> 0 | CS65: =E65+G65+I65+K65+M65+O65+Q65+S65+U65+W65+Y65+AA65+AC65+AE65+AG65+AI65+AK65+AM65+AO65+AQ65+AS65+AU65+AW65+AY65+BA65+BC65+BE65+BG65+BI65+BK65+BM65+BO65+BQ65+BS65+BU65+BW65+BY65+CA65+CC65+CE65+CG65+CI65+CK65+CM65+CO65+CQ65 -> 13 | CT65: =CS65*D65 -> 3352996.7
A66: 09-02. | B66: ACCESORIOS METÁLICOS | F66: =SUM(F67) -> 0 | H66: =SUM(H67) -> 0 | J66: =SUM(J67) -> 0 | L66: =SUM(L67) -> 0 | N66: =SUM(N67) -> 0 | P66: =SUM(P67) -> 0 | R66: =SUM(R67) -> 0 | T66: =SUM(T67) -> 0 | V66: =SUM(V67) -> 0 | X66: =SUM(X67) -> 0 | Z66: =SUM(Z67) -> 0 | AB66: =SUM(AB67) -> 0 | AD66: =SUM(AD67) -> 0 | AF66: =SUM(AF67) -> 0 | AH66: =SUM(AH67) -> 0 | AJ66: =SUM(AJ67) -> 0 | AL66: =SUM(AL67) -> 0 | AN66: =SUM(AN67) -> 0 | AP66: =SUM(AP67) -> 0 | AR66: =SUM(AR67) -> 0 | AT66: =SUM(AT67) -> 0 | AV66: =SUM(AV67) -> 0 | AX66: =SUM(AX67) -> 15503.699 | AZ66: =SUM(AZ67) -> 15503.699 | BB66: =SUM(BB67) -> 15503.699 | BD66: =SUM(BD67) -> 15503.699 | BF66: =SUM(BF67) -> 0 | BH66: =SUM(BH67) -> 15503.699 | BJ66: =SUM(BJ67) -> 15503.699 | BL66: =SUM(BL67) -> 0 | BN66: =SUM(BN67) -> 0 | BP66: =SUM(BP67) -> 0 | BR66: =SUM(BR67) -> 0 | BT66: =SUM(BT67) -> 0 | BV66: =SUM(BV67) -> 0 | BX66: =SUM(BX67) -> 0 | BZ66: =SUM(BZ67) -> 0 | CB66: =SUM(CB67) -> 0 | CD66: =SUM(CD67) -> 15503.699 | CF66: =SUM(CF67) -> 15503.699 | CH66: =SUM(CH67) -> 15503.699 | CJ66: =SUM(CJ67) -> 0 | CL66: =SUM(CL67) -> 15503.699 | CN66: =SUM(CN67) -> 15503.699 | CP66: =SUM(CP67) -> 0 | CR66: =SUM(CR67) -> 0 | CT66: =SUM(CT67:CT68) -> 534275.68
A67: =+APU!A293 -> 09-02-001 | B67: =+APU!B293 -> TUBO CORTINERO PARA DUCHA, EN ALUMINIO CRUDO O ANONIZADO. | C67: =+APU!C293 -> U | D67: =+APU!G293 -> 15503.699 | E67: ='CANTIDADES DE OBRA'!Q543 -> 0 | F67: =$D$67*E67 -> 0 | H67: =$D$67*G67 -> 0 | J67: =$D$67*I67 -> 0 | L67: =$D$67*K67 -> 0 | N67: =$D$67*M67 -> 0 | P67: =$D$67*O67 -> 0 | R67: =$D$67*Q67 -> 0 | T67: =$D$67*S67 -> 0 | V67: =$D$67*U67 -> 0 | X67: =$D$67*W67 -> 0 | Z67: =$D$67*Y67 -> 0 | AB67: =$D$67*AA67 -> 0 | AD67: =$D$67*AC67 -> 0 | AF67: =$D$67*AE67 -> 0 | AH67: =$D$67*AG67 -> 0 | AJ67: =$D$67*AI67 -> 0 | AL67: =$D$67*AK67 -> 0 | AN67: =$D$67*AM67 -> 0 | AP67: =$D$67*AO67 -> 0 | AR67: =$D$67*AQ67 -> 0 | AT67: =$D$67*AS67 -> 0 | AV67: =$D$67*AU67 -> 0 | AW67: =+'CANTIDADES DE OBRA'!HG543 -> 1 | AX67: =$D$67*AW67 -> 15503.699 | AY67: =+'CANTIDADES DE OBRA'!HP543 -> 1 | AZ67: =$D$67*AY67 -> 15503.699 | BA67: =+'CANTIDADES DE OBRA'!HY543 -> 1 | BB67: =$D$67*BA67 -> 15503.699 | BC67: =+'CANTIDADES DE OBRA'!IH543 -> 1 | BD67: =$D$67*BC67 -> 15503.699 | BE67: =+'CANTIDADES DE OBRA'!IQ543 -> 0 | BF67: =$D$67*BE67 -> 0 | BG67: =+'CANTIDADES DE OBRA'!IZ543 -> 1 | BH67: =$D$67*BG67 -> 15503.699 | BI67: =+'CANTIDADES DE OBRA'!JI543 -> 1 | BJ67: =$D$67*BI67 -> 15503.699 | BK67: =+'CANTIDADES DE OBRA'!JR543 -> 0 | BL67: =$D$67*BK67 -> 0 | BM67: =+'CANTIDADES DE OBRA'!JR543 -> 0 | BN67: =$D$67*BM67 -> 0 | BP67: =$D$67*BO67 -> 0 | BR67: =$D$67*BQ67 -> 0 | BT67: =$D$67*BS67 -> 0 | BV67: =$D$67*BU67 -> 0 | BX67: =$D$67*BW67 -> 0 | BZ67: =$D$67*BY67 -> 0 | CB67: =$D$67*CA67 -> 0 | CC67: =+'CANTIDADES DE OBRA'!MU543 -> 1 | CD67: =$D$67*CC67 -> 15503.699 | CE67: =+'CANTIDADES DE OBRA'!ND543 -> 1 | CF67: =$D$67*CE67 -> 15503.699 | CG67: =+'CANTIDADES DE OBRA'!NM543 -> 1 | CH67: =$D$67*CG67 -> 15503.699 | CJ67: =$D$67*CI67 -> 0 | CK67: =+'CANTIDADES DE OBRA'!OE543 -> 1 | CL67: =$D$67*CK67 -> 15503.699 | CM67: =+'CANTIDADES DE OBRA'!ON543 -> 1 | CN67: =$D$67*CM67 -> 15503.699 | CP67: =$D$67*CO67 -> 0 | CR67: =$D$67*CQ67 -> 0 | CS67: =E67+G67+I67+K67+M67+O67+Q67+S67+U67+W67+Y67+AA67+AC67+AE67+AG67+AI67+AK67+AM67+AO67+AQ67+AS67+AU67+AW67+AY67+BA67+BC67+BE67+BG67+BI67+BK67+BM67+BO67+BQ67+BS67+BU67+BW67+BY67+CA67+CC67+CE67+CG67+CI67+CK67+CM67+CO67+CQ67 -> 11 | CT67: =CS67*D67 -> 170540.69
A68: 09-02-002. | B68: =+APU!B287 -> SUMINISTRO DE BARRA DE SEGURIDAD DE BAÑO PARA MOVILIDAD REDUCIDA. INCLUYE ACCESORIOS DE ANCLAJE DEMAS ELEMENTOS PARA SU CORRECTO FUNCIONAMIENTO. | C68: U | D68: =+APU!G287 -> 121245 | E68: ='CANTIDADES DE OBRA'!Q528 -> 0 | F68: =$D$68*E68 -> 0 | H68: =$D$68*G68 -> 0 | J68: =$D$68*I68 -> 0 | L68: =$D$68*K68 -> 0 | N68: =$D$68*M68 -> 0 | P68: =$D$68*O68 -> 0 | R68: =$D$68*Q68 -> 0 | T68: =$D$68*S68 -> 0 | V68: =$D$68*U68 -> 0 | X68: =$D$68*W68 -> 0 | Z68: =$D$68*Y68 -> 0 | AB68: =$D$68*AA68 -> 0 | AD68: =$D$68*AC68 -> 0 | AF68: =$D$68*AE68 -> 0 | AH68: =$D$68*AG68 -> 0 | AJ68: =$D$68*AI68 -> 0 | AL68: =$D$68*AK68 -> 0 | AN68: =$D$68*AM68 -> 0 | AP68: =$D$68*AO68 -> 0 | AR68: =$D$68*AQ68 -> 0 | AT68: =$D$68*AS68 -> 0 | AV68: =$D$68*AU68 -> 0 | AX68: =$D$68*AW68 -> 0 | AZ68: =$D$68*AY68 -> 0 | BB68: =$D$68*BA68 -> 0 | BD68: =$D$68*BC68 -> 0 | BF68: =$D$68*BE68 -> 0 | BH68: =$D$68*BG68 -> 0 | BJ68: =$D$68*BI68 -> 0 | BL68: =$D$68*BK68 -> 0 | BN68: =$D$68*BM68 -> 0 | BP68: =$D$68*BO68 -> 0 | BR68: =$D$68*BQ68 -> 0 | BT68: =$D$68*BS68 -> 0 | BV68: =$D$68*BU68 -> 0 | BX68: =$D$68*BW68 -> 0 | BZ68: =$D$68*BY68 -> 0 | CB68: =$D$68*CA68 -> 0 | CD68: =$D$68*CC68 -> 0 | CF68: =$D$68*CE68 -> 0 | CH68: =$D$68*CG68 -> 0 | CJ68: =$D$68*CI68 -> 0 | CK68: =+'CANTIDADES DE OBRA'!OE528 -> 3 | CL68: =$D$68*CK68 -> 363735 | CN68: =$D$68*CM68 -> 0 | CP68: =$D$68*CO68 -> 0 | CR68: =$D$68*CQ68 -> 0 | CS68: =E68+G68+I68+K68+M68+O68+Q68+S68+U68+W68+Y68+AA68+AC68+AE68+AG68+AI68+AK68+AM68+AO68+AQ68+AS68+AU68+AW68+AY68+BA68+BC68+BE68+BG68+BI68+BK68+BM68+BO68+BQ68+BS68+BU68+BW68+BY68+CA68+CC68+CE68+CG68+CI68+CK68+CM68+CO68+CQ68 -> 3 | CT68: =CS68*D68 -> 363735
A69: 09-03. | B69: VENTANAS METÁLICAS | F69: =SUM(F70:F71) -> 0 | H69: =SUM(H70:H71) -> 0 | J69: =SUM(J70:J71) -> 0 | L69: =SUM(L70:L71) -> 0 | N69: =SUM(N70:N71) -> 0 | P69: =SUM(P70:P71) -> 0 | R69: =SUM(R70:R71) -> 0 | T69: =SUM(T70:T71) -> 0 | V69: =SUM(V70:V71) -> 0 | X69: =SUM(X70:X71) -> 0 | Z69: =SUM(Z70:Z71) -> 0 | AB69: =SUM(AB70:AB71) -> 0 | AD69: =SUM(AD70:AD71) -> 0 | AF69: =SUM(AF70:AF71) -> 0 | AH69: =SUM(AH70:AH71) -> 0 | AJ69: =SUM(AJ70:AJ71) -> 0 | AL69: =SUM(AL70:AL71) -> 0 | AN69: =SUM(AN70:AN71) -> 0 | AP69: =SUM(AP70:AP71) -> 0 | AR69: =SUM(AR70:AR71) -> 0 | AT69: =SUM(AT70:AT71) -> 0 | AV69: =SUM(AV70:AV71) -> 0 | AX69: =SUM(AX70:AX71) -> 57518.482 | AZ69: =SUM(AZ70:AZ71) -> 57518.482 | BB69: =SUM(BB70:BB71) -> 57518.482 | BD69: =SUM(BD70:BD71) -> 57518.482 | BF69: =SUM(BF70:BF71) -> 0 | BH69: =SUM(BH70:BH71) -> 57518.482 | BJ69: =SUM(BJ70:BJ71) -> 57518.482 | BL69: =SUM(BL70:BL71) -> 0 | BN69: =SUM(BN70:BN71) -> 0 | BP69: =SUM(BP70:BP71) -> 0 | BR69: =SUM(BR70:BR71) -> 0 | BT69: =SUM(BT70:BT71) -> 0 | BV69: =SUM(BV70:BV71) -> 0 | BX69: =SUM(BX70:BX71) -> 0 | BZ69: =SUM(BZ70:BZ71) -> 0 | CB69: =SUM(CB70:CB71) -> 0 | CD69: =SUM(CD70:CD71) -> 57518.482 | CF69: =SUM(CF70:CF71) -> 57518.482 | CH69: =SUM(CH70:CH71) -> 57518.482 | CJ69: =SUM(CJ70:CJ71) -> 0 | CL69: =SUM(CL70:CL71) -> 57518.482 | CN69: =SUM(CN70:CN71) -> 57518.482 | CP69: =SUM(CP70:CP71) -> 0 | CR69: =SUM(CR70:CR71) -> 0 | CT69: =SUM(CT70:CT71) -> 632703.3
A70: =+APU!A299 -> 09-03-001 | B70: =+APU!B299 -> VENTANA EN ALUMINIO ANONIZADO DE 0.30X0.60M TIPO CELOSIA; INCLUYE VIDRIO DE 4MM. | C70: =+APU!C299 -> U | D70: =+APU!G299 -> 57518.482 | E70: ='CANTIDADES DE OBRA'!Q558 -> 0 | F70: =$D$70*E70 -> 0 | H70: =$D$70*G70 -> 0 | J70: =$D$70*I70 -> 0 | L70: =$D$70*K70 -> 0 | N70: =$D$70*M70 -> 0 | P70: =$D$70*O70 -> 0 | R70: =$D$70*Q70 -> 0 | T70: =$D$70*S70 -> 0 | V70: =$D$70*U70 -> 0 | X70: =$D$70*W70 -> 0 | Z70: =$D$70*Y70 -> 0 | AB70: =$D$70*AA70 -> 0 | AD70: =$D$70*AC70 -> 0 | AF70: =$D$70*AE70 -> 0 | AH70: =$D$70*AG70 -> 0 | AJ70: =$D$70*AI70 -> 0 | AL70: =$D$70*AK70 -> 0 | AN70: =$D$70*AM70 -> 0 | AP70: =$D$70*AO70 -> 0 | AR70: =$D$70*AQ70 -> 0 | AT70: =$D$70*AS70 -> 0 | AV70: =$D$70*AU70 -> 0 | AW70: =+'CANTIDADES DE OBRA'!HG558 -> 1 | AX70: =$D$70*AW70 -> 57518.482 | AY70: =+'CANTIDADES DE OBRA'!HP558 -> 1 | AZ70: =$D$70*AY70 -> 57518.482 | BA70: =+'CANTIDADES DE OBRA'!HY558 -> 1 | BB70: =$D$70*BA70 -> 57518.482 | BC70: =+'CANTIDADES DE OBRA'!IH558 -> 1 | BD70: =$D$70*BC70 -> 57518.482 | BE70: =+'CANTIDADES DE OBRA'!IQ558 -> 0 | BF70: =$D$70*BE70 -> 0 | BG70: =+'CANTIDADES DE OBRA'!IZ558 -> 1 | BH70: =$D$70*BG70 -> 57518.482 | BI70: =+'CANTIDADES DE OBRA'!JI558 -> 1 | BJ70: =$D$70*BI70 -> 57518.482 | BL70: =$D$70*BK70 -> 0 | BM70: =+'CANTIDADES DE OBRA'!JR558 -> 0 | BN70: =$D$70*BM70 -> 0 | BP70: =$D$70*BO70 -> 0 | BR70: =$D$70*BQ70 -> 0 | BT70: =$D$70*BS70 -> 0 | BV70: =$D$70*BU70 -> 0 | BX70: =$D$70*BW70 -> 0 | BZ70: =$D$70*BY70 -> 0 | CB70: =$D$70*CA70 -> 0 | CC70: =+'CANTIDADES DE OBRA'!MU558 -> 1 | CD70: =$D$70*CC70 -> 57518.482 | CE70: =+'CANTIDADES DE OBRA'!ND558 -> 1 | CF70: =$D$70*CE70 -> 57518.482 | CG70: =+'CANTIDADES DE OBRA'!NM558 -> 1 | CH70: =$D$70*CG70 -> 57518.482 | CJ70: =$D$70*CI70 -> 0 | CK70: =+'CANTIDADES DE OBRA'!OE558 -> 1 | CL70: =$D$70*CK70 -> 57518.482 | CM70: =+'CANTIDADES DE OBRA'!ON558 -> 1 | CN70: =$D$70*CM70 -> 57518.482 | CP70: =$D$70*CO70 -> 0 | CR70: =$D$70*CQ70 -> 0 | CS70: =E70+G70+I70+K70+M70+O70+Q70+S70+U70+W70+Y70+AA70+AC70+AE70+AG70+AI70+AK70+AM70+AO70+AQ70+AS70+AU70+AW70+AY70+BA70+BC70+BE70+BG70+BI70+BK70+BM70+BO70+BQ70+BS70+BU70+BW70+BY70+CA70+CC70+CE70+CG70+CI70+CK70+CM70+CO70+CQ70 -> 11 | CT70: =CS70*D70 -> 632703.3
A71: 09-03-002 | B71: =+APU!B306 -> VENTANA EN ALUMINIO ANONIZADO DE 1,20X1,20M TIPO CORREDIZA; INCLUYE VIDRIO DE 4MM. | C71: U | D71: =+APU!G306 -> 120304.24 | E71: =+'CANTIDADES DE OBRA'!Q573 -> 0 | F71: =$D$71*E71 -> 0 | G71: =+'CANTIDADES DE OBRA'!Z573 -> 0 | H71: =$D$71*G71 -> 0 | I71: =+'CANTIDADES DE OBRA'!AI573 -> 0 | J71: =$D$71*I71 -> 0 | K71: =+'CANTIDADES DE OBRA'!AR573 -> 0 | L71: =$D$71*K71 -> 0 | M71: =+'CANTIDADES DE OBRA'!BA573 -> 0 | N71: =$D$71*M71 -> 0 | O71: =+'CANTIDADES DE OBRA'!BJ573 -> 0 | P71: =$D$71*O71 -> 0 | Q71: =+'CANTIDADES DE OBRA'!BS573 -> 0 | R71: =$D$71*Q71 -> 0 | S71: =+'CANTIDADES DE OBRA'!CB573 -> 0 | T71: =$D$71*S71 -> 0 | U71: =+'CANTIDADES DE OBRA'!CK573 -> 0 | V71: =$D$71*U71 -> 0 | W71: =+'CANTIDADES DE OBRA'!CT573 -> 0 | X71: =$D$71*W71 -> 0 | Y71: =+'CANTIDADES DE OBRA'!DC573 -> 0 | Z71: =$D$71*Y71 -> 0 | AA71: =+'CANTIDADES DE OBRA'!DL573 -> 0 | AB71: =$D$71*AA71 -> 0 | AC71: =+'CANTIDADES DE OBRA'!DU573 -> 0 | AD71: =$D$71*AC71 -> 0 | AE71: =+'CANTIDADES DE OBRA'!ED573 -> 0 | AF71: =$D$71*AE71 -> 0 | AG71: =+'CANTIDADES DE OBRA'!EM573 -> 0 | AH71: =$D$71*AG71 -> 0 | AI71: =+'CANTIDADES DE OBRA'!EV573 -> 0 | AJ71: =$D$71*AI71 -> 0 | AK71: =+'CANTIDADES DE OBRA'!FE573 -> 0 | AL71: =$D$71*AK71 -> 0 | AM71: =+'CANTIDADES DE OBRA'!FN573 -> 0 | AN71: =$D$71*AM71 -> 0 | AO71: =+'CANTIDADES DE OBRA'!FW573 -> 0 | AP71: =$D$71*AO71 -> 0 | AQ71: =+'CANTIDADES DE OBRA'!GF573 -> 0 | AR71: =$D$71*AQ71 -> 0 | AS71: =+'CANTIDADES DE OBRA'!GO573 -> 0 | AT71: =$D$71*AS71 -> 0 | AU71: =+'CANTIDADES DE OBRA'!GX573 -> 0 | AV71: =$D$71*AU71 -> 0 | AW71: =+'CANTIDADES DE OBRA'!HG573 -> 0 | AX71: =$D$71*AW71 -> 0 | AY71: =+'CANTIDADES DE OBRA'!HP573 -> 0 | AZ71: =$D$71*AY71 -> 0 | BA71: =+'CANTIDADES DE OBRA'!HY573 -> 0 | BB71: =$D$71*BA71 -> 0 | BC71: =+'CANTIDADES DE OBRA'!IH573 -> 0 | BD71: =$D$71*BC71 -> 0 | BE71: =+'CANTIDADES DE OBRA'!IQ573 -> 0 | BF71: =$D$71*BE71 -> 0 | BG71: =+'CANTIDADES DE OBRA'!IZ573 -> 0 | BH71: =$D$71*BG71 -> 0 | BI71: =+'CANTIDADES DE OBRA'!JI573 -> 0 | BJ71: =$D$71*BI71 -> 0 | BK71: =+'CANTIDADES DE OBRA'!JR573 -> 0 | BL71: =$D$71*BK71 -> 0 | BM71: =+'CANTIDADES DE OBRA'!KA573 -> 0 | BN71: =$D$71*BM71 -> 0 | BO71: =+'CANTIDADES DE OBRA'!KJ573 -> 0 | BP71: =$D$71*BO71 -> 0 | BQ71: =+'CANTIDADES DE OBRA'!KS573 -> 0 | BR71: =$D$71*BQ71 -> 0 | BS71: =+'CANTIDADES DE OBRA'!LB573 -> 0 | BT71: =$D$71*BS71 -> 0 | BU71: =+'CANTIDADES DE OBRA'!LK573 -> 0 | BV71: =$D$71*BU71 -> 0 | BW71: =+'CANTIDADES DE OBRA'!LT573 -> 0 | BX71: =$D$71*BW71 -> 0 | BY71: =+'CANTIDADES DE OBRA'!MC573 -> 0 | BZ71: =$D$71*BY71 -> 0 | CA71: =+'CANTIDADES DE OBRA'!ML573 -> 0 | CB71: =$D$71*CA71 -> 0 | CC71: =+'CANTIDADES DE OBRA'!MU573 -> 0 | CD71: =$D$71*CC71 -> 0 | CE71: =+'CANTIDADES DE OBRA'!ND573 -> 0 | CF71: =$D$71*CE71 -> 0 | CG71: =+'CANTIDADES DE OBRA'!NM573 -> 0 | CH71: =$D$71*CG71 -> 0 | CI71: =+'CANTIDADES DE OBRA'!NV573 -> 0 | CJ71: =$D$71*CI71 -> 0 | CL71: =$D$71*CK71 -> 0 | CM71: =+'CANTIDADES DE OBRA'!ON573 -> 0 | CN71: =$D$71*CM71 -> 0 | CO71: =+'CANTIDADES DE OBRA'!OW573 -> 0 | CP71: =$D$71*CO71 -> 0 | CQ71: =+'CANTIDADES DE OBRA'!PF573 -> 0 | CR71: =$D$71*CQ71 -> 0 | CS71: =E71+G71+I71+K71+M71+O71+Q71+S71+U71+W71+Y71+AA71+AC71+AE71+AG71+AI71+AK71+AM71+AO71+AQ71+AS71+AU71+AW71+AY71+BA71+BC71+BE71+BG71+BI71+BK71+BM71+BO71+BQ71+BS71+BU71+BW71+BY71+CA71+CC71+CE71+CG71+CI71+CK71+CM71+CO71+CQ71 -> 0 | CT71: =CS71*D71 -> 0
A72: =+APU!A313 -> 10 | B72: =+APU!B313 -> APARATOS SANITARIOS, MUEBLES Y GRIFERIAS | CU72: =CT73+CT76 -> 8969932.5 | CV72: =ROUND(CU72,0) -> 8969932
A73: 10-01. | B73: APARATOS SANITARIOS | F73: =SUM(F74:F74) -> 0 | H73: =SUM(H74:H74) -> 0 | J73: =SUM(J74:J74) -> 0 | L73: =SUM(L74:L74) -> 0 | N73: =SUM(N74:N74) -> 0 | P73: =SUM(P74:P74) -> 0 | R73: =SUM(R74:R74) -> 0 | T73: =SUM(T74:T74) -> 0 | V73: =SUM(V74:V74) -> 0 | X73: =SUM(X74:X74) -> 0 | Z73: =SUM(Z74:Z74) -> 0 | AB73: =SUM(AB74:AB74) -> 0 | AD73: =SUM(AD74:AD74) -> 0 | AF73: =SUM(AF74:AF74) -> 0 | AH73: =SUM(AH74:AH74) -> 0 | AJ73: =SUM(AJ74:AJ74) -> 0 | AL73: =SUM(AL74:AL74) -> 0 | AN73: =SUM(AN74:AN74) -> 0 | AP73: =SUM(AP74:AP74) -> 0 | AR73: =SUM(AR74:AR74) -> 0 | AT73: =SUM(AT74:AT74) -> 0 | AV73: =SUM(AV74:AV74) -> 0 | AX73: =SUM(AX74:AX74) -> 579665.3 | AZ73: =SUM(AZ74:AZ74) -> 579665.3 | BB73: =SUM(BB74:BB74) -> 579665.3 | BD73: =SUM(BD74:BD74) -> 579665.3 | BF73: =SUM(BF74:BF74) -> 0 | BH73: =SUM(BH74:BH74) -> 579665.3 | BJ73: =SUM(BJ74:BJ74) -> 579665.3 | BL73: =SUM(BL74:BL74) -> 0 | BN73: =SUM(BN74:BN74) -> 579665.3 | BP73: =SUM(BP74:BP74) -> 0 | BR73: =SUM(BR74:BR74) -> 0 | BT73: =SUM(BT74:BT74) -> 0 | BV73: =SUM(BV74:BV74) -> 0 | BX73: =SUM(BX74:BX74) -> 0 | BZ73: =SUM(BZ74:BZ74) -> 0 | CB73: =SUM(CB74:CB74) -> 0 | CD73: =SUM(CD74:CD74) -> 579665.3 | CF73: =SUM(CF74:CF74) -> 579665.3 | CH73: =SUM(CH74:CH74) -> 579665.3 | CJ73: =SUM(CJ74:CJ74) -> 0 | CL73: =SUM(CL74:CL74) -> 579665.3 | CN73: =SUM(CN74:CN74) -> 579665.3 | CP73: =SUM(CP74:CP74) -> 0 | CR73: =SUM(CR74:CR74) -> 0 | CT73: =SUM(CT74:CT75) -> 7078573
A74: =+APU!A314 -> 10-01-001 | B74: =+APU!B314 -> COMBO PARA BAÑO INCLUYENDO SANITARIO, LAVAMANOS, TRES INCRUSTACIONES Y DUCHA; INCLUYE ADEMAS, ACCESORIOS Y TODOS LOS MATERIALES NECESARIOS PARA SU CORRECTA EJECUCION. | C74: =+APU!C314 -> U | D74: =+APU!G314 -> 579665.3 | E74: ='CANTIDADES DE OBRA'!Q588 -> 0 | F74: =$D$74*E74 -> 0 | H74: =$D$74*G74 -> 0 | J74: =$D$74*I74 -> 0 | L74: =$D$74*K74 -> 0 | N74: =$D$74*M74 -> 0 | P74: =$D$74*O74 -> 0 | R74: =$D$74*Q74 -> 0 | T74: =$D$74*S74 -> 0 | V74: =$D$74*U74 -> 0 | X74: =$D$74*W74 -> 0 | Z74: =$D$74*Y74 -> 0 | AB74: =$D$74*AA74 -> 0 | AD74: =$D$74*AC74 -> 0 | AF74: =$D$74*AE74 -> 0 | AH74: =$D$74*AG74 -> 0 | AJ74: =$D$74*AI74 -> 0 | AL74: =$D$74*AK74 -> 0 | AN74: =$D$74*AM74 -> 0 | AP74: =$D$74*AO74 -> 0 | AR74: =$D$74*AQ74 -> 0 | AT74: =$D$74*AS74 -> 0 | AV74: =$D$74*AU74 -> 0 | AW74: =+'CANTIDADES DE OBRA'!HG588 -> 1 | AX74: =$D$74*AW74 -> 579665.3 | AY74: =+'CANTIDADES DE OBRA'!HP588 -> 1 | AZ74: =$D$74*AY74 -> 579665.3 | BA74: =+'CANTIDADES DE OBRA'!HY588 -> 1 | BB74: =$D$74*BA74 -> 579665.3 | BC74: =+'CANTIDADES DE OBRA'!IH588 -> 1 | BD74: =$D$74*BC74 -> 579665.3 | BE74: =+'CANTIDADES DE OBRA'!IQ588 -> 0 | BF74: =$D$74*BE74 -> 0 | BG74: =+'CANTIDADES DE OBRA'!IZ588 -> 1 | BH74: =$D$74*BG74 -> 579665.3 | BI74: =+'CANTIDADES DE OBRA'!JI588 -> 1 | BJ74: =$D$74*BI74 -> 579665.3 | BK74: =+'CANTIDADES DE OBRA'!JR588 -> 0 | BL74: =$D$74*BK74 -> 0 | BM74: =+'CANTIDADES DE OBRA'!KA588 -> 1 | BN74: =$D$74*BM74 -> 579665.3 | BP74: =$D$74*BO74 -> 0 | BR74: =$D$74*BQ74 -> 0 | BT74: =$D$74*BS74 -> 0 | BV74: =$D$74*BU74 -> 0 | BX74: =$D$74*BW74 -> 0 | BZ74: =$D$74*BY74 -> 0 | CB74: =$D$74*CA74 -> 0 | CC74: =+'CANTIDADES DE OBRA'!MU588 -> 1 | CD74: =$D$74*CC74 -> 579665.3 | CE74: =+'CANTIDADES DE OBRA'!ND588 -> 1 | CF74: =$D$74*CE74 -> 579665.3 | CG74: =+'CANTIDADES DE OBRA'!NM588 -> 1 | CH74: =$D$74*CG74 -> 579665.3 | CJ74: =$D$74*CI74 -> 0 | CK74: =+'CANTIDADES DE OBRA'!OE588 -> 1 | CL74: =$D$74*CK74 -> 579665.3 | CM74: =+'CANTIDADES DE OBRA'!ON588 -> 1 | CN74: =$D$74*CM74 -> 579665.3 | CP74: =$D$74*CO74 -> 0 | CR74: =$D$74*CQ74 -> 0 | CS74: =E74+G74+I74+K74+M74+O74+Q74+S74+U74+W74+Y74+AA74+AC74+AE74+AG74+AI74+AK74+AM74+AO74+AQ74+AS74+AU74+AW74+AY74+BA74+BC74+BE74+BG74+BI74+BK74+BM74+BO74+BQ74+BS74+BU74+BW74+BY74+CA74+CC74+CE74+CG74+CI74+CK74+CM74+CO74+CQ74 -> 12 | CT74: =CS74*D74 -> 6955983.6
A75: =+APU!A325 -> 10-01-002 | B75: =+APU!B325 -> SUMINISTRO E INSTALACION DE REJILLA DE PISO PARA DUCHA. INCLUYE MATERIAL DE PEGA Y TODO LO NECESARIO PARA SU CORRECTA INSTALACION. | C75: =+APU!C325 -> U | D75: =+APU!G325 -> 11144.486 | E75: ='CANTIDADES DE OBRA'!Q603 -> 0 | F75: =$D$75*E75 -> 0 | H75: =$D$75*G75 -> 0 | J75: =$D$75*I75 -> 0 | L75: =$D$75*K75 -> 0 | N75: =$D$75*M75 -> 0 | P75: =$D$75*O75 -> 0 | R75: =$D$75*Q75 -> 0 | T75: =$D$75*S75 -> 0 | V75: =$D$75*U75 -> 0 | X75: =$D$75*W75 -> 0 | Z75: =$D$75*Y75 -> 0 | AB75: =$D$75*AA75 -> 0 | AD75: =$D$75*AC75 -> 0 | AF75: =$D$75*AE75 -> 0 | AH75: =$D$75*AG75 -> 0 | AJ75: =$D$75*AI75 -> 0 | AL75: =$D$75*AK75 -> 0 | AN75: =$D$75*AM75 -> 0 | AP75: =$D$75*AO75 -> 0 | AR75: =$D$75*AQ75 -> 0 | AT75: =$D$75*AS75 -> 0 | AV75: =$D$75*AU75 -> 0 | AW75: =+'CANTIDADES DE OBRA'!HG603 -> 1 | AX75: =$D$75*AW75 -> 11144.486 | AY75: =+'CANTIDADES DE OBRA'!HP603 -> 1 | AZ75: =$D$75*AY75 -> 11144.486 | BA75: =+'CANTIDADES DE OBRA'!HY603 -> 1 | BB75: =$D$75*BA75 -> 11144.486 | BC75: =+'CANTIDADES DE OBRA'!IH603 -> 1 | BD75: =$D$75*BC75 -> 11144.486 | BE75: =+'CANTIDADES DE OBRA'!IQ603 -> 0 | BF75: =$D$75*BE75 -> 0 | BG75: =+'CANTIDADES DE OBRA'!IZ603 -> 1 | BH75: =$D$75*BG75 -> 11144.486 | BI75: =+'CANTIDADES DE OBRA'!JI603 -> 1 | BJ75: =$D$75*BI75 -> 11144.486 | BK75: =+'CANTIDADES DE OBRA'!JR603 -> 0 | BL75: =$D$75*BK75 -> 0 | BN75: =$D$75*BM75 -> 0 | BP75: =$D$75*BO75 -> 0 | BR75: =$D$75*BQ75 -> 0 | BT75: =$D$75*BS75 -> 0 | BV75: =$D$75*BU75 -> 0 | BX75: =$D$75*BW75 -> 0 | BZ75: =$D$75*BY75 -> 0 | CB75: =$D$75*CA75 -> 0 | CC75: =+'CANTIDADES DE OBRA'!MU603 -> 1 | CD75: =$D$75*CC75 -> 11144.486 | CE75: =+'CANTIDADES DE OBRA'!ND603 -> 1 | CF75: =$D$75*CE75 -> 11144.486 | CG75: =+'CANTIDADES DE OBRA'!NM603 -> 1 | CH75: =$D$75*CG75 -> 11144.486 | CJ75: =$D$75*CI75 -> 0 | CK75: =+'CANTIDADES DE OBRA'!OE603 -> 1 | CL75: =$D$75*CK75 -> 11144.486 | CM75: =+'CANTIDADES DE OBRA'!ON603 -> 1 | CN75: =$D$75*CM75 -> 11144.486 | CP75: =$D$75*CO75 -> 0 | CR75: =$D$75*CQ75 -> 0 | CS75: =E75+G75+I75+K75+M75+O75+Q75+S75+U75+W75+Y75+AA75+AC75+AE75+AG75+AI75+AK75+AM75+AO75+AQ75+AS75+AU75+AW75+AY75+BA75+BC75+BE75+BG75+BI75+BK75+BM75+BO75+BQ75+BS75+BU75+BW75+BY75+CA75+CC75+CE75+CG75+CI75+CK75+CM75+CO75+CQ75 -> 11 | CT75: =CS75*D75 -> 122589.34
A76: 10-02. | B76: MESONES | F76: =SUM(F77) -> 0 | H76: =SUM(H77) -> 0 | J76: =SUM(J77) -> 0 | L76: =SUM(L77) -> 0 | N76: =SUM(N77) -> 0 | P76: =SUM(P77) -> 0 | R76: =SUM(R77) -> 0 | T76: =SUM(T77) -> 0 | V76: =SUM(V77) -> 0 | X76: =SUM(X77) -> 0 | Z76: =SUM(Z77) -> 0 | AB76: =SUM(AB77) -> 0 | AD76: =SUM(AD77) -> 0 | AF76: =SUM(AF77) -> 0 | AH76: =SUM(AH77) -> 0 | AJ76: =SUM(AJ77) -> 0 | AL76: =SUM(AL77) -> 0 | AN76: =SUM(AN77) -> 0 | AP76: =SUM(AP77) -> 0 | AR76: =SUM(AR77) -> 472839.87 | AT76: =SUM(AT77) -> 472839.87 | AV76: =SUM(AV77) -> 472839.87 | AX76: =SUM(AX77) -> 0 | AZ76: =SUM(AZ77) -> 0 | BB76: =SUM(BB77) -> 0 | BD76: =SUM(BD77) -> 0 | BF76: =SUM(BF77) -> 0 | BH76: =SUM(BH77) -> 0 | BJ76: =SUM(BJ77) -> 0 | BL76: =SUM(BL77) -> 0 | BN76: =SUM(BN77) -> 0 | BP76: =SUM(BP77) -> 0 | BR76: =SUM(BR77) -> 0 | BT76: =SUM(BT77) -> 0 | BV76: =SUM(BV77) -> 0 | BX76: =SUM(BX77) -> 0 | BZ76: =SUM(BZ77) -> 0 | CB76: =SUM(CB77) -> 0 | CD76: =SUM(CD77) -> 0 | CF76: =SUM(CF77) -> 0 | CH76: =SUM(CH77) -> 0 | CJ76: =SUM(CJ77) -> 472839.87 | CL76: =SUM(CL77) -> 0 | CN76: =SUM(CN77) -> 0 | CP76: =SUM(CP77) -> 0 | CR76: =SUM(CR77) -> 0 | CT76: =SUM(CT77) -> 1891359.5
A77: =+APU!A332 -> 10-02-001 | B77: =+APU!B332 -> MESON PARA COCINA CLASICO LISO DE 200X60 CON POCETA Y MEZCLADOR | C77: =+APU!C332 -> U | D77: =+APU!G332 -> 472839.87 | E77: ='CANTIDADES DE OBRA'!Q618 -> 0 | F77: =$D$77*E77 -> 0 | H77: =$D$77*G77 -> 0 | J77: =$D$77*I77 -> 0 | L77: =$D$77*K77 -> 0 | N77: =$D$77*M77 -> 0 | P77: =$D$77*O77 -> 0 | R77: =$D$77*Q77 -> 0 | T77: =$D$77*S77 -> 0 | V77: =$D$77*U77 -> 0 | X77: =$D$77*W77 -> 0 | Z77: =$D$77*Y77 -> 0 | AB77: =$D$77*AA77 -> 0 | AD77: =$D$77*AC77 -> 0 | AF77: =$D$77*AE77 -> 0 | AH77: =$D$77*AG77 -> 0 | AJ77: =$D$77*AI77 -> 0 | AL77: =$D$77*AK77 -> 0 | AN77: =$D$77*AM77 -> 0 | AP77: =$D$77*AO77 -> 0 | AQ77: ='CANTIDADES DE OBRA'!GF618 -> 1 | AR77: =$D$77*AQ77 -> 472839.87 | AS77: ='CANTIDADES DE OBRA'!GO618 -> 1 | AT77: =$D$77*AS77 -> 472839.87 | AU77: ='CANTIDADES DE OBRA'!GX618 -> 1 | AV77: =$D$77*AU77 -> 472839.87 | AX77: =$D$77*AW77 -> 0 | AZ77: =$D$77*AY77 -> 0 | BB77: =$D$77*BA77 -> 0 | BD77: =$D$77*BC77 -> 0 | BF77: =$D$77*BE77 -> 0 | BH77: =$D$77*BG77 -> 0 | BJ77: =$D$77*BI77 -> 0 | BL77: =$D$77*BK77 -> 0 | BN77: =$D$77*BM77 -> 0 | BP77: =$D$77*BO77 -> 0 | BR77: =$D$77*BQ77 -> 0 | BT77: =$D$77*BS77 -> 0 | BV77: =$D$77*BU77 -> 0 | BX77: =$D$77*BW77 -> 0 | BZ77: =$D$77*BY77 -> 0 | CB77: =$D$77*CA77 -> 0 | CD77: =$D$77*CC77 -> 0 | CF77: =$D$77*CE77 -> 0 | CH77: =$D$77*CG77 -> 0 | CI77: =+'CANTIDADES DE OBRA'!NV618 -> 1 | CJ77: =$D$77*CI77 -> 472839.87 | CL77: =$D$77*CK77 -> 0 | CN77: =$D$77*CM77 -> 0 | CP77: =$D$77*CO77 -> 0 | CR77: =$D$77*CQ77 -> 0 | CS77: =E77+G77+I77+K77+M77+O77+Q77+S77+U77+W77+Y77+AA77+AC77+AE77+AG77+AI77+AK77+AM77+AO77+AQ77+AS77+AU77+AW77+AY77+BA77+BC77+BE77+BG77+BI77+BK77+BM77+BO77+BQ77+BS77+BU77+BW77+BY77+CA77+CC77+CE77+CG77+CI77+CK77+CM77+CO77+CQ77 -> 4 | CT77: =CS77*D77 -> 1891359.5
A78: =+APU!A339 -> 11 | B78: =+APU!B339 -> INSTALACIONES HIDROSANITARIAS | CU78: =CT79+CT82+CT87 -> 12785668 | CV78: =ROUND(CU78,0) -> 12785668
A79: 11-01. | B79: INSTALACIONES AGUA POTABLE | F79: =SUM(F80:F81) -> 0 | H79: =SUM(H80:H81) -> 0 | J79: =SUM(J80:J81) -> 0 | L79: =SUM(L80:L81) -> 0 | N79: =SUM(N80:N81) -> 0 | P79: =SUM(P80:P81) -> 0 | R79: =SUM(R80:R81) -> 0 | T79: =SUM(T80:T81) -> 0 | V79: =SUM(V80:V81) -> 0 | X79: =SUM(X80:X81) -> 0 | Z79: =SUM(Z80:Z81) -> 0 | AB79: =SUM(AB80:AB81) -> 0 | AD79: =SUM(AD80:AD81) -> 0 | AF79: =SUM(AF80:AF81) -> 0 | AH79: =SUM(AH80:AH81) -> 0 | AJ79: =SUM(AJ80:AJ81) -> 0 | AL79: =SUM(AL80:AL81) -> 0 | AN79: =SUM(AN80:AN81) -> 0 | AP79: =SUM(AP80:AP81) -> 0 | AR79: =SUM(AR80:AR81) -> 140927.39 | AT79: =SUM(AT80:AT81) -> 140927.39 | AV79: =SUM(AV80:AV81) -> 140927.39 | AX79: =SUM(AX80:AX81) -> 204065.14 | AZ79: =SUM(AZ80:AZ81) -> 204065.14 | BB79: =SUM(BB80:BB81) -> 204065.14 | BD79: =SUM(BD80:BD81) -> 204065.14 | BF79: =SUM(BF80:BF81) -> 0 | BH79: =SUM(BH80:BH81) -> 204065.14 | BJ79: =SUM(BJ80:BJ81) -> 204065.14 | BL79: =SUM(BL80:BL81) -> 0 | BN79: =SUM(BN80:BN81) -> 109358.51 | BP79: =SUM(BP80:BP81) -> 0 | BR79: =SUM(BR80:BR81) -> 0 | BT79: =SUM(BT80:BT81) -> 0 | BV79: =SUM(BV80:BV81) -> 0 | BX79: =SUM(BX80:BX81) -> 0 | BZ79: =SUM(BZ80:BZ81) -> 0 | CB79: =SUM(CB80:CB81) -> 0 | CD79: =SUM(CD80:CD81) -> 204065.14 | CF79: =SUM(CF80:CF81) -> 204065.14 | CH79: =SUM(CH80:CH81) -> 204065.14 | CJ79: =SUM(CJ80:CJ81) -> 140927.39 | CL79: =SUM(CL80:CL81) -> 204065.14 | CN79: =SUM(CN80:CN81) -> 204065.14 | CP79: =SUM(CP80:CP81) -> 0 | CR79: =SUM(CR80:CR81) -> 0 | CT79: =SUM(CT80:CT81) -> 2917784.6 | CV79: =ROUND(CT79,0) -> 2917785
A80: =+APU!A340 -> 11-01-001 | B80: =+APU!B340 -> SALIDA HIDRAULICA DE 1/2". | C80: =+APU!C340 -> U | D80: =+APU!G340 -> 31568.877 | E80: ='CANTIDADES DE OBRA'!Q633 -> 0 | F80: =$D$80*E80 -> 0 | H80: =$D$80*G80 -> 0 | J80: =$D$80*I80 -> 0 | L80: =$D$80*K80 -> 0 | N80: =$D$80*M80 -> 0 | P80: =$D$80*O80 -> 0 | R80: =$D$80*Q80 -> 0 | T80: =$D$80*S80 -> 0 | V80: =$D$80*U80 -> 0 | X80: =$D$80*W80 -> 0 | Z80: =$D$80*Y80 -> 0 | AB80: =$D$80*AA80 -> 0 | AD80: =$D$80*AC80 -> 0 | AF80: =$D$80*AE80 -> 0 | AH80: =$D$80*AG80 -> 0 | AJ80: =$D$80*AI80 -> 0 | AL80: =$D$80*AK80 -> 0 | AN80: =$D$80*AM80 -> 0 | AP80: =$D$80*AO80 -> 0 | AQ80: ='CANTIDADES DE OBRA'!GF633 -> 1 | AR80: =$D$80*AQ80 -> 31568.877 | AS80: ='CANTIDADES DE OBRA'!GO633 -> 1 | AT80: =$D$80*AS80 -> 31568.877 | AU80: ='CANTIDADES DE OBRA'!GX633 -> 1 | AV80: =$D$80*AU80 -> 31568.877 | AW80: =+'CANTIDADES DE OBRA'!HG633 -> 3 | AX80: =$D$80*AW80 -> 94706.631 | AY80: =+'CANTIDADES DE OBRA'!HP633 -> 3 | AZ80: =$D$80*AY80 -> 94706.631 | BA80: =+'CANTIDADES DE OBRA'!HY633 -> 3 | BB80: =$D$80*BA80 -> 94706.631 | BC80: =+'CANTIDADES DE OBRA'!IH633 -> 3 | BD80: =$D$80*BC80 -> 94706.631 | BE80: =+'CANTIDADES DE OBRA'!IQ633 -> 0 | BF80: =$D$80*BE80 -> 0 | BG80: =+'CANTIDADES DE OBRA'!IZ633 -> 3 | BH80: =$D$80*BG80 -> 94706.631 | BI80: =+'CANTIDADES DE OBRA'!JI633 -> 3 | BJ80: =$D$80*BI80 -> 94706.631 | BK80: =+'CANTIDADES DE OBRA'!JR633 -> 0 | BL80: =$D$80*BK80 -> 0 | BN80: =$D$80*BM80 -> 0 | BP80: =$D$80*BO80 -> 0 | BR80: =$D$80*BQ80 -> 0 | BT80: =$D$80*BS80 -> 0 | BV80: =$D$80*BU80 -> 0 | BX80: =$D$80*BW80 -> 0 | BZ80: =$D$80*BY80 -> 0 | CB80: =$D$80*CA80 -> 0 | CC80: =+'CANTIDADES DE OBRA'!MU633 -> 3 | CD80: =$D$80*CC80 -> 94706.631 | CE80: =+'CANTIDADES DE OBRA'!ND633 -> 3 | CF80: =$D$80*CE80 -> 94706.631 | CG80: =+'CANTIDADES DE OBRA'!NM633 -> 3 | CH80: =$D$80*CG80 -> 94706.631 | CI80: =+'CANTIDADES DE OBRA'!NV633 -> 1 | CJ80: =$D$80*CI80 -> 31568.877 | CK80: =+'CANTIDADES DE OBRA'!OE633 -> 3 | CL80: =$D$80*CK80 -> 94706.631 | CM80: =+'CANTIDADES DE OBRA'!ON633 -> 3 | CN80: =$D$80*CM80 -> 94706.631 | CP80: =$D$80*CO80 -> 0 | CR80: =$D$80*CQ80 -> 0 | CS80: =E80+G80+I80+K80+M80+O80+Q80+S80+U80+W80+Y80+AA80+AC80+AE80+AG80+AI80+AK80+AM80+AO80+AQ80+AS80+AU80+AW80+AY80+BA80+BC80+BE80+BG80+BI80+BK80+BM80+BO80+BQ80+BS80+BU80+BW80+BY80+CA80+CC80+CE80+CG80+CI80+CK80+CM80+CO80+CQ80 -> 37 | CT80: =CS80*D80 -> 1168048.4
A81: =+APU!A353 -> 11-01-002 | B81: =+APU!B353 -> TUBERIA PVC PRESION DE 1/2" RDE 13.5; INCLUYE ACCESORIOS. | C81: =+APU!C353 -> M | D81: =+APU!G353 -> 18226.419 | E81: ='CANTIDADES DE OBRA'!Q648 -> 0 | F81: =$D$81*E81 -> 0 | H81: =$D$81*G81 -> 0 | J81: =$D$81*I81 -> 0 | L81: =$D$81*K81 -> 0 | N81: =$D$81*M81 -> 0 | P81: =$D$81*O81 -> 0 | R81: =$D$81*Q81 -> 0 | T81: =$D$81*S81 -> 0 | V81: =$D$81*U81 -> 0 | X81: =$D$81*W81 -> 0 | Z81: =$D$81*Y81 -> 0 | AB81: =$D$81*AA81 -> 0 | AD81: =$D$81*AC81 -> 0 | AF81: =$D$81*AE81 -> 0 | AH81: =$D$81*AG81 -> 0 | AJ81: =$D$81*AI81 -> 0 | AL81: =$D$81*AK81 -> 0 | AN81: =$D$81*AM81 -> 0 | AP81: =$D$81*AO81 -> 0 | AQ81: ='CANTIDADES DE OBRA'!GF648 -> 6 | AR81: =$D$81*AQ81 -> 109358.51 | AS81: ='CANTIDADES DE OBRA'!GO648 -> 6 | AT81: =$D$81*AS81 -> 109358.51 | AU81: ='CANTIDADES DE OBRA'!GX648 -> 6 | AV81: =$D$81*AU81 -> 109358.51 | AW81: =+'CANTIDADES DE OBRA'!HG648 -> 6 | AX81: =$D$81*AW81 -> 109358.51 | AY81: =+'CANTIDADES DE OBRA'!HP648 -> 6 | AZ81: =$D$81*AY81 -> 109358.51 | BA81: =+'CANTIDADES DE OBRA'!HY648 -> 6 | BB81: =$D$81*BA81 -> 109358.51 | BC81: =+'CANTIDADES DE OBRA'!IH648 -> 6 | BD81: =$D$81*BC81 -> 109358.51 | BE81: =+'CANTIDADES DE OBRA'!IQ648 -> 0 | BF81: =$D$81*BE81 -> 0 | BG81: =+'CANTIDADES DE OBRA'!IZ648 -> 6 | BH81: =$D$81*BG81 -> 109358.51 | BI81: =+'CANTIDADES DE OBRA'!JI648 -> 6 | BJ81: =$D$81*BI81 -> 109358.51 | BK81: =+'CANTIDADES DE OBRA'!JR648 -> 0 | BL81: =$D$81*BK81 -> 0 | BM81: =+'CANTIDADES DE OBRA'!KA648 -> 6 | BN81: =$D$81*BM81 -> 109358.51 | BP81: =$D$81*BO81 -> 0 | BR81: =$D$81*BQ81 -> 0 | BT81: =$D$81*BS81 -> 0 | BV81: =$D$81*BU81 -> 0 | BX81: =$D$81*BW81 -> 0 | BZ81: =$D$81*BY81 -> 0 | CB81: =$D$81*CA81 -> 0 | CC81: =+'CANTIDADES DE OBRA'!MU648 -> 6 | CD81: =$D$81*CC81 -> 109358.51 | CE81: =+'CANTIDADES DE OBRA'!ND648 -> 6 | CF81: =$D$81*CE81 -> 109358.51 | CG81: =+'CANTIDADES DE OBRA'!NM648 -> 6 | CH81: =$D$81*CG81 -> 109358.51 | CI81: =+'CANTIDADES DE OBRA'!NV648 -> 6 | CJ81: =$D$81*CI81 -> 109358.51 | CK81: =+'CANTIDADES DE OBRA'!OE648 -> 6 | CL81: =$D$81*CK81 -> 109358.51 | CM81: =+'CANTIDADES DE OBRA'!ON648 -> 6 | CN81: =$D$81*CM81 -> 109358.51 | CP81: =$D$81*CO81 -> 0 | CR81: =$D$81*CQ81 -> 0 | CS81: =E81+G81+I81+K81+M81+O81+Q81+S81+U81+W81+Y81+AA81+AC81+AE81+AG81+AI81+AK81+AM81+AO81+AQ81+AS81+AU81+AW81+AY81+BA81+BC81+BE81+BG81+BI81+BK81+BM81+BO81+BQ81+BS81+BU81+BW81+BY81+CA81+CC81+CE81+CG81+CI81+CK81+CM81+CO81+CQ81 -> 96 | CT81: =CS81*D81 -> 1749736.2
A82: 11-02. | B82: INSTALACIONES AGUAS SERVIDAS | F82: =SUM(F83:F86) -> 0 | H82: =SUM(H83:H86) -> 0 | J82: =SUM(J83:J86) -> 0 | L82: =SUM(L83:L86) -> 0 | N82: =SUM(N83:N86) -> 0 | P82: =SUM(P83:P86) -> 0 | R82: =SUM(R83:R86) -> 0 | T82: =SUM(T83:T86) -> 0 | V82: =SUM(V83:V86) -> 0 | X82: =SUM(X83:X86) -> 0 | Z82: =SUM(Z83:Z86) -> 0 | AB82: =SUM(AB83:AB86) -> 0 | AD82: =SUM(AD83:AD86) -> 0 | AF82: =SUM(AF83:AF86) -> 0 | AH82: =SUM(AH83:AH86) -> 0 | AJ82: =SUM(AJ83:AJ86) -> 0 | AL82: =SUM(AL83:AL86) -> 0 | AN82: =SUM(AN83:AN86) -> 0 | AP82: =SUM(AP83:AP86) -> 0 | AR82: =SUM(AR83:AR86) -> 249659.76 | AT82: =SUM(AT83:AT86) -> 249659.76 | AV82: =SUM(AV83:AV86) -> 249659.76 | AX82: =SUM(AX83:AX86) -> 666899.27 | AZ82: =SUM(AZ83:AZ86) -> 666899.27 | BB82: =SUM(BB83:BB86) -> 666899.27 | BD82: =SUM(BD83:BD86) -> 666899.27 | BF82: =SUM(BF83:BF86) -> 0 | BH82: =SUM(BH83:BH86) -> 666899.27 | BJ82: =SUM(BJ83:BJ86) -> 666899.27 | BL82: =SUM(BL83:BL86) -> 0 | BN82: =SUM(BN83:BN86) -> 666899.27 | BP82: =SUM(BP83:BP86) -> 0 | BR82: =SUM(BR83:BR86) -> 0 | BT82: =SUM(BT83:BT86) -> 0 | BV82: =SUM(BV83:BV86) -> 0 | BX82: =SUM(BX83:BX86) -> 0 | BZ82: =SUM(BZ83:BZ86) -> 0 | CB82: =SUM(CB83:CB86) -> 0 | CD82: =SUM(CD83:CD86) -> 666899.27 | CF82: =SUM(CF83:CF86) -> 666899.27 | CH82: =SUM(CH83:CH86) -> 666899.27 | CJ82: =SUM(CJ83:CJ86) -> 249659.76 | CL82: =SUM(CL83:CL86) -> 666899.27 | CN82: =SUM(CN83:CN86) -> 666899.27 | CP82: =SUM(CP83:CP86) -> 0 | CR82: =SUM(CR83:CR86) -> 0 | CT82: =SUM(CT83:CT86) -> 9001430.3
A83: =+APU!A364 -> 11-02-001 | B83: =+APU!B364 -> SALIDA SANITARIA DE 2" INCLUYE MATERIALES, ACCESORIOS Y TODOS LOS ELEMENTOS NECESARIO PARA SU CORRECTA INSTALACION Y FUNCIONAMIENTO. | C83: =+APU!C364 -> U | D83: =+APU!G364 -> 54899.538 | E83: ='CANTIDADES DE OBRA'!Q663 -> 0 | F83: =$D$83*E83 -> 0 | H83: =$D$83*G83 -> 0 | J83: =$D$83*I83 -> 0 | L83: =$D$83*K83 -> 0 | N83: =$D$83*M83 -> 0 | P83: =$D$83*O83 -> 0 | R83: =$D$83*Q83 -> 0 | T83: =$D$83*S83 -> 0 | V83: =$D$83*U83 -> 0 | X83: =$D$83*W83 -> 0 | Z83: =$D$83*Y83 -> 0 | AB83: =$D$83*AA83 -> 0 | AD83: =$D$83*AC83 -> 0 | AF83: =$D$83*AE83 -> 0 | AH83: =$D$83*AG83 -> 0 | AJ83: =$D$83*AI83 -> 0 | AL83: =$D$83*AK83 -> 0 | AN83: =$D$83*AM83 -> 0 | AP83: =$D$83*AO83 -> 0 | AQ83: ='CANTIDADES DE OBRA'!GF663 -> 1 | AR83: =$D$83*AQ83 -> 54899.538 | AS83: ='CANTIDADES DE OBRA'!GO663 -> 1 | AT83: =$D$83*AS83 -> 54899.538 | AU83: ='CANTIDADES DE OBRA'!GX663 -> 1 | AV83: =$D$83*AU83 -> 54899.538 | AW83: =+'CANTIDADES DE OBRA'!HG663 -> 2 | AX83: =$D$83*AW83 -> 109799.08 | AY83: =+'CANTIDADES DE OBRA'!HP663 -> 2 | AZ83: =$D$83*AY83 -> 109799.08 | BA83: =+'CANTIDADES DE OBRA'!HY663 -> 2 | BB83: =$D$83*BA83 -> 109799.08 | BC83: =+'CANTIDADES DE OBRA'!IH663 -> 2 | BD83: =$D$83*BC83 -> 109799.08 | BE83: =+'CANTIDADES DE OBRA'!IQ663 -> 0 | BF83: =$D$83*BE83 -> 0 | BG83: =+'CANTIDADES DE OBRA'!IZ663 -> 2 | BH83: =$D$83*BG83 -> 109799.08 | BI83: =+'CANTIDADES DE OBRA'!JI663 -> 2 | BJ83: =$D$83*BI83 -> 109799.08 | BK83: =+'CANTIDADES DE OBRA'!JR663 -> 0 | BL83: =$D$83*BK83 -> 0 | BM83: =+'CANTIDADES DE OBRA'!KA663 -> 2 | BN83: =$D$83*BM83 -> 109799.08 | BP83: =$D$83*BO83 -> 0 | BR83: =$D$83*BQ83 -> 0 | BT83: =$D$83*BS83 -> 0 | BV83: =$D$83*BU83 -> 0 | BX83: =$D$83*BW83 -> 0 | BZ83: =$D$83*BY83 -> 0 | CB83: =$D$83*CA83 -> 0 | CC83: =+'CANTIDADES DE OBRA'!MU663 -> 2 | CD83: =$D$83*CC83 -> 109799.08 | CE83: =+'CANTIDADES DE OBRA'!ND663 -> 2 | CF83: =$D$83*CE83 -> 109799.08 | CG83: =+'CANTIDADES DE OBRA'!NM663 -> 2 | CH83: =$D$83*CG83 -> 109799.08 | CI83: =+'CANTIDADES DE OBRA'!NV663 -> 1 | CJ83: =$D$83*CI83 -> 54899.538 | CK83: =+'CANTIDADES DE OBRA'!OE663 -> 2 | CL83: =$D$83*CK83 -> 109799.08 | CM83: =+'CANTIDADES DE OBRA'!ON663 -> 2 | CN83: =$D$83*CM83 -> 109799.08 | CP83: =$D$83*CO83 -> 0 | CR83: =$D$83*CQ83 -> 0 | CS83: =E83+G83+I83+K83+M83+O83+Q83+S83+U83+W83+Y83+AA83+AC83+AE83+AG83+AI83+AK83+AM83+AO83+AQ83+AS83+AU83+AW83+AY83+BA83+BC83+BE83+BG83+BI83+BK83+BM83+BO83+BQ83+BS83+BU83+BW83+BY83+CA83+CC83+CE83+CG83+CI83+CK83+CM83+CO83+CQ83 -> 28 | CT83: =CS83*D83 -> 1537187.1
A84: =+APU!A375 -> 11-02-002 | B84: =+APU!B375 -> TUBERIA PVC SANITARIA DE 2". | C84: =+APU!C375 -> M | D84: =+APU!G375 -> 32460.036 | E84: ='CANTIDADES DE OBRA'!Q678 -> 0 | F84: =$D$84*E84 -> 0 | H84: =$D$84*G84 -> 0 | J84: =$D$84*I84 -> 0 | L84: =$D$84*K84 -> 0 | N84: =$D$84*M84 -> 0 | P84: =$D$84*O84 -> 0 | R84: =$D$84*Q84 -> 0 | T84: =$D$84*S84 -> 0 | V84: =$D$84*U84 -> 0 | X84: =$D$84*W84 -> 0 | Z84: =$D$84*Y84 -> 0 | AB84: =$D$84*AA84 -> 0 | AD84: =$D$84*AC84 -> 0 | AF84: =$D$84*AE84 -> 0 | AH84: =$D$84*AG84 -> 0 | AJ84: =$D$84*AI84 -> 0 | AL84: =$D$84*AK84 -> 0 | AN84: =$D$84*AM84 -> 0 | AP84: =$D$84*AO84 -> 0 | AQ84: ='CANTIDADES DE OBRA'!GF678 -> 6 | AR84: =$D$84*AQ84 -> 194760.22 | AS84: ='CANTIDADES DE OBRA'!GO678 -> 6 | AT84: =$D$84*AS84 -> 194760.22 | AU84: ='CANTIDADES DE OBRA'!GX678 -> 6 | AV84: =$D$84*AU84 -> 194760.22 | AW84: =+'CANTIDADES DE OBRA'!HG678 -> 6 | AX84: =$D$84*AW84 -> 194760.22 | AY84: =+'CANTIDADES DE OBRA'!HP678 -> 6 | AZ84: =$D$84*AY84 -> 194760.22 | BA84: =+'CANTIDADES DE OBRA'!HY678 -> 6 | BB84: =$D$84*BA84 -> 194760.22 | BC84: =+'CANTIDADES DE OBRA'!IH678 -> 6 | BD84: =$D$84*BC84 -> 194760.22 | BE84: =+'CANTIDADES DE OBRA'!IQ678 -> 0 | BF84: =$D$84*BE84 -> 0 | BG84: =+'CANTIDADES DE OBRA'!IZ678 -> 6 | BH84: =$D$84*BG84 -> 194760.22 | BI84: =+'CANTIDADES DE OBRA'!JI678 -> 6 | BJ84: =$D$84*BI84 -> 194760.22 | BK84: =+'CANTIDADES DE OBRA'!JR678 -> 0 | BL84: =$D$84*BK84 -> 0 | BM84: =+'CANTIDADES DE OBRA'!KA678 -> 6 | BN84: =$D$84*BM84 -> 194760.22 | BP84: =$D$84*BO84 -> 0 | BR84: =$D$84*BQ84 -> 0 | BT84: =$D$84*BS84 -> 0 | BV84: =$D$84*BU84 -> 0 | BX84: =$D$84*BW84 -> 0 | BZ84: =$D$84*BY84 -> 0 | CB84: =$D$84*CA84 -> 0 | CC84: =+'CANTIDADES DE OBRA'!MU678 -> 6 | CD84: =$D$84*CC84 -> 194760.22 | CE84: =+'CANTIDADES DE OBRA'!ND678 -> 6 | CF84: =$D$84*CE84 -> 194760.22 | CG84: =+'CANTIDADES DE OBRA'!NM678 -> 6 | CH84: =$D$84*CG84 -> 194760.22 | CI84: =+'CANTIDADES DE OBRA'!NV678 -> 6 | CJ84: =$D$84*CI84 -> 194760.22 | CK84: =+'CANTIDADES DE OBRA'!OE678 -> 6 | CL84: =$D$84*CK84 -> 194760.22 | CM84: =+'CANTIDADES DE OBRA'!ON678 -> 6 | CN84: =$D$84*CM84 -> 194760.22 | CP84: =$D$84*CO84 -> 0 | CR84: =$D$84*CQ84 -> 0 | CS84: =E84+G84+I84+K84+M84+O84+Q84+S84+U84+W84+Y84+AA84+AC84+AE84+AG84+AI84+AK84+AM84+AO84+AQ84+AS84+AU84+AW84+AY84+BA84+BC84+BE84+BG84+BI84+BK84+BM84+BO84+BQ84+BS84+BU84+BW84+BY84+CA84+CC84+CE84+CG84+CI84+CK84+CM84+CO84+CQ84 -> 96 | CT84: =CS84*D84 -> 3116163.5
A85: =+APU!A387 -> 11-02-003 | B85: =+APU!B387 -> SALIDA SANITARIA DE 4" INCLUYE MATERIALES, ACCESORIOS Y TODOS LOS ELEMENTOS NECESARIO PARA SU CORRECTA INSTALACION Y FUNCIONAMIENTO. | C85: =+APU!C387 -> U | D85: =+APU!G387 -> 71588.296 | E85: ='CANTIDADES DE OBRA'!Q693 -> 0 | F85: =$D$85*E85 -> 0 | H85: =$D$85*G85 -> 0 | J85: =$D$85*I85 -> 0 | L85: =$D$85*K85 -> 0 | N85: =$D$85*M85 -> 0 | P85: =$D$85*O85 -> 0 | R85: =$D$85*Q85 -> 0 | T85: =$D$85*S85 -> 0 | V85: =$D$85*U85 -> 0 | X85: =$D$85*W85 -> 0 | Z85: =$D$85*Y85 -> 0 | AB85: =$D$85*AA85 -> 0 | AD85: =$D$85*AC85 -> 0 | AF85: =$D$85*AE85 -> 0 | AH85: =$D$85*AG85 -> 0 | AJ85: =$D$85*AI85 -> 0 | AL85: =$D$85*AK85 -> 0 | AN85: =$D$85*AM85 -> 0 | AP85: =$D$85*AO85 -> 0 | AR85: =$D$85*AQ85 -> 0 | AT85: =$D$85*AS85 -> 0 | AV85: =$D$85*AU85 -> 0 | AW85: =+'CANTIDADES DE OBRA'!HG693 -> 1 | AX85: =$D$85*AW85 -> 71588.296 | AY85: =+'CANTIDADES DE OBRA'!HP693 -> 1 | AZ85: =$D$85*AY85 -> 71588.296 | BA85: =+'CANTIDADES DE OBRA'!HY693 -> 1 | BB85: =$D$85*BA85 -> 71588.296 | BC85: =+'CANTIDADES DE OBRA'!IH693 -> 1 | BD85: =$D$85*BC85 -> 71588.296 | BE85: =+'CANTIDADES DE OBRA'!IQ693 -> 0 | BF85: =$D$85*BE85 -> 0 | BG85: =+'CANTIDADES DE OBRA'!IZ693 -> 1 | BH85: =$D$85*BG85 -> 71588.296 | BI85: =+'CANTIDADES DE OBRA'!JI693 -> 1 | BJ85: =$D$85*BI85 -> 71588.296 | BK85: =+'CANTIDADES DE OBRA'!JR693 -> 0 | BL85: =$D$85*BK85 -> 0 | BM85: =+'CANTIDADES DE OBRA'!KA693 -> 1 | BN85: =$D$85*BM85 -> 71588.296 | BP85: =$D$85*BO85 -> 0 | BR85: =$D$85*BQ85 -> 0 | BT85: =$D$85*BS85 -> 0 | BV85: =$D$85*BU85 -> 0 | BX85: =$D$85*BW85 -> 0 | BZ85: =$D$85*BY85 -> 0 | CB85: =$D$85*CA85 -> 0 | CC85: =+'CANTIDADES DE OBRA'!MU693 -> 1 | CD85: =$D$85*CC85 -> 71588.296 | CE85: =+'CANTIDADES DE OBRA'!ND693 -> 1 | CF85: =$D$85*CE85 -> 71588.296 | CG85: =+'CANTIDADES DE OBRA'!NM693 -> 1 | CH85: =$D$85*CG85 -> 71588.296 | CJ85: =$D$85*CI85 -> 0 | CK85: =+'CANTIDADES DE OBRA'!OE693 -> 1 | CL85: =$D$85*CK85 -> 71588.296 | CM85: =+'CANTIDADES DE OBRA'!ON693 -> 1 | CN85: =$D$85*CM85 -> 71588.296 | CP85: =$D$85*CO85 -> 0 | CR85: =$D$85*CQ85 -> 0 | CS85: =E85+G85+I85+K85+M85+O85+Q85+S85+U85+W85+Y85+AA85+AC85+AE85+AG85+AI85+AK85+AM85+AO85+AQ85+AS85+AU85+AW85+AY85+BA85+BC85+BE85+BG85+BI85+BK85+BM85+BO85+BQ85+BS85+BU85+BW85+BY85+CA85+CC85+CE85+CG85+CI85+CK85+CM85+CO85+CQ85 -> 12 | CT85: =CS85*D85 -> 859059.55
A86: =+APU!A397 -> 11-02-004 | B86: =+APU!B397 -> TUBERIA PVC SANITARIA DE 4". | C86: =+APU!C397 -> M | D86: =+APU!G397 -> 48458.614 | E86: ='CANTIDADES DE OBRA'!Q708 -> 0 | F86: =$D$86*E86 -> 0 | H86: =$D$86*G86 -> 0 | J86: =$D$86*I86 -> 0 | L86: =$D$86*K86 -> 0 | N86: =$D$86*M86 -> 0 | P86: =$D$86*O86 -> 0 | R86: =$D$86*Q86 -> 0 | T86: =$D$86*S86 -> 0 | V86: =$D$86*U86 -> 0 | X86: =$D$86*W86 -> 0 | Z86: =$D$86*Y86 -> 0 | AB86: =$D$86*AA86 -> 0 | AD86: =$D$86*AC86 -> 0 | AF86: =$D$86*AE86 -> 0 | AH86: =$D$86*AG86 -> 0 | AJ86: =$D$86*AI86 -> 0 | AL86: =$D$86*AK86 -> 0 | AN86: =$D$86*AM86 -> 0 | AP86: =$D$86*AO86 -> 0 | AR86: =$D$86*AQ86 -> 0 | AT86: =$D$86*AS86 -> 0 | AV86: =$D$86*AU86 -> 0 | AW86: =+'CANTIDADES DE OBRA'!HG708 -> 6 | AX86: =$D$86*AW86 -> 290751.68 | AY86: =+'CANTIDADES DE OBRA'!HP708 -> 6 | AZ86: =$D$86*AY86 -> 290751.68 | BA86: =+'CANTIDADES DE OBRA'!HY708 -> 6 | BB86: =$D$86*BA86 -> 290751.68 | BC86: =+'CANTIDADES DE OBRA'!IH708 -> 6 | BD86: =$D$86*BC86 -> 290751.68 | BE86: =+'CANTIDADES DE OBRA'!IQ708 -> 0 | BF86: =$D$86*BE86 -> 0 | BG86: =+'CANTIDADES DE OBRA'!IZ708 -> 6 | BH86: =$D$86*BG86 -> 290751.68 | BI86: =+'CANTIDADES DE OBRA'!JI708 -> 6 | BJ86: =$D$86*BI86 -> 290751.68 | BK86: =+'CANTIDADES DE OBRA'!JR708 -> 0 | BL86: =$D$86*BK86 -> 0 | BM86: =+'CANTIDADES DE OBRA'!KA708 -> 6 | BN86: =$D$86*BM86 -> 290751.68 | BP86: =$D$86*BO86 -> 0 | BR86: =$D$86*BQ86 -> 0 | BT86: =$D$86*BS86 -> 0 | BV86: =$D$86*BU86 -> 0 | BX86: =$D$86*BW86 -> 0 | BZ86: =$D$86*BY86 -> 0 | CB86: =$D$86*CA86 -> 0 | CC86: =+'CANTIDADES DE OBRA'!MU708 -> 6 | CD86: =$D$86*CC86 -> 290751.68 | CE86: =+'CANTIDADES DE OBRA'!ND708 -> 6 | CF86: =$D$86*CE86 -> 290751.68 | CG86: =+'CANTIDADES DE OBRA'!NM708 -> 6 | CH86: =$D$86*CG86 -> 290751.68 | CJ86: =$D$86*CI86 -> 0 | CK86: =+'CANTIDADES DE OBRA'!OE708 -> 6 | CL86: =$D$86*CK86 -> 290751.68 | CM86: =+'CANTIDADES DE OBRA'!ON708 -> 6 | CN86: =$D$86*CM86 -> 290751.68 | CP86: =$D$86*CO86 -> 0 | CR86: =$D$86*CQ86 -> 0 | CS86: =E86+G86+I86+K86+M86+O86+Q86+S86+U86+W86+Y86+AA86+AC86+AE86+AG86+AI86+AK86+AM86+AO86+AQ86+AS86+AU86+AW86+AY86+BA86+BC86+BE86+BG86+BI86+BK86+BM86+BO86+BQ86+BS86+BU86+BW86+BY86+CA86+CC86+CE86+CG86+CI86+CK86+CM86+CO86+CQ86 -> 72 | CT86: =CS86*D86 -> 3489020.2
A87: 11-03. | B87: INSTALACIONES AGUAS SERVIDAS | F87: =SUM(F88:F88) -> 0 | H87: =SUM(H88:H88) -> 0 | J87: =SUM(J88:J88) -> 0 | L87: =SUM(L88:L88) -> 0 | N87: =SUM(N88:N88) -> 0 | P87: =SUM(P88:P88) -> 0 | R87: =SUM(R88:R88) -> 0 | T87: =SUM(T88:T88) -> 0 | V87: =SUM(V88:V88) -> 0 | X87: =SUM(X88:X88) -> 0 | Z87: =SUM(Z88:Z88) -> 0 | AB87: =SUM(AB88:AB88) -> 0 | AD87: =SUM(AD88:AD88) -> 0 | AF87: =SUM(AF88:AF88) -> 0 | AH87: =SUM(AH88:AH88) -> 0 | AJ87: =SUM(AJ88:AJ88) -> 0 | AL87: =SUM(AL88:AL88) -> 0 | AN87: =SUM(AN88:AN88) -> 0 | AP87: =SUM(AP88:AP88) -> 0 | AR87: =SUM(AR88:AR88) -> 0 | AT87: =SUM(AT88:AT88) -> 288817.82 | AV87: =SUM(AV88:AV88) -> 288817.82 | AX87: =SUM(AX88:AX88) -> 0 | AZ87: =SUM(AZ88:AZ88) -> 0 | BB87: =SUM(BB88:BB88) -> 0 | BD87: =SUM(BD88:BD88) -> 0 | BF87: =SUM(BF88:BF88) -> 0 | BH87: =SUM(BH88:BH88) -> 0 | BJ87: =SUM(BJ88:BJ88) -> 0 | BL87: =SUM(BL88:BL88) -> 0 | BN87: =SUM(BN88:BN88) -> 0 | BP87: =SUM(BP88:BP88) -> 0 | BR87: =SUM(BR88:BR88) -> 0 | BT87: =SUM(BT88:BT88) -> 0 | BV87: =SUM(BV88:BV88) -> 0 | BX87: =SUM(BX88:BX88) -> 0 | BZ87: =SUM(BZ88:BZ88) -> 0 | CB87: =SUM(CB88:CB88) -> 0 | CD87: =SUM(CD88:CD88) -> 0 | CF87: =SUM(CF88:CF88) -> 0 | CH87: =SUM(CH88:CH88) -> 0 | CJ87: =SUM(CJ88:CJ88) -> 288817.82 | CL87: =SUM(CL88:CL88) -> 0 | CN87: =SUM(CN88:CN88) -> 0 | CP87: =SUM(CP88:CP88) -> 0 | CR87: =SUM(CR88:CR88) -> 0 | CT87: =SUM(CT88:CT88) -> 866453.47
A88: =+APU!A410 -> 11-03-001 | B88: =+APU!B410 -> SUMINISTRO DE ESTRUCTURA E INSTALACION DE CANOA TIPO RAINGO O EQUIVALENTE; INCLUYE BAJANTE PLASTICO REDONDO, ELEMENTOS DE SOPORTE, CODOS, SELLANTES Y DEMAS ACCESORIOS PARA SU ADECUADO FUNCIONAMIENTO. | C88: =+APU!C410 -> GB | D88: =+APU!G410 -> 288817.82 | E88: =+'CANTIDADES DE OBRA'!Q723 -> 0 | F88: =$D$88*E88 -> 0 | G88: =+'CANTIDADES DE OBRA'!Z723 -> 0 | H88: =$D$88*G88 -> 0 | I88: =+'CANTIDADES DE OBRA'!AI723 -> 0 | J88: =$D$88*I88 -> 0 | K88: =+'CANTIDADES DE OBRA'!AR723 -> 0 | L88: =$D$88*K88 -> 0 | M88: =+'CANTIDADES DE OBRA'!BA723 -> 0 | N88: =$D$88*M88 -> 0 | O88: =+'CANTIDADES DE OBRA'!BJ723 -> 0 | P88: =$D$88*O88 -> 0 | Q88: =+'CANTIDADES DE OBRA'!BS723 -> 0 | R88: =$D$88*Q88 -> 0 | S88: =+'CANTIDADES DE OBRA'!CB723 -> 0 | T88: =$D$88*S88 -> 0 | U88: =+'CANTIDADES DE OBRA'!CK723 -> 0 | V88: =$D$88*U88 -> 0 | W88: =+'CANTIDADES DE OBRA'!CT723 -> 0 | X88: =$D$88*W88 -> 0 | Y88: =+'CANTIDADES DE OBRA'!DC723 -> 0 | Z88: =$D$88*Y88 -> 0 | AA88: =+'CANTIDADES DE OBRA'!DL723 -> 0 | AB88: =$D$88*AA88 -> 0 | AC88: =+'CANTIDADES DE OBRA'!DU723 -> 0 | AD88: =$D$88*AC88 -> 0 | AE88: =+'CANTIDADES DE OBRA'!ED723 -> 0 | AF88: =$D$88*AE88 -> 0 | AG88: =+'CANTIDADES DE OBRA'!EM723 -> 0 | AH88: =$D$88*AG88 -> 0 | AI88: =+'CANTIDADES DE OBRA'!EV723 -> 0 | AJ88: =$D$88*AI88 -> 0 | AK88: =+'CANTIDADES DE OBRA'!FE723 -> 0 | AL88: =$D$88*AK88 -> 0 | AM88: =+'CANTIDADES DE OBRA'!FN723 -> 0 | AN88: =$D$88*AM88 -> 0 | AO88: =+'CANTIDADES DE OBRA'!FW723 -> 0 | AP88: =$D$88*AO88 -> 0 | AQ88: =+'CANTIDADES DE OBRA'!GF723 -> 0 | AR88: =$D$88*AQ88 -> 0 | AS88: =+'CANTIDADES DE OBRA'!GO723 -> 1 | AT88: =$D$88*AS88 -> 288817.82 | AU88: =+'CANTIDADES DE OBRA'!GX723 -> 1 | AV88: =$D$88*AU88 -> 288817.82 | AW88: =+'CANTIDADES DE OBRA'!HG723 -> 0 | AX88: =$D$88*AW88 -> 0 | AY88: =+'CANTIDADES DE OBRA'!HP723 -> 0 | AZ88: =$D$88*AY88 -> 0 | BA88: =+'CANTIDADES DE OBRA'!HY723 -> 0 | BB88: =$D$88*BA88 -> 0 | BC88: =+'CANTIDADES DE OBRA'!IH723 -> 0 | BD88: =$D$88*BC88 -> 0 | BE88: =+'CANTIDADES DE OBRA'!IQ723 -> 0 | BF88: =$D$88*BE88 -> 0 | BG88: =+'CANTIDADES DE OBRA'!IZ723 -> 0 | BH88: =$D$88*BG88 -> 0 | BI88: =+'CANTIDADES DE OBRA'!JI723 -> 0 | BJ88: =$D$88*BI88 -> 0 | BK88: =+'CANTIDADES DE OBRA'!JR723 -> 0 | BL88: =$D$88*BK88 -> 0 | BM88: =+'CANTIDADES DE OBRA'!KA723 -> 0 | BN88: =$D$88*BM88 -> 0 | BO88: =+'CANTIDADES DE OBRA'!KJ723 -> 0 | BP88: =$D$88*BO88 -> 0 | BQ88: =+'CANTIDADES DE OBRA'!KS723 -> 0 | BR88: =$D$88*BQ88 -> 0 | BS88: =+'CANTIDADES DE OBRA'!LB723 -> 0 | BT88: =$D$88*BS88 -> 0 | BU88: =+'CANTIDADES DE OBRA'!LK723 -> 0 | BV88: =$D$88*BU88 -> 0 | BW88: =+'CANTIDADES DE OBRA'!LT723 -> 0 | BX88: =$D$88*BW88 -> 0 | BY88: =+'CANTIDADES DE OBRA'!MC723 -> 0 | BZ88: =$D$88*BY88 -> 0 | CA88: =+'CANTIDADES DE OBRA'!ML723 -> 0 | CB88: =$D$88*CA88 -> 0 | CC88: =+'CANTIDADES DE OBRA'!MU723 -> 0 | CD88: =$D$88*CC88 -> 0 | CE88: =+'CANTIDADES DE OBRA'!ND723 -> 0 | CF88: =$D$88*CE88 -> 0 | CG88: =+'CANTIDADES DE OBRA'!NM723 -> 0 | CH88: =$D$88*CG88 -> 0 | CI88: =+'CANTIDADES DE OBRA'!NV723 -> 1 | CJ88: =$D$88*CI88 -> 288817.82 | CK88: =+'CANTIDADES DE OBRA'!OE723 -> 0 | CL88: =$D$88*CK88 -> 0 | CM88: =+'CANTIDADES DE OBRA'!ON723 -> 0 | CN88: =$D$88*CM88 -> 0 | CO88: =+'CANTIDADES DE OBRA'!OW723 -> 0 | CP88: =$D$88*CO88 -> 0 | CQ88: =+'CANTIDADES DE OBRA'!PF723 -> 0 | CR88: =$D$88*CQ88 -> 0 | CS88: =E88+G88+I88+K88+M88+O88+Q88+S88+U88+W88+Y88+AA88+AC88+AE88+AG88+AI88+AK88+AM88+AO88+AQ88+AS88+AU88+AW88+AY88+BA88+BC88+BE88+BG88+BI88+BK88+BM88+BO88+BQ88+BS88+BU88+BW88+BY88+CA88+CC88+CE88+CG88+CI88+CK88+CM88+CO88+CQ88 -> 3 | CT88: =CS88*D88 -> 866453.47
A89: =+APU!A425 -> 12 | B89: =+APU!B425 -> INSTALACIONES ELECTRICAS | CU89: =CT90 -> 2055778.4 | CV89: =ROUND(CU89,0) -> 2055778
A90: 12-01. | B90: INSTALACIONES ELÉCTRICAS | F90: =SUM(F91:F93) -> 0 | H90: =SUM(H91:H93) -> 0 | J90: =SUM(J91:J93) -> 0 | L90: =SUM(L91:L93) -> 0 | N90: =SUM(N91:N93) -> 0 | P90: =SUM(P91:P93) -> 0 | R90: =SUM(R91:R93) -> 0 | T90: =SUM(T91:T93) -> 0 | V90: =SUM(V91:V93) -> 0 | X90: =SUM(X91:X93) -> 0 | Z90: =SUM(Z91:Z93) -> 0 | AB90: =SUM(AB91:AB93) -> 0 | AD90: =SUM(AD91:AD93) -> 0 | AF90: =SUM(AF91:AF93) -> 0 | AH90: =SUM(AH91:AH93) -> 0 | AJ90: =SUM(AJ91:AJ93) -> 0 | AL90: =SUM(AL91:AL93) -> 0 | AN90: =SUM(AN91:AN93) -> 0 | AP90: =SUM(AP91:AP93) -> 0 | AR90: =SUM(AR91:AR93) -> 125350.64 | AT90: =SUM(AT91:AT93) -> 125350.64 | AV90: =SUM(AV91:AV93) -> 125350.64 | AX90: =SUM(AX91:AX93) -> 129531.32 | AZ90: =SUM(AZ91:AZ93) -> 129531.32 | BB90: =SUM(BB91:BB93) -> 129531.32 | BD90: =SUM(BD91:BD93) -> 129531.32 | BF90: =SUM(BF91:BF93) -> 0 | BH90: =SUM(BH91:BH93) -> 129531.32 | BJ90: =SUM(BJ91:BJ93) -> 129531.32 | BL90: =SUM(BL91:BL93) -> 0 | BN90: =SUM(BN91:BN93) -> 129531.32 | BP90: =SUM(BP91:BP93) -> 0 | BR90: =SUM(BR91:BR93) -> 0 | BT90: =SUM(BT91:BT93) -> 0 | BV90: =SUM(BV91:BV93) -> 0 | BX90: =SUM(BX91:BX93) -> 0 | BZ90: =SUM(BZ91:BZ93) -> 0 | CB90: =SUM(CB91:CB93) -> 0 | CD90: =SUM(CD91:CD93) -> 129531.32 | CF90: =SUM(CF91:CF93) -> 129531.32 | CH90: =SUM(CH91:CH93) -> 129531.32 | CJ90: =SUM(CJ91:CJ93) -> 125350.64 | CL90: =SUM(CL91:CL93) -> 129531.32 | CN90: =SUM(CN91:CN93) -> 129531.32 | CP90: =SUM(CP91:CP93) -> 0 | CR90: =SUM(CR91:CR93) -> 0 | CT90: =SUM(CT91:CT94) -> 2055778.4
A91: =+APU!A426 -> 12-01-001 | B91: =+APU!B426 -> SUMINISTRO Y MONTAJE DE INSTALACION ELECTRICA INTERNA PARA EL BAÑO EN EL PROGRAMA DE MEJORAMIENTO. INCLUYE: SALIDAS DE TOMA CORRIENTE GFCI 125V DOBLE CON POLO A TIERRA, 15A, INTERRUPTOR SENCILLO, INTERRUPTOR DOBLE, PLAFONES, PROTECCION DEL CIRCUITO DE 1X20 A, 8 M DE ENCAUCHETADO DE 3X12 AWG, TUBERIA PVC, ACCESORIOS, FIJACION, CAJAS PVC CON TAPA SUPLEMENTO, CONDUCTORES DE COBRE 12AWG-CU-THHN-THWN 90°C, EMPALME (CONECTORES) Y APARATOS. LOS MATERIALES DEBEN CUMPLIR CON CERTIFICACION RETIE | C91: =+APU!C426 -> U | D91: =+APU!G426 -> 129531.32 | E91: ='CANTIDADES DE OBRA'!Q738 -> 0 | F91: =$D$91*E91 -> 0 | H91: =$D$91*G91 -> 0 | J91: =$D$91*I91 -> 0 | L91: =$D$91*K91 -> 0 | N91: =$D$91*M91 -> 0 | P91: =$D$91*O91 -> 0 | R91: =$D$91*Q91 -> 0 | T91: =$D$91*S91 -> 0 | V91: =$D$91*U91 -> 0 | X91: =$D$91*W91 -> 0 | Z91: =$D$91*Y91 -> 0 | AB91: =$D$91*AA91 -> 0 | AD91: =$D$91*AC91 -> 0 | AF91: =$D$91*AE91 -> 0 | AH91: =$D$91*AG91 -> 0 | AJ91: =$D$91*AI91 -> 0 | AL91: =$D$91*AK91 -> 0 | AN91: =$D$91*AM91 -> 0 | AP91: =$D$91*AO91 -> 0 | AR91: =$D$91*AQ91 -> 0 | AT91: =$D$91*AS91 -> 0 | AV91: =$D$91*AU91 -> 0 | AW91: =+'CANTIDADES DE OBRA'!HG738 -> 1 | AX91: =$D$91*AW91 -> 129531.32 | AY91: =+'CANTIDADES DE OBRA'!HP738 -> 1 | AZ91: =$D$91*AY91 -> 129531.32 | BA91: =+'CANTIDADES DE OBRA'!HY738 -> 1 | BB91: =$D$91*BA91 -> 129531.32 | BC91: =+'CANTIDADES DE OBRA'!IH738 -> 1 | BD91: =$D$91*BC91 -> 129531.32 | BE91: =+'CANTIDADES DE OBRA'!IQ738 -> 0 | BF91: =$D$91*BE91 -> 0 | BG91: =+'CANTIDADES DE OBRA'!IZ738 -> 1 | BH91: =$D$91*BG91 -> 129531.32 | BI91: =+'CANTIDADES DE OBRA'!JI738 -> 1 | BJ91: =$D$91*BI91 -> 129531.32 | BK91: =+'CANTIDADES DE OBRA'!JR738 -> 0 | BL91: =$D$91*BK91 -> 0 | BM91: =+'CANTIDADES DE OBRA'!KA738 -> 1 | BN91: =$D$91*BM91 -> 129531.32 | BP91: =$D$91*BO91 -> 0 | BR91: =$D$91*BQ91 -> 0 | BT91: =$D$91*BS91 -> 0 | BV91: =$D$91*BU91 -> 0 | BX91: =$D$91*BW91 -> 0 | BZ91: =$D$91*BY91 -> 0 | CB91: =$D$91*CA91 -> 0 | CC91: =+'CANTIDADES DE OBRA'!MU738 -> 1 | CD91: =$D$91*CC91 -> 129531.32 | CE91: =+'CANTIDADES DE OBRA'!ND738 -> 1 | CF91: =$D$91*CE91 -> 129531.32 | CG91: =+'CANTIDADES DE OBRA'!NM738 -> 1 | CH91: =$D$91*CG91 -> 129531.32 | CJ91: =$D$91*CI91 -> 0 | CK91: =+'CANTIDADES DE OBRA'!OE738 -> 1 | CL91: =$D$91*CK91 -> 129531.32 | CM91: =+'CANTIDADES DE OBRA'!ON738 -> 1 | CN91: =$D$91*CM91 -> 129531.32 | CP91: =$D$91*CO91 -> 0 | CR91: =$D$91*CQ91 -> 0 | CS91: =E91+G91+I91+K91+M91+O91+Q91+S91+U91+W91+Y91+AA91+AC91+AE91+AG91+AI91+AK91+AM91+AO91+AQ91+AS91+AU91+AW91+AY91+BA91+BC91+BE91+BG91+BI91+BK91+BM91+BO91+BQ91+BS91+BU91+BW91+BY91+CA91+CC91+CE91+CG91+CI91+CK91+CM91+CO91+CQ91 -> 12 | CT91: =CS91*D91 -> 1554375.8
A92: =+APU!A442 -> 12-01-002 | B92: =+APU!B442 -> SUMINISTRO Y MONTAJE DE INSTALACION ELECTRICA INTERNA PARA LA COCINA EN EL PROGRAMA DE MEJORAMIENTO, INCLUYE: SALIDAS DE TOMACORRIENTE GFCI 125V DOBLE CON POLO A TIERRA, 15A, TOMACORRIENTE DOBLE CON POLO A TIERRA 15A, LEV REF 5320 , 125V O SU EQUIVALENTE, INTERRUPTOR SENCILLO, PLAFON, PROTECCION DEL CIRCUITO DE 1X20 A, 8 M DE ENCAUCHETADO DE 3X12 AWG, TUBERIA PVC, ACCESORIOS, FIJACION, CAJAS PVC CON TAPA SUPLEMENTO, CONDUCTORES DE COBRE 12AWG-CU-THHN-THWN 90°C, EMPALME (CONECTORES) Y APARATOS. LOS MATERIALES DEBEN CUMPLIR CON CERTIFICACION RETIE | C92: =+APU!C442 -> U | D92: =+APU!G442 -> 125350.64 | E92: ='CANTIDADES DE OBRA'!Q753 -> 0 | F92: =$D$92*E92 -> 0 | H92: =$D$92*G92 -> 0 | J92: =$D$92*I92 -> 0 | L92: =$D$92*K92 -> 0 | N92: =$D$92*M92 -> 0 | P92: =$D$92*O92 -> 0 | R92: =$D$92*Q92 -> 0 | T92: =$D$92*S92 -> 0 | V92: =$D$92*U92 -> 0 | X92: =$D$92*W92 -> 0 | Z92: =$D$92*Y92 -> 0 | AB92: =$D$92*AA92 -> 0 | AD92: =$D$92*AC92 -> 0 | AF92: =$D$92*AE92 -> 0 | AH92: =$D$92*AG92 -> 0 | AJ92: =$D$92*AI92 -> 0 | AL92: =$D$92*AK92 -> 0 | AN92: =$D$92*AM92 -> 0 | AP92: =$D$92*AO92 -> 0 | AQ92: ='CANTIDADES DE OBRA'!GF753 -> 1 | AR92: =$D$92*AQ92 -> 125350.64 | AS92: ='CANTIDADES DE OBRA'!GO753 -> 1 | AT92: =$D$92*AS92 -> 125350.64 | AU92: ='CANTIDADES DE OBRA'!GX753 -> 1 | AV92: =$D$92*AU92 -> 125350.64 | AX92: =$D$92*AW92 -> 0 | AZ92: =$D$92*AY92 -> 0 | BB92: =$D$92*BA92 -> 0 | BD92: =$D$92*BC92 -> 0 | BF92: =$D$92*BE92 -> 0 | BH92: =$D$92*BG92 -> 0 | BJ92: =$D$92*BI92 -> 0 | BL92: =$D$92*BK92 -> 0 | BN92: =$D$92*BM92 -> 0 | BP92: =$D$92*BO92 -> 0 | BR92: =$D$92*BQ92 -> 0 | BT92: =$D$92*BS92 -> 0 | BV92: =$D$92*BU92 -> 0 | BX92: =$D$92*BW92 -> 0 | BZ92: =$D$92*BY92 -> 0 | CB92: =$D$92*CA92 -> 0 | CD92: =$D$92*CC92 -> 0 | CF92: =$D$92*CE92 -> 0 | CH92: =$D$92*CG92 -> 0 | CI92: =+'CANTIDADES DE OBRA'!NV753 -> 1 | CJ92: =$D$92*CI92 -> 125350.64 | CL92: =$D$92*CK92 -> 0 | CN92: =$D$92*CM92 -> 0 | CP92: =$D$92*CO92 -> 0 | CR92: =$D$92*CQ92 -> 0 | CS92: =E92+G92+I92+K92+M92+O92+Q92+S92+U92+W92+Y92+AA92+AC92+AE92+AG92+AI92+AK92+AM92+AO92+AQ92+AS92+AU92+AW92+AY92+BA92+BC92+BE92+BG92+BI92+BK92+BM92+BO92+BQ92+BS92+BU92+BW92+BY92+CA92+CC92+CE92+CG92+CI92+CK92+CM92+CO92+CQ92 -> 4 | CT92: =CS92*D92 -> 501402.58
A93: =+APU!A459 -> 12-01-003 | B93: =+APU!B459 -> SUMINISTRO Y MONTAJE DE INSTALACION ELECTRICA INTERNA PARA LA HABITACION EN EL PROGRAMA DE MEJORAMIENTO, INCLUYE: SALIDAS DE TOMACORRIENTE DOBLE CON POLO A TIERRA 15A, LEV REF 5320 , 125V O SU EQUIVALENTE, INTERRUPTOR SENCILLO, PLAFON, PROTECCION DEL CIRCUITO DE 1X20 A, 8 M DE ENCAUCHETADO DE 3X12 AWG, TUBERIA PVC, ACCESORIOS, FIJACION, CAJAS PVC CON TAPA SUPLEMENTO, CONDUCTORES DE COBRE 12AWG-CU-THHN-THWN 90°C, EMPALME (CONECTORES) Y APARATOS. LOS MATERIALES DEBEN CUMPLIR CON CERTIFICACION RETIE | C93: =+APU!C459 -> U | D93: =+APU!G459 -> 96095.545 | E93: =+'CANTIDADES DE OBRA'!Q768 -> 0 | F93: =$D$93*E93 -> 0 | G93: =+'CANTIDADES DE OBRA'!Z768 -> 0 | H93: =$D$93*G93 -> 0 | I93: =+'CANTIDADES DE OBRA'!AI768 -> 0 | J93: =$D$93*I93 -> 0 | K93: =+'CANTIDADES DE OBRA'!AR768 -> 0 | L93: =$D$93*K93 -> 0 | M93: =+'CANTIDADES DE OBRA'!BA768 -> 0 | N93: =$D$93*M93 -> 0 | O93: =+'CANTIDADES DE OBRA'!BJ768 -> 0 | P93: =$D$93*O93 -> 0 | Q93: =+'CANTIDADES DE OBRA'!BS768 -> 0 | R93: =$D$93*Q93 -> 0 | S93: =+'CANTIDADES DE OBRA'!CB768 -> 0 | T93: =$D$93*S93 -> 0 | U93: =+'CANTIDADES DE OBRA'!CK768 -> 0 | V93: =$D$93*U93 -> 0 | W93: =+'CANTIDADES DE OBRA'!CT768 -> 0 | X93: =$D$93*W93 -> 0 | Y93: =+'CANTIDADES DE OBRA'!DC768 -> 0 | Z93: =$D$93*Y93 -> 0 | AA93: =+'CANTIDADES DE OBRA'!DL768 -> 0 | AB93: =$D$93*AA93 -> 0 | AC93: =+'CANTIDADES DE OBRA'!DU768 -> 0 | AD93: =$D$93*AC93 -> 0 | AE93: =+'CANTIDADES DE OBRA'!ED768 -> 0 | AF93: =$D$93*AE93 -> 0 | AG93: =+'CANTIDADES DE OBRA'!EM768 -> 0 | AH93: =$D$93*AG93 -> 0 | AI93: =+'CANTIDADES DE OBRA'!EV768 -> 0 | AJ93: =$D$93*AI93 -> 0 | AK93: =+'CANTIDADES DE OBRA'!FE768 -> 0 | AL93: =$D$93*AK93 -> 0 | AM93: =+'CANTIDADES DE OBRA'!FN768 -> 0 | AN93: =$D$93*AM93 -> 0 | AO93: =+'CANTIDADES DE OBRA'!FW768 -> 0 | AP93: =$D$93*AO93 -> 0 | AQ93: =+'CANTIDADES DE OBRA'!GF768 -> 0 | AR93: =$D$93*AQ93 -> 0 | AS93: =+'CANTIDADES DE OBRA'!GO768 -> 0 | AT93: =$D$93*AS93 -> 0 | AU93: =+'CANTIDADES DE OBRA'!GX768 -> 0 | AV93: =$D$93*AU93 -> 0 | AW93: =+'CANTIDADES DE OBRA'!HG768 -> 0 | AX93: =$D$93*AW93 -> 0 | AY93: =+'CANTIDADES DE OBRA'!HP768 -> 0 | AZ93: =$D$93*AY93 -> 0 | BA93: =+'CANTIDADES DE OBRA'!HY768 -> 0 | BB93: =$D$93*BA93 -> 0 | BC93: =+'CANTIDADES DE OBRA'!IH768 -> 0 | BD93: =$D$93*BC93 -> 0 | BE93: =+'CANTIDADES DE OBRA'!IQ768 -> 0 | BF93: =$D$93*BE93 -> 0 | BG93: =+'CANTIDADES DE OBRA'!IZ768 -> 0 | BH93: =$D$93*BG93 -> 0 | BI93: =+'CANTIDADES DE OBRA'!JI768 -> 0 | BJ93: =$D$93*BI93 -> 0 | BK93: =+'CANTIDADES DE OBRA'!JR768 -> 0 | BL93: =$D$93*BK93 -> 0 | BM93: =+'CANTIDADES DE OBRA'!KA768 -> 0 | BN93: =$D$93*BM93 -> 0 | BO93: =+'CANTIDADES DE OBRA'!KJ768 -> 0 | BP93: =$D$93*BO93 -> 0 | BQ93: =+'CANTIDADES DE OBRA'!KS768 -> 0 | BR93: =$D$93*BQ93 -> 0 | BS93: =+'CANTIDADES DE OBRA'!LB768 -> 0 | BT93: =$D$93*BS93 -> 0 | BU93: =+'CANTIDADES DE OBRA'!LK768 -> 0 | BV93: =$D$93*BU93 -> 0 | BW93: =+'CANTIDADES DE OBRA'!LT768 -> 0 | BX93: =$D$93*BW93 -> 0 | BY93: =+'CANTIDADES DE OBRA'!MC768 -> 0 | BZ93: =$D$93*BY93 -> 0 | CA93: =+'CANTIDADES DE OBRA'!ML768 -> 0 | CB93: =$D$93*CA93 -> 0 | CC93: =+'CANTIDADES DE OBRA'!MU768 -> 0 | CD93: =$D$93*CC93 -> 0 | CE93: =+'CANTIDADES DE OBRA'!ND768 -> 0 | CF93: =$D$93*CE93 -> 0 | CG93: =+'CANTIDADES DE OBRA'!NM768 -> 0 | CH93: =$D$93*CG93 -> 0 | CI93: =+'CANTIDADES DE OBRA'!NV768 -> 0 | CJ93: =$D$93*CI93 -> 0 | CL93: =$D$93*CK93 -> 0 | CM93: =+'CANTIDADES DE OBRA'!ON768 -> 0 | CN93: =$D$93*CM93 -> 0 | CO93: =+'CANTIDADES DE OBRA'!OW768 -> 0 | CP93: =$D$93*CO93 -> 0 | CQ93: =+'CANTIDADES DE OBRA'!PF768 -> 0 | CR93: =$D$93*CQ93 -> 0 | CS93: =E93+G93+I93+K93+M93+O93+Q93+S93+U93+W93+Y93+AA93+AC93+AE93+AG93+AI93+AK93+AM93+AO93+AQ93+AS93+AU93+AW93+AY93+BA93+BC93+BE93+BG93+BI93+BK93+BM93+BO93+BQ93+BS93+BU93+BW93+BY93+CA93+CC93+CE93+CG93+CI93+CK93+CM93+CO93+CQ93 -> 0 | CT93: =CS93*D93 -> 0
